Workbook

Sheet CoverSheet
A1: 2020 Journal of Industrial Ecology – www.wileyonlinelibrary.com/journal/jie
A3: SUPPORTING INFORMATION FOR:
A5: Wietschel, L., L. Messmann, A. Thorenz, and A. Tuma (2020). Environmental benefits of large-scale second-generation bioethanol production in the EU: An integrated supply chain network optimization and Life Cycle Assessment approache. Journal of Industrial Ecology.
A8: This Supporting Information S2 provides all input data of the model, the assumptions made and the literature and database references. The environmental data is based on life cycle assessments, with full information on the life cycle inventory and the results of the life cycle impact assessment based on the ReCiPe method. It also includes detailed results for all objective functions in all scenarios (optimization of 18 midpoints, 3 endpoints, and economic optimization in 5 tax scenarios and 2 feedstock scenarios), and detailed results of the sensitivity analysis and Pareto optimization. Furthermore, the underlying data for all figures of the manuscript and Supporting Information S1 is provided.
B11: Data 1 | D11: General data and parameters
B12: Data 2 | D12: Environmental data and parameters - Life Cycle Inventory (LCI) modeling
B13: Data 3 | D13: Environmental data and parameters - Values
B14: Data 4 | D14: Economic data and parameters
B15: Results 1 | D15: Results - Objective values and optimal decisions - for all objective functions and scenarios
B16: Results 2 | D16: Results - Locations and capacities of BRs - for all objective functions and scenarios
B17: Results 3 | D17: Results - Values of constituting terms, i.e. revenue/benefit and cost/impact elements, of objective functions - for all objective functions and scenarios
B18: Results 4 | D18: Results - ε-constraint Pareto curves (used in Figure 7)
B19: Results 5 | D19: Sensitivity analysis
B20: Figure data | D20: Data plotted and/or used in the figures of the manuscript and Supporting Information S1

Sheet Data 1
B1: General data and parameters
B2: Parameter | C2: Dimension | D2: Index | E2: Unit | F2: Values
F4: 0.8
F6: c = 1 | G6: c = 2 | H6: c = 3 | I6: c = 4 | J6: c = 5 | K6: c = 6 | L6: c = 7 | M6: c = 8 | N6: c = 9 | O6: c = 10 | P6: c = 11 | Q6: c = 12 | R6: c = 13 | S6: c = 14 | T6: c = 15 | U6: c = 16 | V6: c = 17 | W6: c = 18 | X6: c = 19 | Y6: c = 20 | Z6: c = 21 | AA6: c = 22 | AB6: c = 23 | AC6: c = 24 | AD6: c = 25 | AE6: c = 26 | AF6: c = 27 | AG6: c = 28 | AH6: c = 29 | AI6: c = 30 | AJ6: c = 31 | AK6: c = 32 | AL6: c = 33 | AM6: c = 34 | AN6: c = 35 | AO6: c = 36 | AP6: c = 37
E7: metric tons EtOH | F7: 25000 | G7: 50000 | H7: 75000 | I7: 100000 | J7: 125000 | K7: 150000 | L7: 175000 | M7: 200000 | N7: 225000 | O7: 250000 | P7: 275000 | Q7: 300000 | R7: 350000 | S7: 400000 | T7: 450000 | U7: 500000 | V7: 550000 | W7: 600000 | X7: 650000 | Y7: 700000 | Z7: 750000 | AA7: 800000 | AB7: 850000 | AC7: 900000 | AD7: 950000 | AE7: 1000000 | AF7: 1100000 | AG7: 1200000 | AH7: 1300000 | AI7: 1400000 | AJ7: 1500000 | AK7: 1750000 | AL7: 2000000 | AM7: 2250000 | AN7: 2500000 | AO7: 2750000 | AP7: 3000000
D9: wheat straw | E9: kgEtOH /kg feedstock | F9: 0.221085
D10: maize stover | E10: kgEtOH /kg feedstock | F10: 0.221085
D11: barley straw | E11: kgEtOH /kg feedstock | F11: 0.221085
D12: rapeseed straw | E12: kgEtOH /kg feedstock | F12: 0.221085
D14: surplus electricity | E14: MJ/kg EtOH | F14: 3.65
D15: biomethane | E15: m^3/kg EtOH | F15: 0.14947
F17: AT1 | G17: AT2 | H17: AT3 | I17: BE1 | J17: BE2 | K17: BE3 | L17: BG3 | M17: BG4 | N17: CY0 | O17: CZ0 | P17: DE1 | Q17: DE2 | R17: DE3 | S17: DE4 | T17: DE5 | U17: DE6 | V17: DE7 | W17: DE8 | X17: DE9 | Y17: DEA | Z17: DEB | AA17: DEC | AB17: DED | AC17: DEE | AD17: DEF | AE17: DEG | AF17: DK0 | AG17: EE0 | AH17: EL5 | AI17: EL6 | AJ17: EL3 | AK17: EL4 | AL17: ES1 | AM17: ES2 | AN17: ES3 | AO17: ES4 | AP17: ES5 | AQ17: ES6 | AR17: ES7 | AS17: FI1 | AT17: FI2 | AU17: FR1 | AV17: FR2 | AW17: FR3 | AX17: FR4 | AY17: FR5 | AZ17: FR6 | BA17: FR7 | BB17: FR8 | BC17: FR9 | BD17: HR0 | BE17: HU1 | BF17: HU2 | BG17: HU3 | BH17: IE0 | BI17: ITC | BJ17: ITF | BK17: ITG | BL17: ITH | BM17: ITI | BN17: LT0 | BO17: LU0 | BP17: LV0 | BQ17: MT0 | BR17: NL1 | BS17: NL2 | BT17: NL3 | BU17: NL4 | BV17: PL1 | BW17: PL2 | BX17: PL3 | BY17: PL4 | BZ17: PL5 | CA17: PL6 | CB17: PT1 | CC17: PT2 | CD17: PT3 | CE17: RO1 | CF17: RO2 | CG17: RO3 | CH17: RO4 | CI17: SE1 | CJ17: SE2 | CK17: SE3 | CL17: SI0 | CM17: SK0 | CN17: UKC | CO17: UKD | CP17: UKE | CQ17: UKF | CR17: UKG | CS17: UKH | CT17: UKI | CU17: UKJ | CV17: UKK | CW17: UKL | CX17: UKM | CY17: UKN
C18: year: 2018 | D18: wheat straw | E18: metric tons | F18: 468560 | G18: 37756 | H18: 108209 | I18: 2062 | J18: 121620 | K18: 371094 | L18: 1772436 | M18: 194180 | N18: 0 | O18: 1987026 | P18: 630221 | Q18: 1419220 | R18: 0 | S18: 442456 | T18: 0 | U18: 0 | V18: 474060 | W18: 1127226 | X18: 1000506 | Y18: 778565 | Z18: 316237 | AA18: 19224 | AB18: 595771 | AC18: 1098662 | AD18: 0 | AE18: 655198 | AF18: 1111891 | AG18: 390343 | AH18: 361266 | AI18: 111102 | AJ18: 0 | AK18: 0 | AL18: 0 | AM18: 424870 | AN18: 28348 | AO18: 1308832 | AP18: 77012 | AQ18: 211736 | AR18: 0 | AS18: 288268 | AT18: 1513 | AU18: 814523 | AV18: 7639180 | AW18: 1035738 | AX18: 982991 | AY18: 2599635 | AZ18: 872672 | BA18: 428770 | BB18: 110664 | BC18: 0 | BD18: 294590 | BE18: 112968 | BF18: 797727 | BG18: 952949 | BH18: 0 | BI18: 239458 | BJ18: 635880 | BK18: 35680 | BL18: 556004 | BM18: 371852 | BN18: 2072732 | BO18: 17001 | BP18: 1078633 | BQ18: 0 | BR18: 0 | BS18: 0 | BT18: 0 | BU18: 0 | BV18: 243557 | BW18: 204979 | BX18: 630577 | BY18: 776830 | BZ18: 945730 | CA18: 924338 | CB18: 9648 | CC18: 0 | CD18: 0 | CE18: 264158 | CF18: 847496 | CG18: 936256 | CH18: 855320 | CI18: 344098 | CJ18: 526594 | CK18: 0 | CL18: 31512 | CM18: 756070 | CN18: 136478 | CO18: 0 | CP18: 691952 | CQ18: 1095807 | CR18: 356692 | CS18: 1384187 | CT18: 1901 | CU18: 698161 | CV18: 344987 | CW18: 0 | CX18: 203441 | CY18: 0
D19: maize stover | E19: metric tons | F19: 414998 | G19: 314692 | H19: 206308 | I19: 384 | J19: 155568 | K19: 29858 | L19: 1661742 | M19: 46170 | N19: 0 | O19: 340281 | P19: 354640 | Q19: 673307 | R19: 0 | S19: 83669 | T19: 0 | U19: 0 | V19: 31166 | W19: 16749 | X19: 291019 | Y19: 493933 | Z19: 53346 | AA19: 1772 | AB19: 96454 | AC19: 88457 | AD19: 0 | AE19: 21720 | AF19: 22678 | AG19: 0 | AH19: 565735 | AI19: 207184 | AJ19: 0 | AK19: 0 | AL19: 0 | AM19: 525767 | AN19: 34338 | AO19: 1129316 | AP19: 116090 | AQ19: 107257 | AR19: 0 | AS19: 0 | AT19: 0 | AU19: 248411 | AV19: 1628655 | AW19: 99003 | AX19: 1055616 | AY19: 2053284 | AZ19: 2346746 | BA19: 708624 | BB19: 24221 | BC19: 0 | BD19: 994278 | BE19: 205372 | BF19: 1787610 | BG19: 1923586 | BH19: 0 | BI19: 1387431 | BJ19: 66898 | BK19: 391 | BL19: 1445552 | BM19: 116039 | BN19: 50990 | BO19: 337 | BP19: 0 | BQ19: 0 | BR19: 0 | BS19: 0 | BT19: 0 | BU19: 0 | BV19: 169596 | BW19: 140010 | BX19: 239391 | BY19: 627727 | BZ19: 563207 | CA19: 314934 | CB19: 135429 | CC19: 0 | CD19: 0 | CE19: 819608 | CF19: 2109775 | CG19: 1456703 | CH19: 1606153 | CI19: 0 | CJ19: 3514 | CK19: 0 | CL19: 134644 | CM19: 783878 | CN19: 0 | CO19: 0 | CP19: 0 | CQ19: 0 | CR19: 0 | CS19: 0 | CT19: 0 | CU19: 0 | CV19: 0 | CW19: 0 | CX19: 0 | CY19: 0
D20: barley straw | E20: metric tons | F20: 148452 | G20: 24853 | H20: 69582 | I20: 574 | J20: 21636 | K20: 84936 | L20: 229759 | M20: 28289 | N20: 0 | O20: 645653 | P20: 318514 | Q20: 702409 | R20: 0 | S20: 183471 | T20: 0 | U20: 0 | V20: 182701 | W20: 357951 | X20: 343383 | Y20: 339530 | Z20: 151643 | AA20: 6745 | AB20: 293133 | AC20: 270947 | AD20: 118203 | AE20: 233835 | AF20: 826470 | AG20: 173393 | AH20: 75283 | AI20: 30676 | AJ20: 0 | AK20: 0 | AL20: 0 | AM20: 490404 | AN20: 30980 | AO20: 1221962 | AP20: 123149 | AQ20: 48258 | AR20: 0 | AS20: 466954 | AT20: 976 | AU20: 232301 | AV20: 2395962 | AW20: 158450 | AX20: 380423 | AY20: 584366 | AZ20: 198576 | BA20: 102777 | BB20: 23938 | BC20: 0 | BD20: 65858 | BE20: 24956 | BF20: 208906 | BG20: 229510 | BH20: 0 | BI20: 51277 | BJ20: 54319 | BK20: 2166 | BL20: 60269 | BM20: 41070 | BN20: 330077 | BO20: 7635 | BP20: 117838 | BQ20: 0 | BR20: 0 | BS20: 0 | BT20: 0 | BU20: 0 | BV20: 88667 | BW20: 68677 | BX20: 199993 | BY20: 344651 | BZ20: 218624 | CA20: 204948 | CB20: 4858 | CC20: 0 | CD20: 0 | CE20: 56525 | CF20: 195954 | CG20: 177340 | CH20: 90707 | CI20: 152682 | CJ20: 331906 | CK20: 0 | CL20: 25181 | CM20: 221369 | CN20: 68720 | CO20: 0 | CP20: 266905 | CQ20: 201460 | CR20: 102335 | CS20: 344438 | CT20: 107 | CU20: 181911 | CV20: 198489 | CW20: 0 | CX20: 464037 | CY20: 0
D21: rapeseed straw | E21: metric tons | F21: 78544 | G21: 935 | H21: 16823 | I21: 164 | J21: 805 | K21: 28391 | L21: 362232 | M21: 31425 | N21: 0 | O21: 1094444 | P21: 146160 | Q21: 310239 | R21: 0 | S21: 387934 | T21: 0 | U21: 0 | V21: 166616 | W21: 679379 | X21: 304980 | Y21: 161980 | Z21: 135558 | AA21: 7461 | AB21: 413105 | AC21: 585112 | AD21: 130788 | AE21: 368151 | AF21: 339979 | AG21: 116060 | AH21: 5876 | AI21: 0 | AJ21: 0 | AK21: 0 | AL21: 0 | AM21: 21022 | AN21: 1113 | AO21: 80831 | AP21: 13651 | AQ21: 8262 | AR21: 0 | AS21: 51157 | AT21: 161 | AU21: 241414 | AV21: 2151492 | AW21: 79785 | AX21: 352634 | AY21: 494944 | AZ21: 109612 | BA21: 61358 | BB21: 6626 | BC21: 0 | BD21: 46894 | BE21: 26739 | BF21: 256356 | BG21: 238596 | BH21: 0 | BI21: 5304 | BJ21: 2204 | BK21: 17 | BL21: 10194 | BM21: 2868 | BN21: 310943 | BO21: 4948 | BP21: 218358 | BQ21: 0 | BR21: 0 | BS21: 0 | BT21: 0 | BU21: 0 | BV21: 79734 | BW21: 51010 | BX21: 175967 | BY21: 514072 | BZ21: 446033 | CA21: 541295 | CB21: 0 | CC21: 0 | CD21: 0 | CE21: 31518 | CF21: 299364 | CG21: 407224 | CH21: 161620 | CI21: 48399 | CJ21: 199676 | CK21: 0 | CL21: 2862 | CM21: 288801 | CN21: 53278 | CO21: 0 | CP21: 217900 | CQ21: 406764 | CR21: 102654 | CS21: 368672 | CT21: 61 | CU21: 240211 | CV21: 114150 | CW21: 0 | CX21: 51165 | CY21: 0
C22: year: 2030 | D22: wheat straw | E22: metric tons | F22: 524600.06 | G22: 39650.881 | H22: 120870.28 | I22: 2046.537 | J22: 154539.1 | K22: 419041.22 | L22: 2253127 | M22: 275056.71 | N22: 0 | O22: 2232913 | P22: 679507.15 | Q22: 1570220.7 | R22: 0 | S22: 476765.99 | T22: 0 | U22: 0 | V22: 503967.23 | W22: 1208137.2 | X22: 1035528.9 | Y22: 825354.19 | Z22: 344641.75 | AA22: 19712.923 | AB22: 652707.41 | AC22: 1181576.4 | AD22: 0 | AE22: 706314.24 | AF22: 1216572.9 | AG22: 544970.4 | AH22: 453089.88 | AI22: 114903.85 | AJ22: 0 | AK22: 0 | AL22: 0 | AM22: 567683.22 | AN22: 35871.482 | AO22: 1555717.2 | AP22: 99079.324 | AQ22: 227449.7 | AR22: 0 | AS22: 345903.1 | AT22: 1356.0625 | AU22: 861195.42 | AV22: 8147491.2 | AW22: 1105941.1 | AX22: 1052133.9 | AY22: 2722792.4 | AZ22: 921179.87 | BA22: 457254.42 | BB22: 139358.99 | BC22: 0 | BD22: 336526.45 | BE22: 139722.78 | BF22: 931413.68 | BG22: 1112341.1 | BH22: 0 | BI22: 250095.2 | BJ22: 933710.03 | BK22: 212284.55 | BL22: 574989.91 | BM22: 520234.59 | BN22: 2583434 | BO22: 18377.526 | BP22: 1401996.3 | BQ22: 0 | BR22: 0 | BS22: 0 | BT22: 0 | BU22: 0 | BV22: 271665.32 | BW22: 238724.68 | BX22: 765276.7 | BY22: 915515.73 | BZ22: 1072586.1 | CA22: 1076617.9 | CB22: 15216.801 | CC22: 0 | CD22: 0 | CE22: 338871.6 | CF22: 1255544 | CG22: 1342785 | CH22: 1166532.9 | CI22: 353955.84 | CJ22: 540124.33 | CK22: 0 | CL22: 38927.829 | CM22: 919469.84 | CN22: 137279.88 | CO22: 0 | CP22: 735023.4 | CQ22: 1169423.4 | CR22: 360488.45 | CS22: 1414414.7 | CT22: 836.30836 | CU22: 742329.54 | CV22: 372093.12 | CW22: 0 | CX22: 213811.76 | CY22: 0
D23: maize stover | E23: metric tons | F23: 438566.53 | G23: 346425.09 | H23: 221595.91 | I23: 387.69831 | J23: 199950.4 | K23: 34596.727 | L23: 2334411.3 | M23: 77239.398 | N23: 0 | O23: 382184.32 | P23: 391011.52 | Q23: 754992.68 | R23: 0 | S23: 95012.171 | T23: 0 | U23: 0 | V23: 34253.502 | W23: 18898.402 | X23: 313248.26 | Y23: 537297.35 | Z23: 59460.95 | AA23: 2005.4006 | AB23: 106542.03 | AC23: 98727.969 | AD23: 0 | AE23: 23610.461 | AF23: 24579.39 | AG23: 0 | AH23: 619621.37 | AI23: 217971.98 | AJ23: 0 | AK23: 0 | AL23: 0 | AM23: 566971.47 | AN23: 36763.423 | AO23: 1285922.2 | AP23: 135705.09 | AQ23: 120060.78 | AR23: 0 | AS23: 0 | AT23: 0 | AU23: 267921.9 | AV23: 1775980.1 | AW23: 107854.85 | AX23: 1153278.8 | AY23: 2304320.2 | AZ23: 2634428.1 | BA23: 791106.41 | BB23: 31139.987 | BC23: 0 | BD23: 1215426.3 | BE23: 242205.99 | BF23: 2101978.3 | BG23: 2250576.3 | BH23: 0 | BI23: 1498935.7 | BJ23: 75189.239 | BK23: 1938.9803 | BL23: 1520714.8 | BM23: 136359.18 | BN23: 69808.713 | BO23: 334.12702 | BP23: 0 | BQ23: 0 | BR23: 0 | BS23: 0 | BT23: 0 | BU23: 0 | BV23: 177677.09 | BW23: 153152.68 | BX23: 265466.53 | BY23: 697751.49 | BZ23: 618098.38 | CA23: 347513.95 | CB23: 161155.38 | CC23: 0 | CD23: 0 | CE23: 1005590 | CF23: 3106790.7 | CG23: 2283807.2 | CH23: 2266926.4 | CI23: 0 | CJ23: 3666.497 | CK23: 0 | CL23: 168630.62 | CM23: 1002311.1 | CN23: 0 | CO23: 0 | CP23: 0 | CQ23: 0 | CR23: 0 | CS23: 0 | CT23: 0 | CU23: 0 | CV23: 0 | CW23: 0 | CX23: 0 | CY23: 0
D24: barley straw | E24: metric tons | F24: 152774.09 | G24: 25687.662 | H24: 75103.361 | I24: 853.85229 | J24: 27204.908 | K24: 94841.962 | L24: 271450.28 | M24: 37666.13 | N24: 0 | O24: 686157.66 | P24: 338853.03 | Q24: 778779.98 | R24: 0 | S24: 197938.28 | T24: 0 | U24: 0 | V24: 190962.26 | W24: 381145.36 | X24: 363061.98 | Y24: 362996.87 | Z24: 161168.54 | AA24: 6939.3721 | AB24: 315405.99 | AC24: 286696.31 | AD24: 134970.74 | AE24: 251655.3 | AF24: 866643.71 | AG24: 224779.34 | AH24: 87430.973 | AI24: 31224.129 | AJ24: 0 | AK24: 0 | AL24: 0 | AM24: 537970.13 | AN24: 31823.039 | AO24: 1291982 | AP24: 151121.6 | AQ24: 52468.998 | AR24: 0 | AS24: 499327.29 | AT24: 874.68106 | AU24: 242594.78 | AV24: 2437509 | AW24: 170324.25 | AX24: 381834.15 | AY24: 620832.9 | AZ24: 205391.37 | BA24: 104170.72 | BB24: 30596.068 | BC24: 0 | BD24: 75793.959 | BE24: 29194.812 | BF24: 232263.66 | BG24: 265574.39 | BH24: 0 | BI24: 47430.545 | BJ24: 65436.23 | BK24: 13776.041 | BL24: 63039.745 | BM24: 40973.787 | BN24: 410587.26 | BO24: 8145.9368 | BP24: 156357.27 | BQ24: 0 | BR24: 0 | BS24: 0 | BT24: 0 | BU24: 0 | BV24: 98174.266 | BW24: 75848.944 | BX24: 230530.69 | BY24: 402148.98 | BZ24: 237572.82 | CA24: 234970.18 | CB24: 6971.7513 | CC24: 0 | CD24: 0 | CE24: 71240.896 | CF24: 268158.56 | CG24: 225094.75 | CH24: 112861.6 | CI24: 164141.78 | CJ24: 335051.7 | CK24: 0 | CL24: 29846.045 | CM24: 253928.95 | CN24: 68030.911 | CO24: 0 | CP24: 269700.83 | CQ24: 208340.68 | CR24: 105125.42 | CS24: 358816.25 | CT24: 46.328366 | CU24: 188868.28 | CV24: 216433.65 | CW24: 0 | CX24: 464394.28 | CY24: 0
D25: rapeseed straw | E25: metric tons | F25: 77331.673 | G25: 926.03762 | H25: 16049.021 | I25: 140.10457 | J25: 899.62162 | K25: 28003.557 | L25: 399905.92 | M25: 40265.029 | N25: 0 | O25: 1036837.9 | P25: 138788.37 | Q25: 303427.35 | R25: 0 | S25: 361520.67 | T25: 0 | U25: 0 | V25: 155484.9 | W25: 601707.42 | X25: 283962.73 | Y25: 148595.99 | Z25: 127512.25 | AA25: 6585.3952 | AB25: 390479.79 | AC25: 551512.46 | AD25: 123826.62 | AE25: 345773.77 | AF25: 319288.16 | AG25: 133381.93 | AH25: 5118.8099 | AI25: 0 | AJ25: 0 | AK25: 0 | AL25: 0 | AM25: 23868.218 | AN25: 1008.2817 | AO25: 95767.406 | AP25: 17021.314 | AQ25: 9515.2433 | AR25: 0 | AS25: 48194.045 | AT25: 115.91625 | AU25: 224200.34 | AV25: 1914276.5 | AW25: 71072.866 | AX25: 314914.57 | AY25: 448468.97 | AZ25: 83998.184 | BA25: 55076.678 | BB25: 6741.937 | BC25: 0 | BD25: 48400.525 | BE25: 29584.688 | BF25: 262777.48 | BG25: 258661.53 | BH25: 0 | BI25: 5507.906 | BJ25: 3083.8719 | BK25: 9.9057144 | BL25: 9074.1188 | BM25: 2804.0381 | BN25: 347663.36 | BO25: 4653.4753 | BP25: 241608.86 | BQ25: 0 | BR25: 0 | BS25: 0 | BT25: 0 | BU25: 0 | BV25: 65030.485 | BW25: 46907.042 | BX25: 163207.67 | BY25: 500341.32 | BZ25: 420588.21 | CA25: 529815.89 | CB25: 0 | CC25: 0 | CD25: 0 | CE25: 38743.622 | CF25: 374759.45 | CG25: 493233.79 | CH25: 202335.27 | CI25: 42852.962 | CJ25: 176287.38 | CK25: 0 | CL25: 3129.1512 | CM25: 305693.63 | CN25: 49913.369 | CO25: 0 | CP25: 190895.01 | CQ25: 373301.7 | CR25: 89299.986 | CS25: 317238.52 | CT25: 23.09892 | CU25: 225798.01 | CV25: 113020.46 | CW25: 0 | CX25: 44782.245 | CY25: 0
C27: year: 2018 | D27: wheat straw | E27: metric tons | F27: 19.885414 | G27: 1.4555688 | H27: 3.147715 | I27: 12.807453 | J27: 8.9948968 | K27: 22.02992 | L27: 26.056422 | M27: 4.5854488 | N27: 0 | O27: 25.194325 | P27: 17.628066 | Q27: 20.116513 | R27: 0 | S27: 14.920618 | T27: 0 | U27: 0 | V27: 22.451338 | W27: 48.560117 | X27: 21.012412 | Y27: 22.825125 | Z27: 15.93294 | AA27: 7.4830673 | AB27: 32.343702 | AC27: 53.719049 | AD27: 0 | AE27: 40.439328 | AF27: 25.904317 | AG27: 8.6307515 | AH27: 6.3612128 | AI27: 2.0612998 | AJ27: 0 | AK27: 0 | AL27: 0 | AM27: 6.0365429 | AN27: 3.531141 | AO27: 6.0791082 | AP27: 1.2763221 | AQ27: 2.139958 | AR27: 0 | AS27: 0.8557527 | AT27: 0.95698925 | AU27: 67.807414 | AV27: 52.450721 | AW27: 83.432387 | AX27: 20.46623 | AY27: 30.54829 | AZ27: 8.4235887 | BA27: 6.1506704 | BB27: 1.6405555 | BC27: 0 | BD27: 5.2101093 | BE27: 16.336659 | BF27: 21.789866 | BG27: 19.256941 | BH27: 0 | BI27: 4.1337177 | BJ27: 8.6162602 | BK27: 0.71455751 | BL27: 8.9207567 | BM27: 6.4018593 | BN27: 31.748491 | BO27: 6.5742459 | BP27: 16.704087 | BQ27: 0 | BR27: 0 | BS27: 0 | BT27: 0 | BU27: 0 | BV27: 4.529018 | BW27: 7.4494476 | BX27: 8.422742 | BY27: 11.645579 | BZ27: 32.212609 | CA27: 15.289687 | CB27: 0.1082804 | CC27: 0 | CD27: 0 | CE27: 3.8698685 | CF27: 11.67165 | CG27: 25.810521 | CH27: 13.965571 | CI27: 7.1712482 | CJ27: 6.5288072 | CK27: 0 | CL27: 1.5543827 | CM27: 15.418986 | CN27: 15.730521 | CO27: 0 | CP27: 44.464208 | CQ27: 69.306622 | CR27: 27.429406 | CS27: 70.672266 | CT27: 1.1925972 | CU27: 35.980262 | CV27: 14.145188 | CW27: 0 | CX27: 2.5356275 | CY27: 0
D28: maize stover | E28: metric tons | F28: 17.612273 | G28: 12.132002 | H28: 6.0013381 | I28: 2.3850932 | J28: 11.505658 | K28: 1.7725141 | L28: 24.42912 | M28: 1.0902779 | N28: 0 | O28: 4.3145636 | P28: 9.9197225 | Q28: 9.5436853 | R28: 0 | S28: 2.8215081 | T28: 0 | U28: 0 | V28: 1.4760123 | W28: 0.72153535 | X28: 6.1119185 | Y28: 14.480592 | Z28: 2.6877267 | AA28: 0.68976255 | AB28: 5.2363735 | AC28: 4.3251027 | AD28: 0 | AE28: 1.3405752 | AF28: 0.52834145 | AG28: 0 | AH28: 9.9615263 | AI28: 3.8439303 | AJ28: 0 | AK28: 0 | AL28: 0 | AM28: 7.4700851 | AN28: 4.2772795 | AO28: 5.2453135 | AP28: 1.9239629 | AQ28: 1.0840172 | AR28: 0 | AS28: 0 | AT28: 0 | AU28: 20.67972 | AV28: 11.182369 | AW28: 7.9750445 | AX28: 21.978309 | AY28: 24.128123 | AZ28: 22.652295 | BA28: 10.165153 | BB28: 0.35906794 | BC28: 0 | BD28: 17.584769 | BE28: 29.699494 | BF28: 48.828462 | BG28: 38.871317 | BH28: 0 | BI28: 23.950956 | BJ28: 0.90647696 | BK28: 0.0078304929 | BL28: 23.19303 | BM28: 1.9977447 | BN28: 0.78102503 | BO28: 0.13031709 | BP28: 0 | BQ28: 0 | BR28: 0 | BS28: 0 | BT28: 0 | BU28: 0 | BV28: 3.1536902 | BW28: 5.0883123 | BX28: 3.197593 | BY28: 9.4103529 | BZ28: 19.183453 | CA28: 5.2093954 | CB28: 1.5199322 | CC28: 0 | CD28: 0 | CE28: 12.007114 | CF28: 29.055659 | CG28: 40.158101 | CH28: 26.22509 | CI28: 0 | CJ28: 0.043567204 | CK28: 0 | CL28: 6.6415429 | CM28: 15.986092 | CN28: 0 | CO28: 0 | CP28: 0 | CQ28: 0 | CR28: 0 | CS28: 0 | CT28: 0 | CU28: 0 | CV28: 0 | CW28: 0 | CX28: 0 | CY28: 0
D29: barley straw | E29: metric tons | F29: 6.3002164 | G29: 0.95813254 | H29: 2.0240859 | I29: 3.5652174 | J29: 1.6001775 | K29: 5.0422084 | L29: 3.3776664 | M29: 0.66802843 | N29: 0 | O29: 8.1865015 | P29: 8.9092333 | Q29: 9.9561871 | R29: 0 | S29: 6.1870574 | T29: 0 | U29: 0 | V29: 8.652664 | W29: 15.420282 | X29: 7.211656 | Y29: 9.9539724 | Z29: 7.6402156 | AA29: 2.6255352 | AB29: 15.913844 | AC29: 13.247946 | AD29: 7.4802557 | AE29: 14.432477 | AF29: 19.254712 | AG29: 3.8338382 | AH29: 1.3255916 | AI29: 0.56913857 | AJ29: 0 | AK29: 0 | AL29: 0 | AM29: 6.9676484 | AN29: 3.8589935 | AO29: 5.6756247 | AP29: 2.040952 | AQ29: 0.48773043 | AR29: 0 | AS29: 1.3862002 | AT29: 0.6173308 | AU29: 19.338595 | AV29: 16.45071 | AW29: 12.763712 | AX29: 7.9205453 | AY29: 6.8668801 | AZ29: 1.9167827 | BA29: 1.4743276 | BB29: 0.35487257 | BC29: 0 | BD29: 1.1647625 | BE29: 3.608966 | BF29: 5.7062551 | BG29: 4.6378774 | BH29: 0 | BI29: 0.88518506 | BJ29: 0.73602981 | BK29: 0.043378127 | BL29: 0.9669806 | BM29: 0.70706723 | BN29: 5.0558619 | BO29: 2.9524362 | BP29: 1.8248804 | BQ29: 0 | BR29: 0 | BS29: 0 | BT29: 0 | BU29: 0 | BV29: 1.6487904 | BW29: 2.4958933 | BX29: 2.6713461 | BY29: 5.1667166 | BZ29: 7.4465752 | CA29: 3.3900918 | CB29: 0.054521784 | CC29: 0 | CD29: 0 | CE29: 0.82808137 | CF29: 2.6986634 | CG29: 4.8888742 | CH29: 1.4810539 | CI29: 3.182002 | CJ29: 4.1150303 | CK29: 0 | CL29: 1.2420954 | CM29: 4.51451 | CN29: 7.9207008 | CO29: 0 | CP29: 17.151073 | CQ29: 12.741762 | CR29: 7.8695017 | CS29: 17.585929 | CT29: 0.067126725 | CU29: 9.3749227 | CV29: 8.1384641 | CW29: 0 | CX29: 5.7836177 | CY29: 0
D30: rapeseed straw | E30: metric tons | F30: 3.3333616 | G30: 0.036046108 | H30: 0.48936789 | I30: 1.0186335 | J30: 0.059537016 | K30: 1.6854259 | L30: 5.32514 | M30: 0.74208326 | N30: 0 | O30: 13.876908 | P30: 4.0882773 | Q30: 4.3974344 | R30: 0 | S30: 13.082013 | T30: 0 | U30: 0 | V30: 7.8908833 | W30: 29.267178 | X30: 6.4051244 | Y30: 4.748754 | Z30: 6.8298065 | AA30: 2.9042429 | AB30: 22.426982 | AC30: 28.609036 | AD30: 8.2766738 | AE30: 22.722565 | AF30: 7.9206719 | AG30: 2.5661662 | AH30: 0.10346528 | AI30: 0 | AJ30: 0 | AK30: 0 | AL30: 0 | AM30: 0.29868008 | AN30: 0.13863976 | AO30: 0.37543428 | AP30: 0.22623842 | AQ30: 0.083501779 | AR30: 0 | AS30: 0.15186473 | AT30: 0.10183428 | AU30: 20.097234 | AV30: 14.772175 | AW30: 6.4269661 | AX30: 7.3419682 | AY30: 5.8160829 | AZ30: 1.0580452 | BA30: 0.88017547 | BB30: 0.098228157 | BC30: 0 | BD30: 0.82936578 | BE30: 3.8668113 | BF30: 7.0023491 | BG30: 4.8214849 | BH30: 0 | BI30: 0.091561939 | BJ30: 0.029864499 | BK30: 0.00034045621 | BL30: 0.16355673 | BM30: 0.049375915 | BN30: 4.7627822 | BO30: 1.9133797 | BP30: 3.3815681 | BQ30: 0 | BR30: 0 | BS30: 0 | BT30: 0 | BU30: 0 | BV30: 1.4826785 | BW30: 1.8538305 | BX30: 2.3504261 | BY30: 7.7065331 | BZ30: 15.192377 | CA30: 8.9536846 | CB30: 0 | CC30: 0 | CD30: 0 | CE30: 0.46173319 | CF30: 4.122818 | CG30: 11.226271 | CH30: 2.6389136 | CI30: 1.0086697 | CJ30: 2.475619 | CK30: 0 | CL30: 0.14117299 | CM30: 5.889691 | CN30: 6.1408483 | CO30: 0 | CP30: 14.002056 | CQ30: 25.726646 | CR30: 7.8940326 | CS30: 18.823241 | CT30: 0.038268507 | CU30: 12.379458 | CV30: 4.6803887 | CW30: 0 | CX30: 0.63770518 | CY30: 0
C31: year: 2030 | D31: wheat straw | E31: metric tons | F31: 22.263721 | G31: 1.5286203 | H31: 3.5160217 | I31: 12.71141 | J31: 11.429561 | K31: 24.876297 | L31: 33.123017 | M31: 6.4953057 | N31: 0 | O31: 28.312028 | P31: 19.006661 | Q31: 22.256849 | R31: 0 | S31: 16.077628 | T31: 0 | U31: 0 | V31: 23.867735 | W31: 52.045718 | X31: 21.747955 | Y31: 24.196839 | Z31: 17.364054 | AA31: 7.673384 | AB31: 35.434713 | AC31: 57.773145 | AD31: 0 | AE31: 43.594262 | AF31: 28.343146 | AG31: 12.049669 | AH31: 7.9780583 | AI31: 2.1318365 | AJ31: 0 | AK31: 0 | AL31: 0 | AM31: 8.0656297 | AN31: 4.4682962 | AO31: 7.2258114 | AP31: 1.6420445 | AQ31: 2.2987721 | AR31: 0 | AS31: 1.0268483 | AT31: 0.85772456 | AU31: 71.6928 | AV31: 55.940793 | AW31: 89.0875 | AX31: 21.905812 | AY31: 31.995512 | AZ31: 8.8918177 | BA31: 6.5592771 | BB31: 2.0659488 | BC31: 0 | BD31: 5.951796 | BE31: 20.205753 | BF31: 25.44151 | BG31: 22.477895 | BH31: 0 | BI31: 4.3173458 | BJ31: 12.651897 | BK31: 4.2513878 | BL31: 9.2253743 | BM31: 8.9564361 | BN31: 39.571026 | BO31: 7.1065451 | BP31: 21.711803 | BQ31: 0 | BR31: 0 | BS31: 0 | BT31: 0 | BU31: 0 | BV31: 5.0517009 | BW31: 8.6758496 | BX31: 10.221953 | BY31: 13.724638 | BZ31: 36.533469 | CA31: 17.808583 | CB31: 0.17077957 | CC31: 0 | CD31: 0 | CE31: 4.9644097 | CF31: 17.291256 | CG31: 37.017633 | CH31: 19.047021 | CI31: 7.3766926 | CJ31: 6.6965587 | CK31: 0 | CL31: 1.920181 | CM31: 18.751297 | CN31: 15.822946 | CO31: 0 | CP31: 47.231937 | CQ31: 73.962649 | CR31: 27.721351 | CS31: 72.215599 | CT31: 0.5246602 | CU31: 38.256521 | CV31: 15.256596 | CW31: 0 | CX31: 2.6648855 | CY31: 0
D32: maize stover | E32: metric tons | F32: 18.612508 | G32: 13.355376 | H32: 6.4460513 | I32: 2.408064 | J32: 14.788137 | K32: 2.0538276 | L32: 34.317971 | M32: 1.8239639 | N32: 0 | O32: 4.845873 | P32: 10.937079 | Q32: 10.701526 | R32: 0 | S32: 3.2040255 | T32: 0 | U32: 0 | V32: 1.6222355 | W32: 0.81413008 | X32: 6.5787727 | Y32: 15.751901 | Z32: 2.9958157 | AA32: 0.78061525 | AB32: 5.7840409 | AC32: 4.8273014 | AD32: 0 | AE32: 1.457256 | AF32: 0.57263915 | AG32: 0 | AH32: 10.910364 | AI32: 4.0440821 | AJ32: 0 | AK32: 0 | AL32: 0 | AM32: 8.0555172 | AN32: 4.5793999 | AO32: 5.9726993 | AP32: 2.2490444 | AQ32: 1.2134216 | AR32: 0 | AS32: 0 | AT32: 0 | AU32: 22.303964 | AV32: 12.193905 | AW32: 8.6880927 | AX32: 24.011684 | AY32: 27.078048 | AZ32: 25.429186 | BA32: 11.348356 | BB32: 0.46163953 | BC32: 0 | BD32: 21.49599 | BE32: 35.026173 | BF32: 57.415413 | BG32: 45.47905 | BH32: 0 | BI32: 25.875841 | BJ32: 1.0188244 | BK32: 0.03883164 | BL32: 24.398973 | BM32: 2.34758 | BN32: 1.0692754 | BO32: 0.12920612 | BP32: 0 | BQ32: 0 | BR32: 0 | BS32: 0 | BT32: 0 | BU32: 0 | BV32: 3.3039605 | BW32: 5.5659502 | BX32: 3.545889 | BY32: 10.460101 | BZ32: 21.053114 | CA32: 5.7483079 | CB32: 1.8086617 | CC32: 0 | CD32: 0 | CE32: 14.731717 | CF32: 42.786484 | CG32: 62.959548 | CH32: 37.014125 | CI32: 0 | CJ32: 0.04545789 | CK32: 0 | CL32: 8.3179906 | CM32: 20.440729 | CN32: 0 | CO32: 0 | CP32: 0 | CQ32: 0 | CR32: 0 | CS32: 0 | CT32: 0 | CU32: 0 | CV32: 0 | CW32: 0 | CX32: 0 | CY32: 0
D33: barley straw | E33: metric tons | F33: 6.4836436 | G33: 0.9903104 | H33: 2.1846979 | I33: 5.3034304 | J33: 2.0120485 | K33: 5.6302738 | L33: 3.9905661 | M33: 0.88946395 | N33: 0 | O33: 8.7000768 | P33: 9.4781413 | Q33: 11.038696 | R33: 0 | S33: 6.6749269 | T33: 0 | U33: 0 | V33: 9.0439148 | W33: 16.419479 | X33: 7.6249497 | Y33: 10.641949 | Z33: 8.1201403 | AA33: 2.7011958 | AB33: 17.123018 | AC33: 14.018008 | AD33: 8.541371 | AE33: 15.53236 | AF33: 20.19066 | AG33: 4.9700254 | AH33: 1.5394945 | AI33: 0.57930813 | AJ33: 0 | AK33: 0 | AL33: 0 | AM33: 7.6434669 | AN33: 3.9640059 | AO33: 6.0008453 | AP33: 2.5045426 | AQ33: 0.53028984 | AR33: 0 | AS33: 1.4823036 | AT33: 0.55324545 | AU33: 20.195531 | AV33: 16.735972 | AW33: 13.720225 | AX33: 7.9499259 | AY33: 7.2954023 | AZ33: 1.982569 | BA33: 1.4943204 | BB33: 0.45357613 | BC33: 0 | BD33: 1.3404895 | BE33: 4.221954 | BF33: 6.3442681 | BG33: 5.366657 | BH33: 0 | BI33: 0.81878443 | BJ33: 0.88666978 | BK33: 0.27589052 | BL33: 1.0114356 | BM33: 0.70541081 | BN33: 6.2890552 | BO33: 3.1500142 | BP33: 2.4214032 | BQ33: 0 | BR33: 0 | BS33: 0 | BT33: 0 | BU33: 0 | BV33: 1.8255809 | BW33: 2.7565396 | BX33: 3.0792441 | BY33: 6.0286778 | BZ33: 8.091993 | CA33: 3.8866955 | CB33: 0.078244611 | CC33: 0 | CD33: 0 | CE33: 1.0436667 | CF33: 3.693059 | CG33: 6.2053677 | CH33: 1.8427918 | CI33: 3.4208319 | CJ33: 4.1540313 | CK33: 0 | CL33: 1.4722066 | CM33: 5.1785244 | CN33: 7.8412761 | CO33: 0 | CP33: 17.33073 | CQ33: 13.176945 | CR33: 8.0840831 | CS33: 18.320037 | CT33: 0.02906422 | CU33: 9.7334715 | CV33: 8.8742323 | CW33: 0 | CX33: 5.7880707 | CY33: 0
D34: rapeseed straw | E34: metric tons | F34: 3.2819112 | G34: 0.035700591 | H34: 0.46685345 | I34: 0.87021474 | J34: 0.066535139 | K34: 1.6624255 | L34: 5.8789809 | M34: 0.95083546 | N34: 0 | O34: 13.146496 | P34: 3.8820835 | Q34: 4.3008837 | R34: 0 | S34: 12.191295 | T34: 0 | U34: 0 | V34: 7.3637176 | W34: 25.92114 | X34: 5.9637242 | Y34: 4.3563762 | Z34: 6.424438 | AA34: 2.563408 | AB34: 21.198686 | AC34: 26.966187 | AD34: 7.8361358 | AE34: 21.341425 | AF34: 7.4386263 | AG34: 2.9491659 | AH34: 0.090132587 | AI34: 0 | AJ34: 0 | AK34: 0 | AL34: 0 | AM34: 0.33911908 | AN34: 0.12559563 | AO34: 0.44480913 | AP34: 0.28209474 | AQ34: 0.096167967 | AR34: 0 | AS34: 0.14306889 | AT34: 0.073318312 | AU34: 18.664231 | AV34: 13.14345 | AW34: 5.7251727 | AX34: 6.556636 | AY34: 5.2699552 | AZ34: 0.81080424 | BA34: 0.79007042 | BB34: 0.099946883 | BC34: 0 | BD34: 0.85601013 | BE34: 4.2783352 | BF34: 7.1777515 | BG34: 5.2269638 | BH34: 0 | BI34: 0.095081929 | BJ34: 0.041786882 | BK34: 0.00019838012 | BL34: 0.14558889 | BM34: 0.048274737 | BN34: 5.325236 | BO34: 1.7994877 | BP34: 3.7416391 | BQ34: 0 | BR34: 0 | BS34: 0 | BT34: 0 | BU34: 0 | BV34: 1.209262 | BW34: 1.7047188 | BX34: 2.1799972 | BY34: 7.5006944 | BZ34: 14.3257 | CA34: 8.763806 | CB34: 0 | CC34: 0 | CD34: 0 | CE34: 0.56758729 | CF34: 5.1611583 | CG34: 13.597372 | CH34: 3.3037081 | CI34: 0.89308635 | CJ34: 2.1856427 | CK34: 0 | CL34: 0.15435067 | CM34: 6.2341925 | CN34: 5.7530393 | CO34: 0 | CP34: 12.26674 | CQ34: 23.610252 | CR34: 6.8671167 | CS34: 16.197208 | CT34: 0.014491167 | CU34: 11.636673 | CV34: 4.6340754 | CW34: 0 | CX34: 0.55815245 | CY34: 0
F36: 1.45 | G36: 1.51 | H36: 2 | I36: 1.5 | J36: 1.72 | K36: 1.77 | L36: 1.84 | M36: 1.61 | N36: 1.5 | O36: 1.51 | P36: 1.5 | Q36: 1.47 | R36: 1.5 | S36: 1.54 | T36: 2 | U36: 1.5 | V36: 1.46 | W36: 1.64 | X36: 1.52 | Y36: 1.2 | Z36: 1.68 | AA36: 1.64 | AB36: 1.77 | AC36: 1.45 | AD36: 1.42 | AE36: 1.62 | AF36: 2 | AG36: 1.67 | AH36: 1.88 | AI36: 2 | AJ36: 1.5 | AK36: 2 | AL36: 2 | AM36: 1.61 | AN36: 1.5 | AO36: 1.33 | AP36: 2 | AQ36: 1.97 | AR36: 2 | AS36: 1.28 | AT36: 1.5 | AU36: 1.2 | AV36: 1.56 | AW36: 1.2 | AX36: 1.6 | AY36: 1.64 | AZ36: 1.44 | BA36: 1.55 | BB36: 2 | BC36: 2 | BD36: 2 | BE36: 1.2 | BF36: 1.63 | BG36: 1.52 | BH36: 1.5 | BI36: 1.42 | BJ36: 2 | BK36: 2 | BL36: 1.54 | BM36: 1.92 | BN36: 1.51 | BO36: 1.5 | BP36: 1.61 | BQ36: 2 | BR36: 1.33 | BS36: 1.54 | BT36: 1.7 | BU36: 1.68 | BV36: 1.2 | BW36: 1.24 | BX36: 1.86 | BY36: 1.68 | BZ36: 1.36 | CA36: 1.52 | CB36: 1.69 | CC36: 1.5 | CD36: 1.5 | CE36: 2 | CF36: 2 | CG36: 2 | CH36: 2 | CI36: 1.28 | CJ36: 2 | CK36: 1.8 | CL36: 1.81 | CM36: 1.82 | CN36: 1.2 | CO36: 1.44 | CP36: 1.35 | CQ36: 1.2 | CR36: 1.2 | CS36: 1.52 | CT36: 1.2 | CU36: 1.63 | CV36: 1.85 | CW36: 2 | CX36: 1.72 | CY36: 1.22
E38: km | F38: 5
C40: fossil fuel | E40: metric tons EtOH eq. | F40: 1076003 | G40: 509581.38 | H40: 887839.86 | I40: 233368.22 | J40: 1261171.4 | K40: 702820.1 | L40: 389846.69 | M40: 385621.05 | N40: 565964.52 | O40: 2433871 | P40: 3634232.2 | Q40: 4290252.8 | R40: 1175832.6 | S40: 830032.32 | T40: 224304.47 | U40: 597066.52 | V40: 2063091.1 | W40: 538594.08 | X40: 2647804.5 | Y40: 5967804.5 | Z40: 1353800 | AA40: 332569.64 | AB40: 1364505.3 | AC40: 750077.74 | AD40: 954926.03 | AE40: 725106.22 | AF40: 2022591.9 | AG40: 409677.42 | AH40: 1318891.9 | AI40: 405738.96 | AJ40: 1080750.2 | AK40: 955943.14 | AL40: 694533.85 | AM40: 708829.29 | AN40: 1027246.4 | AO40: 893577.01 | AP40: 2154848.7 | AQ40: 1605349.8 | AR40: 0 | AS40: 2015106.5 | AT40: 10699.955 | AU40: 2077587.1 | AV40: 1853890 | AW40: 698855.28 | AX40: 924309.61 | AY40: 1516229.4 | AZ40: 1225041.3 | BA40: 1357773.2 | BB40: 1395545.7 | BC40: 0 | BD40: 809677.42 | BE40: 638588.32 | BF40: 628255.55 | BG40: 829930.32 | BH40: 1370014.5 | BI40: 3029427.1 | BJ40: 2653318.4 | BK40: 1265926.5 | BL40: 2189404.2 | BM40: 2269169 | BN40: 328064.52 | BO40: 471432.26 | BP40: 294737.1 | BQ40: 125037.1 | BR40: 641842.36 | BS40: 1338561 | BT40: 3011276.4 | BU40: 1350255.7 | BV40: 1361510.5 | BW40: 1369882.9 | BX40: 1152160.7 | BY40: 1071419.8 | BZ40: 666075.49 | CA40: 1004003.9 | CB40: 1577063.1 | CC40: 0 | CD40: 0 | CE40: 514814.7 | CF40: 599340.47 | CG40: 556828.42 | CH40: 397298.67 | CI40: 1453021 | CJ40: 1598447.6 | CK40: 646918.53 | CL40: 642570.97 | CM40: 937096.77 | CN40: 762721.3 | CO40: 2082541.1 | CP40: 1566577.5 | CQ40: 1360002 | CR40: 1672493.6 | CS40: 1769097.6 | CT40: 2538088.3 | CU40: 2605648.6 | CV40: 1591432.7 | CW40: 899940.03 | CX40: 1557902.5 | CY40: 538522.54
C41: 1G EtOH | E41: metric tons | F41: 41129.896 | G41: 19478.598 | H41: 33937.417 | I41: 16831.691 | J41: 90962.029 | K41: 50690.925 | L41: 34143.28 | M41: 33773.194 | N41: 0 | O41: 131902.6 | P41: 169857.87 | Q41: 200519.16 | R41: 54956.429 | S41: 38794.307 | T41: 10483.612 | U41: 27905.88 | V41: 96425.389 | W41: 25172.977 | X41: 123753.9 | Y41: 278925.09 | Z41: 63274.324 | AA41: 15543.743 | AB41: 63774.673 | AC41: 35057.365 | AD41: 44631.628 | AE41: 33890.239 | AF41: 77237.654 | AG41: 4564.0432 | AH41: 0 | AI41: 0 | AJ41: 0 | AK41: 0 | AL41: 22919.349 | AM41: 23391.093 | AN41: 33898.733 | AO41: 29487.696 | AP41: 71109.174 | AQ41: 52975.922 | AR41: 0 | AS41: 152016.29 | AT41: 807.18684 | AU41: 172116.1 | AV41: 153584.08 | AW41: 57896.127 | AX41: 76573.717 | AY41: 125610.85 | AZ41: 101487.61 | BA41: 112483.67 | BB41: 115612.9 | BC41: 0 | BD41: 0 | BE41: 34246.728 | BF41: 33692.594 | BG41: 44508.171 | BH41: 52956.944 | BI41: 15332.748 | BJ41: 13429.161 | BK41: 6407.1955 | BL41: 11081.165 | BM41: 11484.877 | BN41: 12912.731 | BO41: 11740.123 | BP41: 13992.303 | BQ41: 0 | BR41: 22909.437 | BS41: 47777.585 | BT41: 107482.23 | BU41: 48195.008 | BV41: 57569.789 | BW41: 57923.806 | BX41: 48717.692 | BY41: 45303.664 | BZ41: 28164.18 | CA41: 42453.064 | CB41: 4883.5373 | CC41: 0 | CD41: 0 | CE41: 35522.872 | CF41: 41355.259 | CG41: 38421.873 | CH41: 27414.116 | CI41: 71852.373 | CJ41: 79043.767 | CK41: 31990.338 | CL41: 0 | CM41: 69053.974 | CN41: 27264.686 | CO41: 74443.743 | CP41: 55999.803 | CQ41: 48615.432 | CR41: 59785.944 | CS41: 63239.206 | CT41: 90728.003 | CU41: 93143.054 | CV41: 56888.293 | CW41: 32169.788 | CX41: 55689.701 | CY41: 19250.345
G43: AT1 | H43: AT2 | I43: AT3 | J43: BE1 | K43: BE2 | L43: BE3 | M43: BG3 | N43: BG4 | O43: CY0 | P43: CZ0 | Q43: DE1 | R43: DE2 | S43: DE3 | T43: DE4 | U43: DE5 | V43: DE6 | W43: DE7 | X43: DE8 | Y43: DE9 | Z43: DEA | AA43: DEB | AB43: DEC | AC43: DED | AD43: DEE | AE43: DEF | AF43: DEG | AG43: DK0 | AH43: EE0 | AI43: EL5 | AJ43: EL6 | AK43: EL3 | AL43: EL4 | AM43: ES1 | AN43: ES2 | AO43: ES3 | AP43: ES4 | AQ43: ES5 | AR43: ES6 | AS43: ES7 | AT43: FI1 | AU43: FI2 | AV43: FR1 | AW43: FR2 | AX43: FR3 | AY43: FR4 | AZ43: FR5 | BA43: FR6 | BB43: FR7 | BC43: FR8 | BD43: FR9 | BE43: HR0 | BF43: HU1 | BG43: HU2 | BH43: HU3 | BI43: IE0 | BJ43: ITC | BK43: ITF | BL43: ITG | BM43: ITH | BN43: ITI | BO43: LT0 | BP43: LU0 | BQ43: LV0 | BR43: MT0 | BS43: NL1 | BT43: NL2 | BU43: NL3 | BV43: NL4 | BW43: PL1 | BX43: PL2 | BY43: PL3 | BZ43: PL4 | CA43: PL5 | CB43: PL6 | CC43: PT1 | CD43: PT2 | CE43: PT3 | CF43: RO1 | CG43: RO2 | CH43: RO3 | CI43: RO4 | CJ43: SE1 | CK43: SE2 | CL43: SE3 | CM43: SI0 | CN43: SK0 | CO43: UKC | CP43: UKD | CQ43: UKE | CR43: UKF | CS43: UKG | CT43: UKH | CU43: UKI | CV43: UKJ | CW43: UKK | CX43: UKL | CY43: UKM | CZ43: UKN
E44: km | F44: AT1 | G44: 78.412976 | H44: 235.22919 | I44: 374.09703 | J44: 1116.1491 | K44: 1152.8339 | L44: 1082.8072 | M44: 1280.582 | N44: 1160.2013 | O44: 2575.19 | P44: 323.31981 | Q44: 681.77727 | R44: 496.26571 | S44: 697.54455 | T44: 701.03722 | U44: 1003.8568 | V44: 988.82545 | W44: 751.73273 | X44: 908.58352 | Y44: 940.97903 | Z44: 938.05153 | AA44: 805.11205 | AB44: 853.89242 | AC44: 542.98573 | AD44: 713.67227 | AE44: 1044.8633 | AF44: 672.56652 | AG44: 1196.9567 | AH44: 1700.8045 | AI44: 1385.1039 | AJ44: 1668.3541 | AK44: 1698.3873 | AL44: 2074.4795 | AM44: 2487.7653 | AN44: 2053.116 | AO44: 2346.0191 | AP44: 2375.1857 | AQ44: 1969.8931 | AR44: 2671.7517 | AS44: 4197.8574 | AT44: 2151.0144 | AU44: 1895.7327 | AV44: 1255.3053 | AW44: 1298.338 | AX44: 1238.1423 | AY44: 928.29782 | AZ44: 1629.7732 | BA44: 1658.9198 | BB44: 1232.6167 | BC44: 1310.2906 | BD44: 9832.58 | BE44: 488.281 | BF44: 279.77318 | BG44: 263.12909 | BH44: 440.52869 | BI44: 2152.4161 | BJ44: 875.76473 | BK44: 1389.6803 | BL44: 1723.2842 | BM44: 663.04777 | BN44: 977.22698 | BO44: 1211.0551 | BP44: 946.29182 | BQ44: 1393.9156 | BR44: 2120.4941 | BS44: 1116.4001 | BT44: 1160.358 | BU44: 1114.0595 | BV44: 1110.3799 | BW44: 714.46189 | BX44: 478.16922 | BY44: 796.85531 | BZ44: 742.7903 | CA44: 467.80662 | CB44: 913.94427 | CC44: 2739.7045 | CD44: 5413.43 | CE44: 4341.83 | CF44: 787.25098 | CG44: 1196.4104 | CH44: 1157.0069 | CI44: 832.84394 | CJ44: 1686.4615 | CK44: 1386.2167 | CL44: 2123.6447 | CM44: 352.84212 | CN44: 320.46148 | CO44: 1923.3906 | CP44: 1849.6988 | CQ44: 1803.57 | CR44: 1677.7302 | CS44: 1704.0521 | CT44: 1549.103 | CU44: 1484.9888 | CV44: 1519.4562 | CW44: 1725.8551 | CX44: 1798.1388 | CY44: 2254.9054 | CZ44: 2245.9709
F45: AT2 | G45: 235.22919 | H45: 82.271471 | I45: 317.49444 | J45: 1089.89 | K45: 1131.3824 | L45: 1049.9712 | M45: 1280.8552 | N45: 1143.831 | O45: 2594.29 | P45: 476.36167 | Q45: 643.26477 | R45: 468.95666 | S45: 881.54889 | T45: 878.49383 | U45: 1088.0122 | V45: 1096.3633 | W45: 735.21466 | X45: 1064.0529 | Y45: 996.8415 | Z45: 922.15736 | AA45: 777.78664 | AB45: 814.53259 | AC45: 685.20017 | AD45: 790.90246 | AE45: 1167.3214 | AF45: 683.13246 | AG45: 1333.1192 | AH45: 1889.638 | AI45: 1368.3804 | AJ45: 1629.3246 | AK45: 1681.6138 | AL45: 2057.7057 | AM45: 2367.3485 | AN45: 1918.5512 | AO45: 2185.2456 | AP45: 2238.0803 | AQ45: 1809.2832 | AR45: 2511.2277 | AS45: 4037.4119 | AT45: 2369.9378 | AU45: 2040.3056 | AV45: 1218.6639 | AW45: 1252.9201 | AX45: 1210.5278 | AY45: 884.90711 | AZ45: 1587.6168 | BA45: 1526.4925 | BB45: 1116.0563 | BC45: 1132.0041 | BD45: 9680.85 | BE45: 389.72265 | BF45: 440.76833 | BG45: 347.2037 | BH45: 603.91 | BI45: 2127.9279 | BJ45: 694.43267 | BK45: 1172.8749 | BL45: 1507.5009 | BM45: 459.86768 | BN45: 761.06631 | BO45: 1399.888 | BP45: 905.90111 | BQ45: 1582.748 | BR45: 1904.7089 | BS45: 1104.2368 | BT45: 1143.8249 | BU45: 1097.8905 | BV45: 1093.3375 | BW45: 903.29496 | BX45: 667.1346 | BY45: 985.68803 | BZ45: 932.62898 | CA45: 646.52698 | CB45: 1102.5139 | CC45: 2615.0162 | CD45: 5274.48 | CE45: 4192.19 | CF45: 948.79389 | CG45: 1352.2735 | CH45: 1284.9902 | CI45: 917.45457 | CJ45: 1831.0328 | CK45: 1530.7882 | CL45: 2268.2165 | CM45: 202.0412 | CN45: 501.12972 | CO45: 1898.904 | CP45: 1825.2117 | CQ45: 1779.0832 | CR45: 1653.2432 | CS45: 1679.5649 | CT45: 1524.6159 | CU45: 1460.5019 | CV45: 1494.9688 | CW45: 1701.3681 | CX45: 1773.6513 | CY45: 2230.4178 | CZ45: 2221.4824
F46: AT3 | G46: 374.09703 | H46: 317.49444 | I46: 94.712355 | J46: 875.6 | K46: 930.18845 | L46: 824.06867 | M46: 1525.7166 | N46: 1393.3388 | O46: 2793.89 | P46: 495.6559 | Q46: 404.88761 | R46: 309.28181 | S46: 732.62267 | T46: 738.86341 | U46: 917.52867 | V46: 925.87933 | W46: 558.51218 | X46: 929.28275 | Y46: 831.80042 | Z46: 745.41444 | AA46: 570.93472 | AB46: 581.91611 | AC46: 570.63451 | AD46: 657.51748 | AE46: 1001.7162 | AF46: 540.09696 | AG46: 1183.5424 | AH46: 2050.9665 | AI46: 1606.365 | AJ46: 1837.4206 | AK46: 1931.152 | AL46: 2307.2436 | AM46: 2147.9281 | AN46: 1717.5777 | AO46: 2019.336 | AP46: 2041.0471 | AQ46: 1643.0867 | AR46: 2344.8812 | AS46: 3870.9301 | AT46: 2414.8536 | AU46: 1911.948 | AV46: 983.12792 | AW46: 994.62321 | AX46: 986.07133 | AY46: 616.85787 | AZ46: 1338.1209 | BA46: 1325.4265 | BB46: 895.94039 | BC46: 1009.5357 | BD46: 9629.2 | BE46: 625.69733 | BF46: 622.241 | BG46: 577.41993 | BH46: 783.28274 | BI46: 1915.6893 | BJ46: 575.60645 | BK46: 1193.3461 | BL46: 1513.1084 | BM46: 466.33027 | BN46: 774.153 | BO46: 1561.2165 | BP46: 667.57533 | BQ46: 1744.0767 | BR46: 1917.7083 | BS46: 925.88689 | BT46: 960.03058 | BU46: 913.976 | BV46: 909.03457 | BW46: 1045.2398 | BX46: 805.57919 | BY46: 1129.9722 | BZ46: 906.24022 | CA46: 705.47333 | CB46: 1147.6593 | CC46: 2401.192 | CD46: 5183.84 | CE46: 4134.06 | CF46: 1129.1463 | CG46: 1537.2737 | CH46: 1483.9373 | CI46: 1131.2591 | CJ46: 1702.6767 | CK46: 1402.4318 | CL46: 2139.8599 | CM46: 412.28061 | CN46: 649.19442 | CO46: 1686.6645 | CP46: 1612.9724 | CQ46: 1566.8439 | CR46: 1441.0039 | CS46: 1467.3258 | CT46: 1312.3767 | CU46: 1248.2626 | CV46: 1282.7299 | CW46: 1489.1289 | CX46: 1561.4126 | CY46: 2018.1788 | CZ46: 2009.2437
F47: BE1 | G47: 1116.1491 | H47: 1089.89 | I47: 875.6 | J47: 6.4816501 | K47: 82.892727 | L47: 98.477143 | M47: 2322.2706 | N47: 2196.313 | O47: 4015.31 | P47: 998.04286 | Q47: 540.64636 | R47: 686.78104 | S47: 775.3 | T47: 800.42778 | U47: 506.74 | V47: 599.62 | W47: 413.38 | X47: 793.7725 | Y47: 499.63913 | Z47: 272.01396 | AA47: 348.35778 | AB47: 313.66667 | AC47: 755.84077 | AD47: 652.61071 | AE47: 673.95133 | AF47: 596.29391 | AG47: 919.38182 | AH47: 2146.72 | AI47: 2395.0033 | AJ47: 2580.9178 | AK47: 2734.0971 | AL47: 3110.1887 | AM47: 1664.7583 | AN47: 1283.7838 | AO47: 1570.27 | AP47: 1614.62 | AQ47: 1539.829 | AR47: 2074.6009 | AS47: 3499.2129 | AT47: 2240.7089 | AU47: 1691.54 | AV47: 319.0125 | AW47: 421.28818 | AX47: 124.35 | AY47: 436.944 | AZ47: 687.78769 | BA47: 937.27125 | BB47: 783.3775 | BC47: 1091.3238 | BD47: 8737.91 | BE47: 1433.3167 | BF47: 1365.235 | BG47: 1332.6811 | BH47: 1525.99 | BI47: 1043.7662 | BJ47: 958.5956 | BK47: 1750.5425 | BL47: 2017.7947 | BM47: 1109.7982 | BN47: 1310.9932 | BO47: 1790.209 | BP47: 216.37 | BQ47: 1973.07 | BR47: 2468.87 | BS47: 243.25 | BT47: 188.10125 | BU47: 189.85063 | BV47: 180.70286 | BW47: 1302.8146 | BX47: 1289.8136 | BY47: 1488.4431 | BZ47: 1030.5442 | CA47: 1055.7957 | CB47: 1255.2585 | CC47: 1922.6304 | CD47: 4147.46 | CE47: 3296.7 | CF47: 1872.7417 | CG47: 2237.4333 | CH47: 2237.0856 | CI47: 1905.7033 | CJ47: 1482.2667 | CK47: 1182.0225 | CL47: 1919.4517 | CM47: 1201.6508 | CN47: 1348.37 | CO47: 814.73857 | CP47: 741.0475 | CQ47: 694.92 | CR47: 569.07818 | CS47: 595.40071 | CT47: 440.45187 | CU47: 376.3381 | CV47: 410.80571 | CW47: 617.205 | CX47: 689.48917 | CY47: 1146.2539 | CZ47: 1137.318
F48: BE2 | G48: 1152.8339 | H48: 1131.3824 | I48: 930.18845 | J48: 82.892727 | K48: 59.398715 | L48: 154.42481 | M48: 2358.9551 | N48: 2232.9986 | O48: 4031.11 | P48: 1023.973 | Q48: 592.93876 | R48: 729.63096 | S48: 777.135 | T48: 802.9923 | U48: 511.03977 | V48: 601.70273 | W48: 445.29516 | X48: 795.85432 | Y48: 503.67016 | Z48: 288.86334 | AA48: 390.7426 | AB48: 370.46227 | AC48: 766.13231 | AD48: 656.44406 | AE48: 676.03173 | AF48: 611.33466 | AG48: 921.46083 | AH48: 2148.704 | AI48: 2433.8703 | AJ48: 2627.8329 | AK48: 2770.7819 | AL48: 3146.8741 | AM48: 1678.847 | AN48: 1297.8732 | AO48: 1584.365 | AP48: 1628.5998 | AQ48: 1549.1699 | AR48: 2086.9189 | AS48: 3513.3054 | AT48: 2242.7886 | AU48: 1693.6159 | AV48: 332.79602 | AW48: 441.27932 | AX48: 127.58159 | AY48: 495.06877 | AZ48: 699.57755 | BA48: 951.36332 | BB48: 800.9039 | BC48: 1112.779 | BD48: 8765.01 | BE48: 1472.0612 | BF48: 1401.9211 | BG48: 1369.3658 | BH48: 1562.6759 | BI48: 1015.5032 | BJ48: 1010.6923 | BK48: 1808.9731 | BL48: 2076.3373 | BM48: 1166.012 | BN48: 1369.4234 | BO48: 1792.047 | BP48: 279.61136 | BQ48: 1974.9072 | BR48: 2527.3 | BS48: 249.64833 | BT48: 203.21222 | BU48: 205.24014 | BV48: 192.93214 | BW48: 1304.6545 | BX48: 1298.1002 | BY48: 1492.7606 | BZ48: 1032.385 | CA48: 1064.0845 | CB48: 1257.0958 | CC48: 1936.7204 | CD48: 4170.39 | CE48: 3327.89 | CF48: 1909.4264 | CG48: 2259.9192 | CH48: 2273.7691 | CI48: 1942.3866 | CJ48: 1484.3457 | CK48: 1184.1007 | CL48: 1921.5286 | CM48: 1252.582 | CN48: 1377.7852 | CO48: 786.47838 | CP48: 712.78609 | CQ48: 666.65769 | CR48: 540.81723 | CS48: 567.13909 | CT48: 412.19037 | CU48: 348.0763 | CV48: 382.54355 | CW48: 588.94295 | CX48: 661.22636 | CY48: 1117.9925 | CZ48: 1109.058
F49: BE3 | G49: 1082.8072 | H49: 1049.9712 | I49: 824.06867 | J49: 98.477143 | K49: 154.42481 | L49: 66.29918 | M49: 2275.4798 | N49: 2147.8419 | O49: 3871.61 | P49: 966.19592 | Q49: 487.49442 | R49: 642.98064 | S49: 772.94857 | T49: 795.52357 | U49: 525.66833 | V49: 608.35571 | W49: 387.8787 | X49: 803.8472 | Y49: 509.34541 | Z49: 274.38931 | AA49: 304.70247 | AB49: 260.85579 | AC49: 737.87337 | AD49: 648.07684 | AE49: 682.68467 | AF49: 576.34157 | AG49: 928.11446 | AH49: 2151.0181 | AI49: 2344.3837 | AJ49: 2533.3219 | AK49: 2685.6255 | AL49: 3061.7176 | AM49: 1669.8747 | AN49: 1288.901 | AO49: 1575.3943 | AP49: 1617.2861 | AQ49: 1485.3828 | AR49: 2064.2308 | AS49: 3504.3324 | AT49: 2249.4419 | AU49: 1700.27 | AV49: 325.36202 | AW49: 415.26725 | AX49: 176.725 | AY49: 385.21762 | AZ49: 695.36509 | BA49: 942.49783 | BB49: 731.64905 | BC49: 1030.9411 | BD49: 8852.61 | BE49: 1371.6501 | BF49: 1331.8948 | BG49: 1299.3396 | BH49: 1492.649 | BI49: 1109.0115 | BJ49: 902.02263 | BK49: 1697.0886 | BL49: 1964.4158 | BM49: 1054.7225 | BN49: 1257.5389 | BO49: 1787.8516 | BP49: 169.5 | BQ49: 1970.7117 | BR49: 2415.4162 | BS49: 302.94889 | BT49: 263.85054 | BU49: 250.01955 | BV49: 248.44524 | BW49: 1298.8136 | BX49: 1266.8154 | BY49: 1477.5909 | BZ49: 1026.1809 | CA49: 1032.7994 | CB49: 1252.8574 | CC49: 1927.7485 | CD49: 4275.62 | CE49: 3396.44 | CF49: 1839.4004 | CG49: 2211.6108 | CH49: 2202.0618 | CI49: 1865.6364 | CJ49: 1490.9989 | CK49: 1190.7546 | CL49: 1928.1825 | CM49: 1148.5294 | CN49: 1317.9647 | CO49: 879.9868 | CP49: 806.29455 | CQ49: 760.16593 | CR49: 634.3258 | CS49: 660.64755 | CT49: 505.69884 | CU49: 441.58463 | CV49: 476.05197 | CW49: 682.45123 | CX49: 754.7348 | CY49: 1211.5011 | CZ49: 1202.5667
F50: BG3 | G50: 1280.582 | H50: 1280.8552 | I50: 1525.7166 | J50: 2322.2706 | K50: 2358.9551 | L50: 2275.4798 | M50: 133.22954 | N50: 314.75994 | O50: 1091.01 | P50: 1497.8248 | Q50: 1852.6167 | R50: 1685.4134 | S50: 1879.8172 | T50: 1888.9326 | U50: 2187.0503 | V50: 2166.8233 | W50: 1957.9312 | X50: 2093.6535 | Y50: 2128.0797 | Z50: 2144.5344 | AA50: 2002.2119 | AB50: 2020.5406 | AC50: 1728.5993 | AD50: 1891.0337 | AE50: 2225.0801 | AF50: 1854.2934 | AG50: 2377.9819 | AH50: 2343.5797 | AI50: 627.62935 | AJ50: 974.24926 | AK50: 1020.3521 | AL50: 1384.746 | AM50: 3409.5456 | AN50: 2958.1644 | AO50: 3219.9261 | AP50: 3277.1822 | AQ50: 2844.0059 | AR50: 3545.9724 | AS50: 5072.1765 | AT50: 2901.4648 | AU50: 3081.9489 | AV50: 2429.2033 | AW50: 2424.9009 | AX50: 2444.2639 | AY50: 2084.2693 | AZ50: 2745.5522 | BA50: 2566.2176 | BB50: 2159.5614 | BC50: 2165.9144 | BD50: 10791.33 | BE50: 1087.7462 | BF50: 1007.8511 | BG50: 1074.5394 | BH50: 973.88012 | BI50: 3358.5375 | BJ50: 1728.3092 | BK50: 1380.8647 | BL50: 2022.8938 | BM50: 1501.4656 | BN50: 1752.3411 | BO50: 2083.9831 | BP50: 2110.1906 | BQ50: 2179.4488 | BR50: 1960.3667 | BS50: 2320.181 | BT50: 2366.4791 | BU50: 2320.6681 | BV50: 2316.5011 | BW50: 1697.6865 | BX50: 1449.727 | BY50: 1470.4179 | BZ50: 1896.2405 | CA50: 1621.6094 | CB50: 1988.9977 | CC50: 3656.4496 | CD50: 6629.68 | CE50: 5421.57 | CF50: 632.82093 | CG50: 490.44403 | CH50: 289.31333 | CI50: 519.21105 | CJ50: 2872.6782 | CK50: 2572.4328 | CL50: 3309.8608 | CM50: 1190.9443 | CN50: 1200.2155 | CO50: 3129.5122 | CP50: 3055.8201 | CQ50: 3009.6912 | CR50: 2883.8516 | CS50: 2910.1733 | CT50: 2755.2244 | CU50: 2691.1103 | CV50: 2725.5777 | CW50: 2931.9769 | CX50: 3004.2602 | CY50: 3461.0266 | CZ50: 3452.092
F51: BG4 | G51: 1160.2013 | H51: 1143.831 | I51: 1393.3388 | J51: 2196.313 | K51: 2232.9986 | L51: 2147.8419 | M51: 314.75994 | N51: 105.11967 | O51: 1495.88 | P51: 1377.2714 | Q51: 1720.3729 | R51: 1556.6039 | S51: 1759.262 | T51: 1768.3793 | U51: 2066.498 | V51: 2046.271 | W51: 1832.344 | X51: 1973.0999 | Y51: 2007.9567 | Z51: 2018.9441 | AA51: 1874.7723 | AB51: 1889.6498 | AC51: 1608.3617 | AD51: 1770.4804 | AE51: 2104.5275 | AF51: 1733.5031 | AG51: 2257.4285 | AH51: 2643.4056 | AI51: 407.28456 | AJ51: 738.81106 | AK51: 774.58814 | AL51: 1138.8661 | AM51: 3271.02 | AN51: 2819.6378 | AO51: 3081.399 | AP51: 3138.6556 | AQ51: 2705.479 | AR51: 3407.4461 | AS51: 4933.65 | AT51: 3154.9592 | AU51: 2961.394 | AV51: 2299.2194 | AW51: 2291.3926 | AX51: 2318.307 | AY51: 1950.6859 | AZ51: 2611.8676 | BA51: 2427.6908 | BB51: 2021.0349 | BC51: 2027.3879 | BD51: 10284.77 | BE51: 946.05038 | BF51: 887.2975 | BG51: 949.06289 | BH51: 934.51044 | BI51: 3232.5809 | BJ51: 1589.7828 | BK51: 1146.8116 | BL51: 1836.5011 | BM51: 1362.939 | BN51: 1565.239 | BO51: 2233.2122 | BP51: 1978.956 | BQ51: 2403.6373 | BR51: 1736.248 | BS51: 2196.4072 | BT51: 2240.5229 | BU51: 2195.2638 | BV51: 2190.5446 | BW51: 1736.6192 | BX51: 1376.9644 | BY51: 1637.6951 | BZ51: 1783.6981 | CA51: 1508.4309 | CB51: 1937.7386 | CC51: 3517.9225 | CD51: 6077.64 | CE51: 4883.96 | CF51: 791.86283 | CG51: 695.6185 | CH51: 443.62089 | CI51: 557.79378 | CJ51: 2752.1245 | CK51: 2451.8798 | CL51: 3189.3077 | CM51: 1052.6411 | CN51: 1113.4543 | CO51: 3003.5557 | CP51: 2929.8636 | CQ51: 2883.7357 | CR51: 2757.8952 | CS51: 2784.2168 | CT51: 2629.2682 | CU51: 2565.1537 | CV51: 2599.6212 | CW51: 2806.0204 | CX51: 2878.304 | CY51: 3335.0704 | CZ51: 3326.1366
F52: CY0 | G52: 2575.19 | H52: 2594.29 | I52: 2793.89 | J52: 4015.31 | K52: 4031.11 | L52: 3871.61 | M52: 1091.01 | N52: 1495.88 | O52: 49.132288 | P52: 2896.65 | Q52: 3372.04 | R52: 3074.62 | S52: 3170.48 | T52: 3197.21 | U52: 3681.55 | V52: 3590.88 | W52: 3504.82 | X52: 3411.81 | Y52: 3535.91 | Z52: 3740.26 | AA52: 3542.49 | AB52: 3635.15 | AC52: 3196.59 | AD52: 3243.36 | AE52: 3630.5 | AF52: 3309.3 | AG52: 3487.24 | AH52: 2766.49 | AI52: 1213.56 | AJ52: 981.32 | AK52: 1416.79 | AL52: 1453.95 | AM52: 4803.72 | AN52: 4190.63 | AO52: 4480.18 | AP52: 4631.95 | AQ52: 3828.33 | AR52: 4672.8 | AS52: 5699.84 | AT52: 2829.83 | AU52: 3189.23 | AV52: 4128.71 | AW52: 4296.45 | AX52: 4143.22 | AY52: 3515.43 | AZ52: 4487.02 | BA52: 4268.04 | BB52: 3695.47 | BC52: 3528.28 | BD52: 11053.58 | BE52: 2462.56 | BF52: 2247.96 | BG52: 2238.26 | BH52: 1997.31 | BI52: 5315.62 | BJ52: 3191.51 | BK52: 2414.33 | BL52: 2433.75 | BM52: 2904.68 | BN52: 2658.19 | BO52: 2290.87 | BP52: 3751.21 | BQ52: 2585.21 | BR52: 2243.47 | BS52: 3923.51 | BT52: 3911.95 | BU52: 4046.69 | BV52: 3925.94 | BW52: 2423.91 | BX52: 2349.53 | BY52: 2205.69 | BZ52: 2811.66 | CA52: 2705.71 | CB52: 2804.57 | CC52: 5064.68 | CD52: 7165.26 | CE52: 5883.3 | CF52: 1752.48 | CG52: 1114.2 | CH52: 1343.33 | CI52: 1909.73 | CJ52: 3278.68 | CK52: 3700.48 | CL52: 3501.86 | CM52: 2633.76 | CN52: 2480.92 | CO52: 4907.8 | CP52: 4963.58 | CQ52: 4829.08 | CR52: 4718.9 | CS52: 4792.09 | CT52: 4595.39 | CU52: 4531.42 | CV52: 4648.94 | CW52: 4925.07 | CX52: 4875.94 | CY52: 5247.23 | CZ52: 5445.3
F53: CZ0 | G53: 323.31981 | H53: 476.36167 | I53: 495.6559 | J53: 998.04286 | K53: 1023.973 | L53: 966.19592 | M53: 1497.8248 | N53: 1377.2714 | O53: 2896.65 | P53: 143.45743 | Q53: 636.28177 | R53: 448.63403 | S53: 431.95571 | T53: 435.46246 | U53: 752.27286 | V53: 714.95286 | W53: 608.32113 | X53: 644.31125 | Y53: 690.65124 | Z53: 768.76513 | AA53: 698.53696 | AB53: 753.74179 | AC53: 298.93434 | AD53: 460.36332 | AE53: 770.81976 | AF53: 431.67165 | AG53: 925.66091 | AH53: 1576.7521 | AI53: 1602.2093 | AJ53: 1884.8542 | AK53: 1915.4981 | AL53: 2291.59 | AM53: 2490.5465 | AN53: 2077.2596 | AO53: 2394.1014 | AP53: 2398.2566 | AQ53: 2031.7459 | AR53: 2733.5132 | AS53: 4259.5385 | AT53: 2002.3161 | AU53: 1631.6371 | AV53: 1155.1455 | AW53: 1209.2081 | AX53: 1115.8604 | AY53: 864.59457 | AZ53: 1530.0085 | BA53: 1674.8001 | BB53: 1250.2634 | BC53: 1421.4173 | BD53: 9743.44 | BE53: 766.55061 | BF53: 498.40571 | BG53: 508.09738 | BH53: 639.6854 | BI53: 2021.3168 | BJ53: 1000.6849 | BK53: 1598.3292 | BL53: 1924.4337 | BM53: 862.80692 | BN53: 1181.2577 | BO53: 1087.002 | BP53: 835.96786 | BQ53: 1269.8625 | BR53: 2321.6421 | BS53: 926.69984 | BT53: 973.33152 | BU53: 942.27799 | BV53: 938.05633 | BW53: 581.95192 | BX53: 426.81551 | BY53: 712.19209 | BZ53: 496.64911 | CA53: 282.76112 | CB53: 695.30159 | CC53: 2746.4038 | CD53: 5266.61 | CE53: 4246.88 | CF53: 990.58048 | CG53: 1365.7586 | CH53: 1375.5217 | CI53: 1049.8899 | CJ53: 1422.3656 | CK53: 1122.1208 | CL53: 1859.5488 | CM53: 622.00994 | CN53: 407.04705 | CO53: 1792.2926 | CP53: 1718.6004 | CQ53: 1672.4714 | CR53: 1546.6314 | CS53: 1572.9537 | CT53: 1418.0043 | CU53: 1353.8904 | CV53: 1388.3576 | CW53: 1594.7566 | CX53: 1667.0401 | CY53: 2123.8065 | CZ53: 2114.8711
F54: DE1 | G54: 681.77727 | H54: 643.26477 | I54: 404.88761 | J54: 540.64636 | K54: 592.93876 | L54: 487.49442 | M54: 1852.6167 | N54: 1720.3729 | O54: 3372.04 | P54: 636.28177 | Q54: 96.58657 | R54: 283.43898 | S54: 675.19977 | T54: 678.10227 | U54: 677.9567 | V54: 696.16864 | W54: 271.6945 | X54: 829.73312 | Y54: 598.97783 | Z54: 447.33965 | AA54: 239.50887 | AB54: 244.84617 | AC54: 525.56986 | AD54: 542.91756 | AE54: 778.43573 | AF54: 402.77492 | AG54: 1017.4633 | AH54: 2179.5203 | AI54: 1919.8749 | AJ54: 2136.7027 | AK54: 2255.9328 | AL54: 2634.2482 | AM54: 1880.2941 | AN54: 1464.1083 | AO54: 1783.838 | AP54: 1785.4979 | AQ54: 1413.8352 | AR54: 2115.596 | AS54: 3641.6278 | AT54: 2337.2549 | AU54: 1788.0832 | AV54: 629.61957 | AW54: 657.16383 | AX54: 646.79625 | AY54: 289.90868 | AZ54: 993.42477 | BA54: 1062.7063 | BB54: 637.39551 | BC54: 874.67778 | BD54: 9119.29 | BE54: 948.45606 | BF54: 930.82909 | BG54: 898.45 | BH54: 1091.5832 | BI54: 1576.1128 | BJ54: 547.28744 | BK54: 1338.1544 | BL54: 1607.03 | BM54: 653.19613 | BN54: 899.2098 | BO54: 1689.7706 | BP54: 328.85182 | BQ54: 1872.6307 | BR54: 2056.4818 | BS54: 614.3278 | BT54: 636.75 | BU54: 592.32734 | BV54: 587.20692 | BW54: 1176.2739 | BX54: 1038.4937 | BY54: 1326.5389 | BZ54: 898.05212 | CA54: 796.66698 | CB54: 1152.966 | CC54: 2135.5311 | CD54: 4607.8 | CE54: 3627.93 | CF54: 1438.3344 | CG54: 1850.1784 | CH54: 1798.0622 | CI54: 1452.8354 | CJ54: 1578.8125 | CK54: 1278.5674 | CL54: 2015.9953 | CM54: 730.60803 | CN54: 942.18068 | CO54: 1347.0878 | CP54: 1273.3958 | CQ54: 1227.2672 | CR54: 1101.427 | CS54: 1127.7488 | CT54: 972.80001 | CU54: 908.68594 | CV54: 943.15329 | CW54: 1149.5524 | CX54: 1221.836 | CY54: 1678.6021 | CZ54: 1669.6675
F55: DE2 | G55: 496.26571 | H55: 468.95666 | I55: 309.28181 | J55: 686.78104 | K55: 729.63096 | L55: 642.98064 | M55: 1685.4134 | N55: 1556.6039 | O55: 3074.62 | P55: 448.63403 | Q55: 283.43898 | R55: 135.68166 | S55: 526.20208 | T55: 530.22715 | U55: 676.38901 | V55: 684.80208 | W55: 336.71742 | X55: 705.44142 | Y55: 595.09111 | Z55: 522.72096 | AA55: 379.72213 | AB55: 417.65573 | AC55: 368.64175 | AD55: 426.96751 | AE55: 755.64758 | AF55: 307.17653 | AG55: 946.1344 | AH55: 2008.5593 | AI55: 1779.9475 | AJ55: 2013.4082 | AK55: 2094.3876 | AL55: 2470.4794 | AM55: 2102.2248 | AN55: 1682.6747 | AO55: 1992.8073 | AP55: 2004.5636 | AQ55: 1626.7646 | AR55: 2328.4906 | AS55: 3854.7043 | AT55: 2230.55 | AU55: 1681.3779 | AV55: 821.05497 | AW55: 864.88769 | AX55: 803.82661 | AY55: 512.22554 | AZ55: 1193.8593 | BA55: 1286.5059 | BB55: 859.08614 | BC55: 1045.678 | BD55: 9335.01 | BE55: 793.27539 | BF55: 744.9212 | BG55: 711.8367 | BH55: 905.61441 | BI55: 1725.117 | BJ55: 644.03613 | BK55: 1338.8669 | BL55: 1648.3655 | BM55: 624.6962 | BN55: 914.28805 | BO55: 1518.8096 | BP55: 496.67719 | BQ55: 1701.67 | BR55: 2057.1944 | BS55: 702.53265 | BT55: 740.70354 | BU55: 696.05967 | BV55: 691.74631 | BW55: 1000.253 | BX55: 829.70351 | BY55: 1130.3645 | BZ55: 741.77652 | CA55: 621.40213 | CB55: 995.5459 | CC55: 2357.1683 | CD55: 4861.7 | CE55: 3838.51 | CF55: 1252.427 | CG55: 1654.9576 | CH55: 1614.6145 | CI55: 1276.7675 | CJ55: 1472.1072 | CK55: 1171.8624 | CL55: 1909.2904 | CM55: 582.25769 | CN55: 747.31944 | CO55: 1496.0923 | CP55: 1422.4001 | CQ55: 1376.2715 | CR55: 1250.4315 | CS55: 1276.7532 | CT55: 1121.8043 | CU55: 1057.6902 | CV55: 1092.1575 | CW55: 1298.5566 | CX55: 1370.8402 | CY55: 1827.6066 | CZ55: 1818.672
F56: DE3 | G56: 697.54455 | H56: 881.54889 | I56: 732.62267 | J56: 775.3 | K56: 777.135 | L56: 772.94857 | M56: 1879.8172 | N56: 1759.262 | O56: 3170.48 | P56: 431.95571 | Q56: 675.19977 | R56: 526.20208 | S56: 15.256506 | T56: 82.742222 | U56: 422.9 | V56: 284.29 | W56: 512.21154 | X56: 209.17 | Y56: 364.89609 | Z56: 523.55396 | AA56: 651.35806 | AB56: 727.38167 | AC56: 226.74846 | AD56: 176.18571 | AE56: 342.54667 | AF56: 306.9687 | AG56: 494.44364 | AH56: 1539.506 | AI56: 1984.1994 | AJ56: 2246.8417 | AK56: 2297.49 | AL56: 2673.5813 | AM56: 2417.2183 | AN56: 2034.295 | AO56: 2322.73 | AP56: 2351.5206 | AQ56: 2081.137 | AR56: 2765.0327 | AS56: 4251.6729 | AT56: 1747.77 | AU56: 1198.6 | AV56: 1070.5812 | AW56: 1132.6236 | AX56: 871.045 | AY56: 891.977 | AZ56: 1439.8815 | BA56: 1680.1125 | BB56: 1304.4533 | BC56: 1511.9615 | BD56: 9780.48 | BE56: 1188.29 | BF56: 880.39 | BG56: 887.10556 | BH56: 1023.0533 | BI56: 1771.4637 | BJ56: 1108.0948 | BK56: 1798.2358 | BL56: 2119.3547 | BM56: 1086.8418 | BN56: 1376.4227 | BO56: 1049.755 | BP56: 766.56 | BQ56: 1232.615 | BR56: 2516.56 | BS56: 622.04556 | BT56: 673.635 | BU56: 653.23 | BV56: 645.82714 | BW56: 562.36308 | BX56: 579.90357 | BY56: 753.25538 | BZ56: 272.6725 | CA56: 350.32286 | CB56: 500.45846 | CC56: 2675.09 | CD56: 5253.15 | CE56: 4290.2 | CF56: 1387.8975 | CG56: 1534.3975 | CH56: 1757.5122 | CI56: 1431.8811 | CJ56: 989.32833 | CK56: 689.08375 | CL56: 1426.5117 | CM56: 1018.97 | CN56: 736.63625 | CO56: 1542.4371 | CP56: 1468.7465 | CQ56: 1422.6164 | CR56: 1296.7773 | CS56: 1323.0993 | CT56: 1168.15 | CU56: 1104.0367 | CV56: 1138.5038 | CW56: 1344.9025 | CX56: 1417.1867 | CY56: 1873.953 | CZ56: 1865.018
... F141: UKN | G141: 2245.9709 | H141: 2221.4824 | I141: 2009.2437 | J141: 1137.318 | K141: 1109.058 | L141: 1202.5667 | M141: 3452.092 | N141: 3326.1366 | O141: 5445.3 | P141: 2114.8711 | Q141: 1669.6675 | R141: 1818.672 | S141: 1865.018 | T141: 1890.9302 | U141: 1597.077 | V141: 1690.528 | W141: 1537.8096 | X141: 1884.6798 | Y141: 1590.5734 | Z141: 1379.1538 | AA141: 1479.7873 | AB141: 1450.195 | AC141: 1854.5451 | AD141: 1744.5429 | AE141: 1764.8575 | AF141: 1700.4123 | AG141: 2010.2876 | AH141: 3237.1528 | AI141: 3524.3422 | AJ141: 3708.8077 | AK141: 3863.9189 | AL141: 4240.0112 | AM141: 2573.449 | AN141: 2192.4745 | AO141: 2478.966 | AP141: 2523.3124 | AQ141: 2457.3014 | AR141: 2983.2929 | AS141: 4407.9063 | AT141: 3331.6151 | AU141: 2782.444 | AV141: 1233.5693 | AW141: 1307.2697 | AX141: 1043.642 | AY141: 1518.4758 | AZ141: 1366.4526 | BA141: 1856.4171 | BB141: 1726.8233 | BC141: 2043.4029 | BD141: 7815.36 | BE141: 2563.8968 | BF141: 2495.06 | BG141: 2462.5036 | BH141: 2655.8127 | BI141: 263.65175 | BJ141: 2028.8698 | BK141: 2871.6683 | BL141: 3109.2116 | BM141: 2235.4683 | BN141: 2414.292 | BO141: 2879.9306 | BP141: 1353.644 | BQ141: 3062.791 | BR141: 3589.994 | BS141: 1324.6022 | BT141: 1277.968 | BU141: 1283.0798 | BV141: 1270.6249 | BW141: 2392.5378 | BX141: 2386.2931 | BY141: 2580.7628 | BZ141: 2120.268 | CA141: 2152.2774 | CB141: 2344.9792 | CC141: 2831.3217 | CD141: 3156.72 | CE141: 2753.23 | CF141: 3002.5642 | CG141: 3350.5845 | CH141: 3366.9073 | CI141: 3035.5242 | CJ141: 2573.1733 | CK141: 2272.9275 | CL141: 3010.3557 | CM141: 2336.7822 | CN141: 2469.8552 | CO141: 437.66571 | CP141: 446.762 | CQ141: 534.414 | CR141: 595.19873 | CS141: 553.95514 | CT141: 755.539 | CU141: 758.11876 | CV141: 798.53086 | CW141: 790.091 | CX141: 499.486 | CY141: 399.98443 | CZ141: 60.721673
B143: Legend
B144: Parameter | C144: Description
C145: distance between regions r∈R and s∈R
C146: current demand for bioethanol in region r∈R
C147: current demand for petrol in region r∈R expressed in tones EtOH equivalent
C148: total available feedstock f∈F in region r∈R for the year 2018 and 2030
C149: specific feedstock potential for feedstock f∈F in region r∈R for the year 2018 and 2030
C150: transformation factor from feedstock f∈F to bioethanol
C151: co-production factor from bioethanol to by-product p∈P
C152: scaling factor for investment related costs and environmental imapcts
C153: capacity of a biorefinery with capacity level c∈C
C154: regional road network tortuosity factor of region r∈R
C155: width of sourcing annuli
B156: Please find a detailed description of all data and parameter values as well as the references in Supporting Information S1.

Sheet Data 2
B1: Environmental data and parameters - Life Cycle Inventory (LCI) modeling
B2: Parameter | C2: Index 1 | D2: Index 2 | E2: Functional unit | F2: Technosphere input | G2: Allocation | H2: Unit | J2: Comment
F3: Environmental parameter allocation noted as SimaPro 9.0 / ecoinvent 3.5 processes.
F4: t refers to metric tons
E6: 1 kg EtOH | F6: Average 1G Ethanol, without water, in 99.7% solution state, from fermentation {EU average}| dewatering of ethanol from biomass, from 95% to 99.7% solution state | APOS, U | G6: 1 | H6: kg | J6: Average 1G Ethanol, without water, in 99.7% solution state, from fermentation, at service station {EU average}| market for | APOS, U
F7: Average 1G Ethanol, without water, in 99.7% solution state, from fermentation {EU average}| dewatering of ethanol from biomass, from 95% to 99.7% solution state | APOS, U | G7: 0.00057150983 | H7: kg
F8: Electricity, low voltage {RER}| market group for | APOS, U | G8: 0.00669999 | H8: kWh
F9: Tap water {RER}| market group for | APOS, U | G9: 0.00068899897 | H9: kg
F10: Heat, central or small-scale, other than natural gas {RER}| market group for | APOS, U | G10: 0.00058373913 | H10: MJ
F11: 1G Transport, freight train {Europe without Switzerland}| market for | APOS, U_bionetwork | G11: 0.109 | H11: tkm
F12: 1G Transport, freight, inland waterways, barge tanker {RER}| processing | APOS, U | G12: 0.039 | H12: tkm
F13: 1G Transport, freight, lorry >32 metric ton, EURO5 {RER}| transport, freight, lorry >32 metric ton, EURO5 | APOS, U_bionetwork | G13: 0.239 | H13: tkm
F14: 1G Transport, freight, lorry >32 metric ton, EURO6 {RER}| transport, freight, lorry >32 metric ton, EURO6 | APOS, U_bionetwork | G14: 0.239 | H14: tkm
E16: petrol in 1 kg EtOH eq | F16: Electricity, low voltage {Europe without Switzerland}| market group for | APOS, U | G16: 0.0066999982 | H16: kWh | J16: Petrol, low-sulfur {Europe without Switzerland}| market for | APOS, U
F17: Heat, central or small-scale, other than natural gas {Europe without Switzerland}| market for heat, central or small-scale, other than natural gas | APOS, U | G17: 0.00058373984 | H17: MJ
F18: Infrastructure, for regional distribution of oil product {GLO}| market for | APOS, U | G18: 2.7799993e-10 | H18: p
F19: Petrol, low-sulfur {Europe without Switzerland}| market for | APOS, U | G19: 0.00056212753 | H19: kg
F20: Petrol, low-sulfur {Europe without Switzerland}| production | APOS, U | G20: 1 | H20: kg
F21: Tap water {Europe without Switzerland}| market for | APOS, U | G21: 0.00068899982 | H21: kg
F22: Transport, freight train {Europe without Switzerland}| market for | APOS, U | G22: 0.043999988 | H22: tkm
F23: Transport, freight, inland waterways, barge tanker {GLO}| market group for transport, freight, inland waterways, barge tanker | APOS, U | G23: 0.032299991 | H23: tkm
F24: Transport, freight, light commercial vehicle {GLO}| market group for transport, freight, light commercial vehicle | APOS, U | G24: 0.0017999995 | H24: tkm
F25: Transport, freight, lorry, unspecified {GLO}| market group for transport, freight, lorry, unspecified | APOS, U | G25: 0.056699985 | H25: tkm
F26: Transport, pipeline, onshore, petroleum {RER}| market for transport, pipeline, onshore, petroleum | APOS, U | G26: 0.55899985 | H26: tkm
C28: p = electricity | D28: r = AT | E28: 1 MJ | F28: 1 MJ Electricity, medium voltage {AT}| market for | APOS, U (of project Ecoinvent 3 - allocation at point of substitution - unit) | G28: 1 | H28: MJ
D29: r = BE | F29: 1 MJ Electricity, medium voltage {BE}| market for | APOS, U (of project Ecoinvent 3 - allocation at point of substitution - unit) | G29: 1 | H29: MJ
D30: r = BG | F30: 1 MJ Electricity, medium voltage {BG}| market for | APOS, U (of project Ecoinvent 3 - allocation at point of substitution - unit) | G30: 1 | H30: MJ
D31: r = CY | F31: 1 MJ Electricity, medium voltage {CY}| market for | APOS, U (of project Ecoinvent 3 - allocation at point of substitution - unit) | G31: 1 | H31: MJ
D32: r = CZ | F32: 1 MJ Electricity, medium voltage {CZ}| market for | APOS, U (of project Ecoinvent 3 - allocation at point of substitution - unit) | G32: 1 | H32: MJ
D33: r = DE | F33: 1 MJ Electricity, medium voltage {DE}| market for | APOS, U (of project Ecoinvent 3 - allocation at point of substitution - unit) | G33: 1 | H33: MJ
D34: r = DK | F34: 1 MJ Electricity, medium voltage {DK}| market for | APOS, U (of project Ecoinvent 3 - allocation at point of substitution - unit) | G34: 1 | H34: MJ
D35: r = EE | F35: 1 MJ Electricity, medium voltage {EE}| market for | APOS, U (of project Ecoinvent 3 - allocation at point of substitution - unit) | G35: 1 | H35: MJ
D36: r = EL | F36: 1 MJ Electricity, medium voltage {EL}| market for | APOS, U (of project Ecoinvent 3 - allocation at point of substitution - unit) | G36: 1 | H36: MJ
D37: r = ES | F37: 1 MJ Electricity, medium voltage {ES}| market for | APOS, U (of project Ecoinvent 3 - allocation at point of substitution - unit) | G37: 1 | H37: MJ
D38: r = FI | F38: 1 MJ Electricity, medium voltage {FI}| market for | APOS, U (of project Ecoinvent 3 - allocation at point of substitution - unit) | G38: 1 | H38: MJ
D39: r = FR | F39: 1 MJ Electricity, medium voltage {FR}| market for | APOS, U (of project Ecoinvent 3 - allocation at point of substitution - unit) | G39: 1 | H39: MJ
D40: r = HR | F40: 1 MJ Electricity, medium voltage {HR}| market for | APOS, U (of project Ecoinvent 3 - allocation at point of substitution - unit) | G40: 1 | H40: MJ
... D55: r = UK | F55: 1 MJ Electricity, medium voltage {UK}| market for | APOS, U (of project Ecoinvent 3 - allocation at point of substitution - unit) | G55: 1 | H55: MJ
C56: p = biogas | D56: r = AT | E56: 1 m3 | F56: 1 m3 Natural gas, high pressure {AT}| market for | APOS, U (of project Ecoinvent 3 - allocation at point of substitution - unit) | G56: 1 | H56: m3
D57: r = BE | F57: 1 m3 Natural gas, high pressure {BE}| market for | APOS, U (of project Ecoinvent 3 - allocation at point of substitution - unit) | G57: 1 | H57: m3
D58: r = BG | F58: 1 m3 Natural gas, high pressure {Europe without Switzerland}| market group for | APOS, U (of project Ecoinvent 3 - allocation at point of substitution - unit) | G58: 1 | H58: m3 | J58: Country data not available
D59: r = CY | F59: 1 m3 Natural gas, high pressure {Europe without Switzerland}| market group for | APOS, U (of project Ecoinvent 3 - allocation at point of substitution - unit) | G59: 1 | H59: m3 | J59: Country data not available
D60: r = CZ | F60: 1 m3 Natural gas, high pressure {CZ}| market for | APOS, U (of project Ecoinvent 3 - allocation at point of substitution - unit) | G60: 1 | H60: m3
D61: r = DE | F61: 1 m3 Natural gas, high pressure {DE}| market for | APOS, U (of project Ecoinvent 3 - allocation at point of substitution - unit) | G61: 1 | H61: m3
D62: r = DK | F62: 1 m3 Natural gas, high pressure {DK}| market for | APOS, U (of project Ecoinvent 3 - allocation at point of substitution - unit) | G62: 1 | H62: m3
D63: r = EE | F63: 1 m3 Natural gas, high pressure {Europe without Switzerland}| market group for | APOS, U (of project Ecoinvent 3 - allocation at point of substitution - unit) | G63: 1 | H63: m3 | J63: Country data not available
D64: r = EL | F64: 1 m3 Natural gas, high pressure {EL}| market for | APOS, U (of project Ecoinvent 3 - allocation at point of substitution - unit) | G64: 1 | H64: m3
D65: r = ES | F65: 1 m3 Natural gas, high pressure {ES}| market for | APOS, U (of project Ecoinvent 3 - allocation at point of substitution - unit) | G65: 1 | H65: m3
D66: r = FI | F66: 1 m3 Natural gas, high pressure {FI}| market for | APOS, U (of project Ecoinvent 3 - allocation at point of substitution - unit) | G66: 1 | H66: m3
D67: r = FR | F67: 1 m3 Natural gas, high pressure {FR}| market for | APOS, U (of project Ecoinvent 3 - allocation at point of substitution - unit) | G67: 1 | H67: m3
D68: r = HR | F68: 1 m3 Natural gas, high pressure {Europe without Switzerland}| market group for | APOS, U (of project Ecoinvent 3 - allocation at point of substitution - unit) | G68: 1 | H68: m3 | J68: Country data not available
D69: r = HU | F69: 1 m3 Natural gas, high pressure {HU}| market for | APOS, U (of project Ecoinvent 3 - allocation at point of substitution - unit) | G69: 1 | H69: m3
D70: r = IE | F70: 1 m3 Natural gas, high pressure {IE}| market for | APOS, U (of project Ecoinvent 3 - allocation at point of substitution - unit) | G70: 1 | H70: m3
D71: r = IT | F71: 1 m3 Natural gas, high pressure {IT}| market for | APOS, U (of project Ecoinvent 3 - allocation at point of substitution - unit) | G71: 1 | H71: m3
D72: r = LT | F72: 1 m3 Natural gas, high pressure {Europe without Switzerland}| market group for | APOS, U (of project Ecoinvent 3 - allocation at point of substitution - unit) | G72: 1 | H72: m3 | J72: Country data not available
D73: r = LU | F73: 1 m3 Natural gas, high pressure {Europe without Switzerland}| market group for | APOS, U (of project Ecoinvent 3 - allocation at point of substitution - unit) | G73: 1 | H73: m3 | J73: Country data not available
D74: r = LV | F74: 1 m3 Natural gas, high pressure {Europe without Switzerland}| market group for | APOS, U (of project Ecoinvent 3 - allocation at point of substitution - unit) | G74: 1 | H74: m3 | J74: Country data not available
D75: r = MT | F75: 1 m3 Natural gas, high pressure {Europe without Switzerland}| market group for | APOS, U (of project Ecoinvent 3 - allocation at point of substitution - unit) | G75: 1 | H75: m3 | J75: Country data not available
D76: r = NL | F76: 1 m3 Natural gas, high pressure {NL}| market for | APOS, U (of project Ecoinvent 3 - allocation at point of substitution - unit) | G76: 1 | H76: m3
D77: r = PL | F77: 1 m3 Natural gas, high pressure {PL}| market for natural gas, high pressure | APOS, U (of project Ecoinvent 3 - allocation at point of substitution - unit) | G77: 1 | H77: m3
D78: r = PT | F78: 1 m3 Natural gas, high pressure {Europe without Switzerland}| market group for | APOS, U (of project Ecoinvent 3 - allocation at point of substitution - unit) | G78: 1 | H78: m3 | J78: Country data not available
D79: r = RO | F79: 1 m3 Natural gas, high pressure {Europe without Switzerland}| market group for | APOS, U (of project Ecoinvent 3 - allocation at point of substitution - unit) | G79: 1 | H79: m3 | J79: Country data not available
D80: r = SE | F80: 1 m3 Natural gas, high pressure {SE}| market for | APOS, U (of project Ecoinvent 3 - allocation at point of substitution - unit) | G80: 1 | H80: m3
D81: r = SI | F81: 1 m3 Natural gas, high pressure {Europe without Switzerland}| market group for | APOS, U (of project Ecoinvent 3 - allocation at point of substitution - unit) | G81: 1 | H81: m3 | J81: Country data not available
D82: r = SK | F82: 1 m3 Natural gas, high pressure {SK}| market for | APOS, U (of project Ecoinvent 3 - allocation at point of substitution - unit) | G82: 1 | H82: m3
D83: r = UK | F83: 1 m3 Natural gas, high pressure {UK}| market for | APOS, U (of project Ecoinvent 3 - allocation at point of substitution - unit) | G83: 1 | H83: m3
C85: c = 1 kg | E85: 1 kg EtOH | F85: Ethanol fermentation plant {GLO}| market for | APOS, U | G85: 5.8844125e-10 | H85: p | J85: inventory of annualized impacts of installing a biorefinery (to produce pure 99.7% EtOH and to upgrade stillage to biomethane)
F86: Heat and power co-generation unit, 6400kW thermal, building {GLO}| construction | APOS, U | G86: 6.1063118e-09 | H86: p | J86: Ethanol fermentation plant {CH}| construction | APOS, U_bionetwork
F87: Heat and power co-generation unit, 6400kW thermal, common components for heat+electricity {GLO}| construction | APOS, U | G87: 2.4425247e-08 | H87: p
F88: Heat and power co-generation unit, 6400kW thermal, components for electricity only {GLO}| construction | APOS, U | G88: 2.4425247e-08 | H88: p
E90: 1 kg EtOH | F90: Ammonia, liquid {RER}| market for | APOS, U | G90: 0.0132 | H90: kg | J90: inventory of variable impacts of refining bioethanol at a biorefinery (Ethanol, without water, in 99,7% solution state, from fermentation {EU average}| ethanol production)
F91: Ammonium sulfate, as N {GLO}| market for | APOS, U | G91: 0.001168592 | H91: kg | J91: Ethanol, without water, in 99,7% solution state, from fermentation {EU average}| ethanol production from straw | APOS, U
F92: Calcium chloride {RER}| market for calcium chloride | APOS, U | G92: 0.0011859154 | H92: kg
F93: Chemical, organic {GLO}| market for | APOS, U | G93: 0.00023619711 | H93: kg
F94: Chlorine, liquid {RER}| market for chlorine, liquid | APOS, U | G94: 6.0809663e-06 | H94: kg
F95: Lubricating oil {RER}| market for lubricating oil | APOS, U | G95: 6.0809663e-05 | H95: kg
F96: Magnesium sulfate {GLO}| market for | APOS, U | G96: 0.00053747577 | H96: kg
F97: Maize starch {GLO}| market for | APOS, U | G97: 0.02611342 | H97: kg
F98: Nitrogen fertiliser, as N {GLO}| market for | APOS, U | G98: 0.0016485046 | H98: kg
F99: Quicklime, in pieces, loose {RoW}| market for quicklime, in pieces, loose | APOS, U | G99: 0 | H99: kg
F100: Sodium chloride, powder {GLO}| market for | APOS, U | G100: 7.6009511e-05 | H100: kg
F101: Sulfuric acid {RER}| market for sulfuric acid | APOS, U | G101: 0 | H101: kg
F102: Tap water {Europe without Switzerland}| market for | APOS, U | G102: 7.9433054 | H102: kg
F103: Urea, as N {GLO}| market for | APOS, U | G103: 0.00049685885 | H103: kg
F104: Water, decarbonised, at user {GLO}| market for | APOS, U | G104: 0.014590457 | H104: kg
C106: f = wheat straw | E106: 1 t straw | F106: Nitrogen fertiliser, as N {GLO}| market for | APOS, U | G106: 1.5 | H106: kg | J106: inventory of feedstock wheat straw at farm
F107: Phosphate fertiliser, as P2O5 {GLO}| market for | APOS, U | G107: 3 | H107: kg
F108: Potassium chloride, as K2O {GLO}| market for | APOS, U | G108: 7 | H108: kg
C109: f = maize stover | E109: 1 t straw | F109: Nitrogen fertiliser, as N {GLO}| market for | APOS, U | G109: 2.7 | H109: kg | J109: inventory of feedstock maize stover at farm
F110: Phosphate fertiliser, as P2O5 {GLO}| market for | APOS, U | G110: 2 | H110: kg
F111: Potassium chloride, as K2O {GLO}| market for | APOS, U | G111: 10 | H111: kg
C112: f = barley straw | E112: 1 t straw | F112: Nitrogen fertiliser, as N {GLO}| market for | APOS, U | G112: 1.5 | H112: kg | J112: inventory of feedstock barley straw at farm
F113: Phosphate fertiliser, as P2O5 {GLO}| market for | APOS, U | G113: 3 | H113: kg
F114: Potassium chloride, as K2O {GLO}| market for | APOS, U | G114: 9 | H114: kg
C115: f = rapeseed straw | E115: 1 t straw | F115: Nitrogen fertiliser, as N {GLO}| market for | APOS, U | G115: 3.3 | H115: kg | J115: inventory of feedstock rapeseed straw at farm
F116: Phosphate fertiliser, as P2O5 {GLO}| market for | APOS, U | G116: 6 | H116: kg
F117: Potassium chloride, as K2O {GLO}| market for | APOS, U | G117: 12.5 | H117: kg
C119: t = rail | E119: 1 t straw | F119: 1 tkm Transport, freight, lorry 16-32 metric ton, EURO5 {RER}| transport, freight, lorry 16-32 metric ton, EURO5 | APOS, U_bionetwork (of project Bionetwork) | G119: 30 | H119: tkm | J119: inventory of fixed impacts of transporting feedstock with train
F120: 1 tkm Transport, freight, lorry 16-32 metric ton, EURO6 {RER}| transport, freight, lorry 16-32 metric ton, EURO6 | APOS, U_bionetwork (of project Bionetwork) | G120: 30 | H120: tkm
F121: Bale loading {CH}| processing | APOS, U | G121: =1/0.2*2 -> 10 | H121: p
...

Sheet Data 3
B1: Environmental data and parameters - Values
B2: Parameter | C2: Dimension | D2: Index | E2: Unit | F2: Values
E3: t refers to metric tons
C5: hum. health | E5: DALY/t EtOH | F5: 0.0017657704
C6: ecos. qual. | E6: Species.Yr/t EtOH | F6: 2.4208486e-05
C7: res. scarcity | E7: USD2013/t EtOH | F7: 130.42994
C8: midpoint 1 | E8: kg CO2 eq/t EtOH | F8: -371.52806
C9: midpoint 2 | E9: kg CFC11 eq/t EtOH | F9: 0.013645478
C10: midpoint 3 | E10: kBq Co-60 eq/t EtOH | F10: 77.999762
C11: midpoint 4 | E11: kg NOx eq/t EtOH | F11: 2.6128011
C12: midpoint 5 | E12: kg PM2.5 eq/t EtOH | F12: 2.4662873
C13: midpoint 6 | E13: kg NOx eq/t EtOH | F13: 2.696113
C14: midpoint 7 | E14: kg SO2 eq/t EtOH | F14: 12.838055
C15: midpoint 8 | E15: kg P eq/t EtOH | F15: 0.37127896
C16: midpoint 9 | E16: kg N eq/t EtOH | F16: 4.2983409
... C47: midpoint 18 | E47: m3/t EtOH eq. | F47: 4.2408302
F49: AT1 | G49: AT2 | H49: AT3 | I49: BE1 | J49: BE2 | K49: BE3 | L49: BG3 | M49: BG4 | N49: CY0 | O49: CZ0 | P49: DE1 | Q49: DE2 | R49: DE3 | S49: DE4 | T49: DE5 | U49: DE6 | V49: DE7 | W49: DE8 | X49: DE9 | Y49: DEA | Z49: DEB | AA49: DEC | AB49: DED | AC49: DEE | AD49: DEF | AE49: DEG | AF49: DK0 | AG49: EE0 | AH49: EL5 | AI49: EL6 | AJ49: EL3 | AK49: EL4 | AL49: ES1 | AM49: ES2 | AN49: ES3 | AO49: ES4 | AP49: ES5 | AQ49: ES6 | AR49: ES7 | AS49: FI1 | AT49: FI2 | AU49: FR1 | AV49: FR2 | AW49: FR3 | AX49: FR4 | AY49: FR5 | AZ49: FR6 | BA49: FR7 | BB49: FR8 | BC49: FR9 | BD49: HR0 | BE49: HU1 | BF49: HU2 | BG49: HU3 | BH49: IE0 | BI49: ITC | BJ49: ITF | BK49: ITG | BL49: ITH | BM49: ITI | BN49: LT0 | BO49: LU0 | BP49: LV0 | BQ49: MT0 | BR49: NL1 | BS49: NL2 | BT49: NL3 | BU49: NL4 | BV49: PL1 | BW49: PL2 | BX49: PL3 | BY49: PL4 | BZ49: PL5 | CA49: PL6 | CB49: PT1 | CC49: PT2 | CD49: PT3 | CE49: RO1 | CF49: RO2 | CG49: RO3 | CH49: RO4 | CI49: SE1 | CJ49: SE2 | CK49: SE3 | CL49: SI0 | CM49: SK0 | CN49: UKC | CO49: UKD | CP49: UKE | CQ49: UKF | CR49: UKG | CS49: UKH | CT49: UKI | CU49: UKJ | CV49: UKK | CW49: UKL | CX49: UKM | CY49: UKN
C50: hum. health | D50: p = surplus electricity | E50: DALY/MJ | F50: 1.7170694e-07 | G50: 1.7170694e-07 | H50: 1.7170694e-07 | I50: 1.2609226e-07 | J50: 1.2609226e-07 | K50: 1.2609226e-07 | L50: 5.3121552e-07 | M50: 5.3121552e-07 | N50: 6.8091734e-07 | O50: 4.5729925e-07 | P50: 3.3011411e-07 | Q50: 3.3011411e-07 | R50: 3.3011411e-07 | S50: 3.3011411e-07 | T50: 3.3011411e-07 | U50: 3.3011411e-07 | V50: 3.3011411e-07 | W50: 3.3011411e-07 | X50: 3.3011411e-07 | Y50: 3.3011411e-07 | Z50: 3.3011411e-07 | AA50: 3.3011411e-07 | AB50: 3.3011411e-07 | AC50: 3.3011411e-07 | AD50: 3.3011411e-07 | AE50: 3.3011411e-07 | AF50: 1.9048906e-07 | AG50: 5.6725203e-07 | AH50: 8.9427061e-07 | AI50: 8.9427061e-07 | AJ50: 8.9427061e-07 | AK50: 8.9427061e-07 | AL50: 2.6755576e-07 | AM50: 2.6755576e-07 | AN50: 2.6755576e-07 | AO50: 2.6755576e-07 | AP50: 2.6755576e-07 | AQ50: 2.6755576e-07 | AR50: 2.6755576e-07 | AS50: 1.281645e-07 | AT50: 1.281645e-07 | AU50: 4.1123375e-08 | AV50: 4.1123375e-08 | AW50: 4.1123375e-08 | AX50: 4.1123375e-08 | AY50: 4.1123375e-08 | AZ50: 4.1123375e-08 | BA50: 4.1123375e-08 | BB50: 4.1123375e-08 | BC50: 4.1123375e-08 | BD50: 3.6409934e-07 | BE50: 3.1197211e-07 | BF50: 3.1197211e-07 | BG50: 3.1197211e-07 | BH50: 2.5768166e-07 | BI50: 2.5191638e-07 | BJ50: 2.5191638e-07 | BK50: 2.5191638e-07 | BL50: 2.5191638e-07 | BM50: 2.5191638e-07 | BN50: 3.3457101e-07 | BO50: 2.7467404e-07 | BP50: 3.5775627e-07 | BQ50: 8.2202154e-07 | BR50: 2.6159774e-07 | BS50: 2.6159774e-07 | BT50: 2.6159774e-07 | BU50: 2.6159774e-07 | BV50: 7.2615767e-07 | BW50: 7.2615767e-07 | BX50: 7.2615767e-07 | BY50: 7.2615767e-07 | BZ50: 7.2615767e-07 | CA50: 7.2615767e-07 | CB50: 2.6185617e-07 | CC50: 2.6185617e-07 | CD50: 2.6185617e-07 | CE50: 4.5117657e-07 | CF50: 4.5117657e-07 | CG50: 4.5117657e-07 | CH50: 4.5117657e-07 | CI50: 3.69196e-08 | CJ50: 3.69196e-08 | CK50: 3.69196e-08 | CL50: 3.7985293e-07 | CM50: 3.3665855e-07 | CN50: 3.0495619e-07 | CO50: 3.0495619e-07 | CP50: 3.0495619e-07 | CQ50: 3.0495619e-07 | CR50: 3.0495619e-07 | CS50: 3.0495619e-07 | CT50: 3.0495619e-07 | CU50: 3.0495619e-07 | CV50: 3.0495619e-07 | CW50: 3.0495619e-07 | CX50: 3.0495619e-07 | CY50: 3.0495619e-07
C51: ecos. qual. | E51: Species.Yr/MJ | F51: 4.5255616e-10 | G51: 4.5255616e-10 | H51: 4.5255616e-10 | I51: 3.3954642e-10 | J51: 3.3954642e-10 | K51: 3.3954642e-10 | L51: 9.9577995e-10 | M51: 9.9577995e-10 | N51: 1.3964366e-09 | O51: 1.0869801e-09 | P51: 8.4946686e-10 | Q51: 8.4946686e-10 | R51: 8.4946686e-10 | S51: 8.4946686e-10 | T51: 8.4946686e-10 | U51: 8.4946686e-10 | V51: 8.4946686e-10 | W51: 8.4946686e-10 | X51: 8.4946686e-10 | Y51: 8.4946686e-10 | Z51: 8.4946686e-10 | AA51: 8.4946686e-10 | AB51: 8.4946686e-10 | AC51: 8.4946686e-10 | AD51: 8.4946686e-10 | AE51: 8.4946686e-10 | AF51: 5.8294316e-10 | AG51: 1.2670379e-09 | AH51: 1.6017599e-09 | AI51: 1.6017599e-09 | AJ51: 1.6017599e-09 | AK51: 1.6017599e-09 | AL51: 4.9956915e-10 | AM51: 4.9956915e-10 | AN51: 4.9956915e-10 | AO51: 4.9956915e-10 | AP51: 4.9956915e-10 | AQ51: 4.9956915e-10 | AR51: 4.9956915e-10 | AS51: 3.8602758e-10 | AT51: 3.8602758e-10 | AU51: 8.0577178e-11 | AV51: 8.0577178e-11 | AW51: 8.0577178e-11 | AX51: 8.0577178e-11 | AY51: 8.0577178e-11 | AZ51: 8.0577178e-11 | BA51: 8.0577178e-11 | BB51: 8.0577178e-11 | BC51: 8.0577178e-11 | BD51: 6.5901988e-10 | BE51: 7.3927096e-10 | BF51: 7.3927096e-10 | BG51: 7.3927096e-10 | BH51: 6.095372e-10 | BI51: 5.7445533e-10 | BJ51: 5.7445533e-10 | BK51: 5.7445533e-10 | BL51: 5.7445533e-10 | BM51: 5.7445533e-10 | BN51: 7.6563664e-10 | BO51: 7.1636978e-10 | BP51: 8.2445029e-10 | BQ51: 1.6929388e-09 | BR51: 6.9062535e-10 | BS51: 6.9062535e-10 | BT51: 6.9062535e-10 | BU51: 6.9062535e-10 | BV51: 1.5988636e-09 | BW51: 1.5988636e-09 | BX51: 1.5988636e-09 | BY51: 1.5988636e-09 | BZ51: 1.5988636e-09 | CA51: 1.5988636e-09 | CB51: 5.4887265e-10 | CC51: 5.4887265e-10 | CD51: 5.4887265e-10 | CE51: 6.9918116e-10 | CF51: 6.9918116e-10 | CG51: 6.9918116e-10 | CH51: 6.9918116e-10 | CI51: 1.3479619e-10 | CJ51: 1.3479619e-10 | CK51: 1.3479619e-10 | CL51: 6.6435799e-10 | CM51: 7.017733e-10 | CN51: 7.3087657e-10 | CO51: 7.3087657e-10 | CP51: 7.3087657e-10 | CQ51: 7.3087657e-10 | CR51: 7.3087657e-10 | CS51: 7.3087657e-10 | CT51: 7.3087657e-10 | CU51: 7.3087657e-10 | CV51: 7.3087657e-10 | CW51: 7.3087657e-10 | CX51: 7.3087657e-10 | CY51: 7.3087657e-10
C52: res. scarcity | E52: USD2013/MJ | F52: 0.0027310221 | G52: 0.0027310221 | H52: 0.0027310221 | I52: 0.0062195956 | J52: 0.0062195956 | K52: 0.0062195956 | L52: 0.0029667171 | M52: 0.0029667171 | N52: 0.041658379 | O52: 0.0023328648 | P52: 0.0040627651 | Q52: 0.0040627651 | R52: 0.0040627651 | S52: 0.0040627651 | T52: 0.0040627651 | U52: 0.0040627651 | V52: 0.0040627651 | W52: 0.0040627651 | X52: 0.0040627651 | Y52: 0.0040627651 | Z52: 0.0040627651 | AA52: 0.0040627651 | AB52: 0.0040627651 | AC52: 0.0040627651 | AD52: 0.0040627651 | AE52: 0.0040627651 | AF52: 0.0039495016 | AG52: 0.032061422 | AH52: 0.0073928421 | AI52: 0.0073928421 | AJ52: 0.0073928421 | AK52: 0.0073928421 | AL52: 0.0055595192 | AM52: 0.0055595192 | AN52: 0.0055595192 | AO52: 0.0055595192 | AP52: 0.0055595192 | AQ52: 0.0055595192 | AR52: 0.0055595192 | AS52: 0.003258461 | AT52: 0.003258461 | AU52: 0.00094481259 | AV52: 0.00094481259 | AW52: 0.00094481259 | AX52: 0.00094481259 | AY52: 0.00094481259 | AZ52: 0.00094481259 | BA52: 0.00094481259 | BB52: 0.00094481259 | BC52: 0.00094481259 | BD52: 0.0028265926 | BE52: 0.0043304801 | BF52: 0.0043304801 | BG52: 0.0043304801 | BH52: 0.011277954 | BI52: 0.0096577911 | BJ52: 0.0096577911 | BK52: 0.0096577911 | BL52: 0.0096577911 | BM52: 0.0096577911 | BN52: 0.020561685 | BO52: 0.0062343238 | BP52: 0.021231095 | BQ52: 0.050764887 | BR52: 0.010041583 | BS52: 0.010041583 | BT52: 0.010041583 | BU52: 0.010041583 | BV52: 0.0055110539 | BW52: 0.0055110539 | BX52: 0.0055110539 | BY52: 0.0055110539 | BZ52: 0.0055110539 | CA52: 0.0055110539 | CB52: 0.0042520696 | CC52: 0.0042520696 | CD52: 0.0042520696 | CE52: 0.002944236 | CF52: 0.002944236 | CG52: 0.002944236 | CH52: 0.002944236 | CI52: 0.00088342084 | CJ52: 0.00088342084 | CK52: 0.00088342084 | CL52: 0.0014102783 | CM52: 0.0027558184 | CN52: 0.0090693319 | CO52: 0.0090693319 | CP52: 0.0090693319 | CQ52: 0.0090693319 | CR52: 0.0090693319 | CS52: 0.0090693319 | CT52: 0.0090693319 | CU52: 0.0090693319 | CV52: 0.0090693319 | CW52: 0.0090693319 | CX52: 0.0090693319 | CY52: 0.0090693319
C53: midpoint 1 | E53: kg CO2 eq/MJ | F53: 0.088137119 | G53: 0.088137119 | H53: 0.088137119 | I53: 0.073018801 | J53: 0.073018801 | K53: 0.073018801 | L53: 0.17690901 | M53: 0.17690901 | N53: 0.29160611 | O53: 0.21431637 | P53: 0.17827114 | Q53: 0.17827114 | R53: 0.17827114 | S53: 0.17827114 | T53: 0.17827114 | U53: 0.17827114 | V53: 0.17827114 | W53: 0.17827114 | X53: 0.17827114 | Y53: 0.17827114 | Z53: 0.17827114 | AA53: 0.17827114 | AB53: 0.17827114 | AC53: 0.17827114 | AD53: 0.17827114 | AE53: 0.17827114 | AF53: 0.10446579 | AG53: 0.24060207 | AH53: 0.26838686 | AI53: 0.26838686 | AJ53: 0.26838686 | AK53: 0.26838686 | AL53: 0.094925915 | AM53: 0.094925915 | AN53: 0.094925915 | AO53: 0.094925915 | AP53: 0.094925915 | AQ53: 0.094925915 | AR53: 0.094925915 | AS53: 0.067043621 | AT53: 0.067043621 | AU53: 0.014758705 | AV53: 0.014758705 | AW53: 0.014758705 | AX53: 0.014758705 | AY53: 0.014758705 | AZ53: 0.014758705 | BA53: 0.014758705 | BB53: 0.014758705 | BC53: 0.014758705 | BD53: 0.10659563 | BE53: 0.1301768 | BF53: 0.1301768 | BG53: 0.1301768 | BH53: 0.14757296 | BI53: 0.12035064 | BJ53: 0.12035064 | BK53: 0.12035064 | BL53: 0.12035064 | BM53: 0.12035064 | BN53: 0.17627265 | BO53: 0.15626584 | BP53: 0.16830048 | BQ53: 0.35333515 | BR53: 0.16913307 | BS53: 0.16913307 | BT53: 0.16913307 | BU53: 0.16913307 | BV53: 0.28313646 | BW53: 0.28313646 | BX53: 0.28313646 | BY53: 0.28313646 | BZ53: 0.28313646 | CA53: 0.28313646 | CB53: 0.10281565 | CC53: 0.10281565 | CD53: 0.10281565 | CE53: 0.12393491 | CF53: 0.12393491 | CG53: 0.12393491 | CH53: 0.12393491 | CI53: 0.013942326 | CJ53: 0.013942326 | CK53: 0.013942326 | CL53: 0.0891224 | CM53: 0.12494532 | CN53: 0.14925517 | CO53: 0.14925517 | CP53: 0.14925517 | CQ53: 0.14925517 | CR53: 0.14925517 | CS53: 0.14925517 | CT53: 0.14925517 | CU53: 0.14925517 | CV53: 0.14925517 | CW53: 0.14925517 | CX53: 0.14925517 | CY53: 0.14925517
C54: midpoint 2 | E54: kg CFC11 eq/MJ | F54: 6.2162885e-08 | G54: 6.2162885e-08 | H54: 6.2162885e-08 | I54: 6.054053e-08 | J54: 6.054053e-08 | K54: 6.054053e-08 | L54: 4.266874e-08 | M54: 4.266874e-08 | N54: 2.2452055e-07 | O54: 4.8154915e-08 | P54: 1.1870929e-07 | Q54: 1.1870929e-07 | R54: 1.1870929e-07 | S54: 1.1870929e-07 | T54: 1.1870929e-07 | U54: 1.1870929e-07 | V54: 1.1870929e-07 | W54: 1.1870929e-07 | X54: 1.1870929e-07 | Y54: 1.1870929e-07 | Z54: 1.1870929e-07 | AA54: 1.1870929e-07 | AB54: 1.1870929e-07 | AC54: 1.1870929e-07 | AD54: 1.1870929e-07 | AE54: 1.1870929e-07 | AF54: 8.3240578e-08 | AG54: 1.9655814e-07 | AH54: 8.5928337e-08 | AI54: 8.5928337e-08 | AJ54: 8.5928337e-08 | AK54: 8.5928337e-08 | AL54: 4.9695148e-08 | AM54: 4.9695148e-08 | AN54: 4.9695148e-08 | AO54: 4.9695148e-08 | AP54: 4.9695148e-08 | AQ54: 4.9695148e-08 | AR54: 4.9695148e-08 | AS54: 6.50074e-08 | AT54: 6.50074e-08 | AU54: 2.9289476e-08 | AV54: 2.9289476e-08 | AW54: 2.9289476e-08 | AX54: 2.9289476e-08 | AY54: 2.9289476e-08 | AZ54: 2.9289476e-08 | BA54: 2.9289476e-08 | BB54: 2.9289476e-08 | BC54: 2.9289476e-08 | BD54: 5.0420072e-08 | BE54: 6.2533287e-08 | BF54: 6.2533287e-08 | BG54: 6.2533287e-08 | BH54: 6.0080084e-08 | BI54: 9.648982e-08 | BJ54: 9.648982e-08 | BK54: 9.648982e-08 | BL54: 9.648982e-08 | BM54: 9.648982e-08 | BN54: 1.4508521e-07 | BO54: 1.1325972e-07 | BP54: 1.5542917e-07 | BQ54: 2.6820974e-07 | BR54: 9.5420548e-08 | BS54: 9.5420548e-08 | BT54: 9.5420548e-08 | BU54: 9.5420548e-08 | BV54: 6.235747e-08 | BW54: 6.235747e-08 | BX54: 6.235747e-08 | BY54: 6.235747e-08 | BZ54: 6.235747e-08 | CA54: 6.235747e-08 | CB54: 4.2112012e-08 | CC54: 4.2112012e-08 | CD54: 4.2112012e-08 | CE54: 3.6594379e-08 | CF54: 3.6594379e-08 | CG54: 3.6594379e-08 | CH54: 3.6594379e-08 | CI54: 3.3177299e-08 | CJ54: 3.3177299e-08 | CK54: 3.3177299e-08 | CL54: 4.4571104e-08 | CM54: 5.2356875e-08 | CN54: 5.5096443e-08 | CO54: 5.5096443e-08 | CP54: 5.5096443e-08 | CQ54: 5.5096443e-08 | CR54: 5.5096443e-08 | CS54: 5.5096443e-08 | CT54: 5.5096443e-08 | CU54: 5.5096443e-08 | CV54: 5.5096443e-08 | CW54: 5.5096443e-08 | CX54: 5.5096443e-08 | CY54: 5.5096443e-08
C55: midpoint 3 | E55: kBq Co-60 eq/MJ | F55: 0.020626789 | G55: 0.020626789 | H55: 0.020626789 | I55: 0.10592144 | J55: 0.10592144 | K55: 0.10592144 | L55: 0.072650078 | M55: 0.072650078 | N55: 0.0030125462 | O55: 0.075178662 | P55: 0.038720434 | Q55: 0.038720434 | R55: 0.038720434 | S55: 0.038720434 | T55: 0.038720434 | U55: 0.038720434 | V55: 0.038720434 | W55: 0.038720434 | X55: 0.038720434 | Y55: 0.038720434 | Z55: 0.038720434 | AA55: 0.038720434 | AB55: 0.038720434 | AC55: 0.038720434 | AD55: 0.038720434 | AE55: 0.038720434 | AF55: 0.015176911 | AG55: 0.025780413 | AH55: 0.008806114 | AI55: 0.008806114 | AJ55: 0.008806114 | AK55: 0.008806114 | AL55: 0.053322327 | AM55: 0.053322327 | AN55: 0.053322327 | AO55: 0.053322327 | AP55: 0.053322327 | AQ55: 0.053322327 | AR55: 0.053322327 | AS55: 0.084763942 | AT55: 0.084763942 | AU55: 0.16970285 | AV55: 0.16970285 | AW55: 0.16970285 | AX55: 0.16970285 | AY55: 0.16970285 | AZ55: 0.16970285 | BA55: 0.16970285 | BB55: 0.16970285 | BC55: 0.16970285 | BD55: 0.030317164 | BE55: 0.10354719 | BF55: 0.10354719 | BG55: 0.10354719 | BH55: 0.0080514173 | BI55: 0.019223989 | BJ55: 0.019223989 | BK55: 0.019223989 | BL55: 0.019223989 | BM55: 0.019223989 | BN55: 0.019979133 | BO55: 0.054793899 | BP55: 0.015966741 | BQ55: 0.0045519279 | BR55: 0.019589741 | BS55: 0.019589741 | BT55: 0.019589741 | BU55: 0.019589741 | BV55: 0.0070336963 | BW55: 0.0070336963 | BX55: 0.0070336963 | BY55: 0.0070336963 | BZ55: 0.0070336963 | CA55: 0.0070336963 | CB55: 0.0089375989 | CC55: 0.0089375989 | CD55: 0.0089375989 | CE55: 0.057167051 | CF55: 0.057167051 | CG55: 0.057167051 | CH55: 0.057167051 | CI55: 0.086255715 | CJ55: 0.086255715 | CK55: 0.086255715 | CL55: 0.062046554 | CM55: 0.10243939 | CN55: 0.055053914 | CO55: 0.055053914 | CP55: 0.055053914 | CQ55: 0.055053914 | CR55: 0.055053914 | CS55: 0.055053914 | CT55: 0.055053914 | CU55: 0.055053914 | CV55: 0.055053914 | CW55: 0.055053914 | CX55: 0.055053914 | CY55: 0.055053914
C56: midpoint 4 | E56: kg NOx eq/MJ | F56: 0.00013401704 | G56: 0.00013401704 | H56: 0.00013401704 | I56: 0.00011986149 | J56: 0.00011986149 | K56: 0.00011986149 | L56: 0.00028161305 | M56: 0.00028161305 | N56: 0.0009676223 | O56: 0.00037068507 | P56: 0.00020244913 | Q56: 0.00020244913 | R56: 0.00020244913 | S56: 0.00020244913 | T56: 0.00020244913 | U56: 0.00020244913 | V56: 0.00020244913 | W56: 0.00020244913 | X56: 0.00020244913 | Y56: 0.00020244913 | Z56: 0.00020244913 | AA56: 0.00020244913 | AB56: 0.00020244913 | AC56: 0.00020244913 | AD56: 0.00020244913 | AE56: 0.00020244913 | AF56: 0.00017926396 | AG56: 0.00080232487 | AH56: 0.00033093664 | AI56: 0.00033093664 | AJ56: 0.00033093664 | AK56: 0.00033093664 | AL56: 0.0003238104 | AM56: 0.0003238104 | AN56: 0.0003238104 | AO56: 0.0003238104 | AP56: 0.0003238104 | AQ56: 0.0003238104 | AR56: 0.0003238104 | AS56: 0.00011914467 | AT56: 0.00011914467 | AU56: 3.5304134e-05 | AV56: 3.5304134e-05 | AW56: 3.5304134e-05 | AX56: 3.5304134e-05 | AY56: 3.5304134e-05 | AZ56: 3.5304134e-05 | BA56: 3.5304134e-05 | BB56: 3.5304134e-05 | BC56: 3.5304134e-05 | BD56: 0.00026103683 | BE56: 0.00025699856 | BF56: 0.00025699856 | BG56: 0.00025699856 | BH56: 0.00024415346 | BI56: 0.00024431682 | BJ56: 0.00024431682 | BK56: 0.00024431682 | BL56: 0.00024431682 | BM56: 0.00024431682 | BN56: 0.00032017851 | BO56: 0.00017725261 | BP56: 0.00042228256 | BQ56: 0.0011748668 | BR56: 0.00023104823 | BS56: 0.00023104823 | BT56: 0.00023104823 | BU56: 0.00023104823 | BV56: 0.00058412757 | BW56: 0.00058412757 | BX56: 0.00058412757 | BY56: 0.00058412757 | BZ56: 0.00058412757 | CA56: 0.00058412757 | CB56: 0.00032149991 | CC56: 0.00032149991 | CD56: 0.00032149991 | CE56: 0.00020324644 | CF56: 0.00020324644 | CG56: 0.00020324644 | CH56: 0.00020324644 | CI56: 3.575507e-05 | CJ56: 3.575507e-05 | CK56: 3.575507e-05 | CL56: 0.00020420503 | CM56: 0.00024338888 | CN56: 0.00032515531 | CO56: 0.00032515531 | CP56: 0.00032515531 | CQ56: 0.00032515531 | CR56: 0.00032515531 | CS56: 0.00032515531 | CT56: 0.00032515531 | CU56: 0.00032515531 | CV56: 0.00032515531 | CW56: 0.00032515531 | CX56: 0.00032515531 | CY56: 0.00032515531
C57: midpoint 5 | E57: kg PM2.5 eq/MJ | F57: 7.6029229e-05 | G57: 7.6029229e-05 | H57: 7.6029229e-05 | I57: 6.5439917e-05 | J57: 6.5439917e-05 | K57: 6.5439917e-05 | L57: 0.00039049347 | M57: 0.00039049347 | N57: 0.00062843071 | O57: 0.00022464374 | P57: 0.00011438114 | Q57: 0.00011438114 | R57: 0.00011438114 | S57: 0.00011438114 | T57: 0.00011438114 | U57: 0.00011438114 | V57: 0.00011438114 | W57: 0.00011438114 | X57: 0.00011438114 | Y57: 0.00011438114 | Z57: 0.00011438114 | AA57: 0.00011438114 | AB57: 0.00011438114 | AC57: 0.00011438114 | AD57: 0.00011438114 | AE57: 0.00011438114 | AF57: 9.4075526e-05 | AG57: 0.00051487448 | AH57: 0.00064894524 | AI57: 0.00064894524 | AJ57: 0.00064894524 | AK57: 0.00064894524 | AL57: 0.00024294419 | AM57: 0.00024294419 | AN57: 0.00024294419 | AO57: 0.00024294419 | AP57: 0.00024294419 | AQ57: 0.00024294419 | AR57: 0.00024294419 | AS57: 7.6513038e-05 | AT57: 7.6513038e-05 | AU57: 2.704575e-05 | AV57: 2.704575e-05 | AW57: 2.704575e-05 | AX57: 2.704575e-05 | AY57: 2.704575e-05 | AZ57: 2.704575e-05 | BA57: 2.704575e-05 | BB57: 2.704575e-05 | BC57: 2.704575e-05 | BD57: 0.00033523743 | BE57: 0.00018808594 | BF57: 0.00018808594 | BG57: 0.00018808594 | BH57: 0.00015392015 | BI57: 0.00017883067 | BJ57: 0.00017883067 | BK57: 0.00017883067 | BL57: 0.00017883067 | BM57: 0.00017883067 | BN57: 0.00023432797 | BO57: 9.5884344e-05 | BP57: 0.00029013569 | BQ57: 0.00075862421 | BR57: 9.7224612e-05 | BS57: 9.7224612e-05 | BT57: 9.7224612e-05 | BU57: 9.7224612e-05 | BV57: 0.00051390151 | BW57: 0.00051390151 | BX57: 0.00051390151 | BY57: 0.00051390151 | BZ57: 0.00051390151 | CA57: 0.00051390151 | CB57: 0.00022341244 | CC57: 0.00022341244 | CD57: 0.00022341244 | CE57: 0.00040209842 | CF57: 0.00040209842 | CG57: 0.00040209842 | CH57: 0.00040209842 | CI57: 2.0017167e-05 | CJ57: 2.0017167e-05 | CK57: 2.0017167e-05 | CL57: 0.00038203546 | CM57: 0.00024426731 | CN57: 0.00020780181 | CO57: 0.00020780181 | CP57: 0.00020780181 | CQ57: 0.00020780181 | CR57: 0.00020780181 | CS57: 0.00020780181 | CT57: 0.00020780181 | CU57: 0.00020780181 | CV57: 0.00020780181 | CW57: 0.00020780181 | CX57: 0.00020780181 | CY57: 0.00020780181
C58: midpoint 6 | E58: kg NOx eq/MJ | F58: 0.0001354608 | G58: 0.0001354608 | H58: 0.0001354608 | I58: 0.00012268255 | J58: 0.00012268255 | K58: 0.00012268255 | L58: 0.00028264778 | M58: 0.00028264778 | N58: 0.00097759658 | O58: 0.0003725596 | P58: 0.00020448024 | Q58: 0.00020448024 | R58: 0.00020448024 | S58: 0.00020448024 | T58: 0.00020448024 | U58: 0.00020448024 | V58: 0.00020448024 | W58: 0.00020448024 | X58: 0.00020448024 | Y58: 0.00020448024 | Z58: 0.00020448024 | AA58: 0.00020448024 | AB58: 0.00020448024 | AC58: 0.00020448024 | AD58: 0.00020448024 | AE58: 0.00020448024 | AF58: 0.00018122021 | AG58: 0.00081499402 | AH58: 0.00033354209 | AI58: 0.00033354209 | AJ58: 0.00033354209 | AK58: 0.00033354209 | AL58: 0.00032567119 | AM58: 0.00032567119 | AN58: 0.00032567119 | AO58: 0.00032567119 | AP58: 0.00032567119 | AQ58: 0.00032567119 | AR58: 0.00032567119 | AS58: 0.00012118969 | AT58: 0.00012118969 | AU58: 3.5890112e-05 | AV58: 3.5890112e-05 | AW58: 3.5890112e-05 | AX58: 3.5890112e-05 | AY58: 3.5890112e-05 | AZ58: 3.5890112e-05 | BA58: 3.5890112e-05 | BB58: 3.5890112e-05 | BC58: 3.5890112e-05 | BD58: 0.0002622534 | BE58: 0.00025926019 | BF58: 0.00025926019 | BG58: 0.00025926019 | BH58: 0.00024579627 | BI58: 0.00024804819 | BJ58: 0.00024804819 | BK58: 0.00024804819 | BL58: 0.00024804819 | BM58: 0.00024804819 | BN58: 0.00032646134 | BO58: 0.00017948963 | BP58: 0.00042968539 | BQ58: 0.0011869481 | BR58: 0.00023460073 | BS58: 0.00023460073 | BT58: 0.00023460073 | BU58: 0.00023460073 | BV58: 0.00058770903 | BW58: 0.00058770903 | BX58: 0.00058770903 | BY58: 0.00058770903 | BZ58: 0.00058770903 | CA58: 0.00058770903 | CB58: 0.00032320366 | CC58: 0.00032320366 | CD58: 0.00032320366 | CE58: 0.00020420337 | CF58: 0.00020420337 | CG58: 0.00020420337 | CH58: 0.00020420337 | CI58: 3.643905e-05 | CJ58: 3.643905e-05 | CK58: 3.643905e-05 | CL58: 0.00020491285 | CM58: 0.00024495444 | CN58: 0.00032742528 | CO58: 0.00032742528 | CP58: 0.00032742528 | CQ58: 0.00032742528 | CR58: 0.00032742528 | CS58: 0.00032742528 | CT58: 0.00032742528 | CU58: 0.00032742528 | CV58: 0.00032742528 | CW58: 0.00032742528 | CX58: 0.00032742528 | CY58: 0.00032742528
C59: midpoint 7 | E59: kg SO2 eq/MJ | F59: 0.00024894829 | G59: 0.00024894829 | H59: 0.00024894829 | I59: 0.00017557988 | J59: 0.00017557988 | K59: 0.00017557988 | L59: 0.00089446167 | M59: 0.00089446167 | N59: 0.0019874298 | O59: 0.00068054662 | P59: 0.00041142048 | Q59: 0.00041142048 | R59: 0.00041142048 | S59: 0.00041142048 | T59: 0.00041142048 | U59: 0.00041142048 | V59: 0.00041142048 | W59: 0.00041142048 | X59: 0.00041142048 | Y59: 0.00041142048 | Z59: 0.00041142048 | AA59: 0.00041142048 | AB59: 0.00041142048 | AC59: 0.00041142048 | AD59: 0.00041142048 | AE59: 0.00041142048 | AF59: 0.00030289837 | AG59: 0.0015574072 | AH59: 0.0013519524 | AI59: 0.0013519524 | AJ59: 0.0013519524 | AK59: 0.0013519524 | AL59: 0.00060987094 | AM59: 0.00060987094 | AN59: 0.00060987094 | AO59: 0.00060987094 | AP59: 0.00060987094 | AQ59: 0.00060987094 | AR59: 0.00060987094 | AS59: 0.00018667653 | AT59: 0.00018667653 | AU59: 6.005471e-05 | AV59: 6.005471e-05 | AW59: 6.005471e-05 | AX59: 6.005471e-05 | AY59: 6.005471e-05 | AZ59: 6.005471e-05 | BA59: 6.005471e-05 | BB59: 6.005471e-05 | BC59: 6.005471e-05 | BD59: 0.0008896965 | BE59: 0.00052262973 | BF59: 0.00052262973 | BG59: 0.00052262973 | BH59: 0.0004584208 | BI59: 0.00056622193 | BJ59: 0.00056622193 | BK59: 0.00056622193 | BL59: 0.00056622193 | BM59: 0.00056622193 | BN59: 0.00051051554 | BO59: 0.00033247848 | BP59: 0.0007930175 | BQ59: 0.0024114104 | BR59: 0.00029169086 | BS59: 0.00029169086 | BT59: 0.00029169086 | BU59: 0.00029169086 | BV59: 0.0015068372 | BW59: 0.0015068372 | BX59: 0.0015068372 | BY59: 0.0015068372 | BZ59: 0.0015068372 | CA59: 0.0015068372 | CB59: 0.00067314569 | CC59: 0.00067314569 | CD59: 0.00067314569 | CE59: 0.00061459832 | CF59: 0.00061459832 | CG59: 0.00061459832 | CH59: 0.00061459832 | CI59: 4.8687658e-05 | CJ59: 4.8687658e-05 | CK59: 4.8687658e-05 | CL59: 0.0011869243 | CM59: 0.00066461901 | CN59: 0.00061341939 | CO59: 0.00061341939 | CP59: 0.00061341939 | CQ59: 0.00061341939 | CR59: 0.00061341939 | CS59: 0.00061341939 | CT59: 0.00061341939 | CU59: 0.00061341939 | CV59: 0.00061341939 | CW59: 0.00061341939 | CX59: 0.00061341939 | CY59: 0.00061341939
C60: midpoint 8 | E60: kg P eq/MJ | F60: 0.00011012808 | G60: 0.00011012808 | H60: 0.00011012808 | I60: 2.4103141e-05 | J60: 2.4103141e-05 | K60: 2.4103141e-05 | L60: 0.00036506269 | M60: 0.00036506269 | N60: 7.1954527e-06 | O60: 0.00034264753 | P60: 0.00026190971 | Q60: 0.00026190971 | R60: 0.00026190971 | S60: 0.00026190971 | T60: 0.00026190971 | U60: 0.00026190971 | V60: 0.00026190971 | W60: 0.00026190971 | X60: 0.00026190971 | Y60: 0.00026190971 | Z60: 0.00026190971 | AA60: 0.00026190971 | AB60: 0.00026190971 | AC60: 0.00026190971 | AD60: 0.00026190971 | AE60: 0.00026190971 | AF60: 6.5694754e-05 | AG60: 1.7498849e-05 | AH60: 0.00071927144 | AI60: 0.00071927144 | AJ60: 0.00071927144 | AK60: 0.00071927144 | AL60: 4.1298886e-05 | AM60: 4.1298886e-05 | AN60: 4.1298886e-05 | AO60: 4.1298886e-05 | AP60: 4.1298886e-05 | AQ60: 4.1298886e-05 | AR60: 4.1298886e-05 | AS60: 2.3249787e-05 | AT60: 2.3249787e-05 | AU60: 7.0074119e-06 | AV60: 7.0074119e-06 | AW60: 7.0074119e-06 | AX60: 7.0074119e-06 | AY60: 7.0074119e-06 | AZ60: 7.0074119e-06 | BA60: 7.0074119e-06 | BB60: 7.0074119e-06 | BC60: 7.0074119e-06 | BD60: 0.00014239184 | BE60: 0.00019074237 | BF60: 0.00019074237 | BG60: 0.00019074237 | BH60: 3.461548e-05 | BI60: 4.1185461e-05 | BJ60: 4.1185461e-05 | BK60: 4.1185461e-05 | BL60: 4.1185461e-05 | BM60: 4.1185461e-05 | BN60: 3.5833942e-05 | BO60: 0.00019022593 | BP60: 2.4483801e-05 | BQ60: 8.1739826e-06 | BR60: 0.00010097693 | BS60: 0.00010097693 | BT60: 0.00010097693 | BU60: 0.00010097693 | BV60: 0.00038129733 | BW60: 0.00038129733 | BX60: 0.00038129733 | BY60: 0.00038129733 | BZ60: 0.00038129733 | CA60: 0.00038129733 | CB60: 4.5665201e-05 | CC60: 4.5665201e-05 | CD60: 4.5665201e-05 | CE60: 0.00024501535 | CF60: 0.00024501535 | CG60: 0.00024501535 | CH60: 0.00024501535 | CI60: 6.286064e-06 | CJ60: 6.286064e-06 | CK60: 6.286064e-06 | CL60: 0.00015711917 | CM60: 0.00017895699 | CN60: 5.9466744e-05 | CO60: 5.9466744e-05 | CP60: 5.9466744e-05 | CQ60: 5.9466744e-05 | CR60: 5.9466744e-05 | CS60: 5.9466744e-05 | CT60: 5.9466744e-05 | CU60: 5.9466744e-05 | CV60: 5.9466744e-05 | CW60: 5.9466744e-05 | CX60: 5.9466744e-05 | CY60: 5.9466744e-05
C61: midpoint 9 | E61: kg N eq/MJ | F61: 7.432973e-06 | G61: 7.432973e-06 | H61: 7.432973e-06 | I61: 3.4291638e-06 | J61: 3.4291638e-06 | K61: 3.4291638e-06 | L61: 2.3443213e-05 | M61: 2.3443213e-05 | N61: 7.23869e-07 | O61: 2.2266384e-05 | P61: 1.7761267e-05 | Q61: 1.7761267e-05 | R61: 1.7761267e-05 | S61: 1.7761267e-05 | T61: 1.7761267e-05 | U61: 1.7761267e-05 | V61: 1.7761267e-05 | W61: 1.7761267e-05 | X61: 1.7761267e-05 | Y61: 1.7761267e-05 | Z61: 1.7761267e-05 | AA61: 1.7761267e-05 | AB61: 1.7761267e-05 | AC61: 1.7761267e-05 | AD61: 1.7761267e-05 | AE61: 1.7761267e-05 | AF61: 4.6216194e-06 | AG61: 1.8759699e-06 | AH61: 4.3866394e-05 | AI61: 4.3866394e-05 | AJ61: 4.3866394e-05 | AK61: 4.3866394e-05 | AL61: 3.5425307e-06 | AM61: 3.5425307e-06 | AN61: 3.5425307e-06 | AO61: 3.5425307e-06 | AP61: 3.5425307e-06 | AQ61: 3.5425307e-06 | AR61: 3.5425307e-06 | AS61: 2.9111753e-06 | AT61: 2.9111753e-06 | AU61: 3.3898079e-06 | AV61: 3.3898079e-06 | AW61: 3.3898079e-06 | AX61: 3.3898079e-06 | AY61: 3.3898079e-06 | AZ61: 3.3898079e-06 | BA61: 3.3898079e-06 | BB61: 3.3898079e-06 | BC61: 3.3898079e-06 | BD61: 9.3129968e-06 | BE61: 1.3436462e-05 | BF61: 1.3436462e-05 | BG61: 1.3436462e-05 | BH61: 2.6054729e-06 | BI61: 3.7091744e-06 | BJ61: 3.7091744e-06 | BK61: 3.7091744e-06 | BL61: 3.7091744e-06 | BM61: 3.7091744e-06 | BN61: 2.9205208e-06 | BO61: 1.3362411e-05 | BP61: 2.2148999e-06 | BQ61: 7.9208441e-07 | BR61: 6.9284475e-06 | BS61: 6.9284475e-06 | BT61: 6.9284475e-06 | BU61: 6.9284475e-06 | BV61: 2.3602944e-05 | BW61: 2.3602944e-05 | BX61: 2.3602944e-05 | BY61: 2.3602944e-05 | BZ61: 2.3602944e-05 | CA61: 2.3602944e-05 | CB61: 2.9991337e-06 | CC61: 2.9991337e-06 | CD61: 2.9991337e-06 | CE61: 1.5897422e-05 | CF61: 1.5897422e-05 | CG61: 1.5897422e-05 | CH61: 1.5897422e-05 | CI61: 1.8606507e-06 | CJ61: 1.8606507e-06 | CK61: 1.8606507e-06 | CL61: 1.076426e-05 | CM61: 1.2735317e-05 | CN61: 4.6848115e-06 | CO61: 4.6848115e-06 | CP61: 4.6848115e-06 | CQ61: 4.6848115e-06 | CR61: 4.6848115e-06 | CS61: 4.6848115e-06 | CT61: 4.6848115e-06 | CU61: 4.6848115e-06 | CV61: 4.6848115e-06 | CW61: 4.6848115e-06 | CX61: 4.6848115e-06 | CY61: 4.6848115e-06
C62: midpoint 10 | E62: kg 1,4-DCB eq/MJ | F62: 0.067011928 | G62: 0.067011928 | H62: 0.067011928 | I62: 0.093959179 | J62: 0.093959179 | K62: 0.093959179 | L62: 0.24301043 | M62: 0.24301043 | N62: 1.0625943 | O62: 0.097929334 | P62: 0.10137086 | Q62: 0.10137086 | R62: 0.10137086 | S62: 0.10137086 | T62: 0.10137086 | U62: 0.10137086 | V62: 0.10137086 | W62: 0.10137086 | X62: 0.10137086 | Y62: 0.10137086 | Z62: 0.10137086 | AA62: 0.10137086 | AB62: 0.10137086 | AC62: 0.10137086 | AD62: 0.10137086 | AE62: 0.10137086 | AF62: 0.10961999 | AG62: 0.83511152 | AH62: 0.34272416 | AI62: 0.34272416 | AJ62: 0.34272416 | AK62: 0.34272416 | AL62: 0.1172193 | AM62: 0.1172193 | AN62: 0.1172193 | AO62: 0.1172193 | AP62: 0.1172193 | AQ62: 0.1172193 | AR62: 0.1172193 | AS62: 0.097317753 | AT62: 0.097317753 | AU62: 0.085746509 | AV62: 0.085746509 | AW62: 0.085746509 | AX62: 0.085746509 | AY62: 0.085746509 | AZ62: 0.085746509 | BA62: 0.085746509 | BB62: 0.085746509 | BC62: 0.085746509 | BD62: 0.093954559 | BE62: 0.14896426 | BF62: 0.14896426 | BG62: 0.14896426 | BH62: 0.083626749 | BI62: 0.12335436 | BJ62: 0.12335436 | BK62: 0.12335436 | BL62: 0.12335436 | BM62: 0.12335436 | BN62: 0.1907603 | BO62: 0.094640818 | BP62: 0.37312159 | BQ62: 1.288059 | BR62: 0.080481588 | BS62: 0.080481588 | BT62: 0.080481588 | BU62: 0.080481588 | BV62: 0.23036262 | BW62: 0.23036262 | BX62: 0.23036262 | BY62: 0.23036262 | BZ62: 0.23036262 | CA62: 0.23036262 | CB62: 0.12618194 | CC62: 0.12618194 | CD62: 0.12618194 | CE62: 0.15215442 | CF62: 0.15215442 | CG62: 0.15215442 | CH62: 0.15215442 | CI62: 0.076595902 | CJ62: 0.076595902 | CK62: 0.076595902 | CL62: 0.077943071 | CM62: 0.21961014 | CN62: 0.11347606 | CO62: 0.11347606 | CP62: 0.11347606 | CQ62: 0.11347606 | CR62: 0.11347606 | CS62: 0.11347606 | CT62: 0.11347606 | CU62: 0.11347606 | CV62: 0.11347606 | CW62: 0.11347606 | CX62: 0.11347606 | CY62: 0.11347606
... C70: midpoint 18 | E70: m3/MJ | F70: 0.0019765592 | G70: 0.0019765592 | H70: 0.0019765592 | I70: 0.0009383535 | J70: 0.0009383535 | K70: 0.0009383535 | L70: 0.0014168703 | M70: 0.0014168703 | N70: 0.00077898069 | O70: 0.0034344811 | P70: 0.0011088604 | Q70: 0.0011088604 | R70: 0.0011088604 | S70: 0.0011088604 | T70: 0.0011088604 | U70: 0.0011088604 | V70: 0.0011088604 | W70: 0.0011088604 | X70: 0.0011088604 | Y70: 0.0011088604 | Z70: 0.0011088604 | AA70: 0.0011088604 | AB70: 0.0011088604 | AC70: 0.0011088604 | AD70: 0.0011088604 | AE70: 0.0011088604 | AF70: 0.0039439883 | AG70: 0.0013708393 | AH70: 0.0017354279 | AI70: 0.0017354279 | AJ70: 0.0017354279 | AK70: 0.0017354279 | AL70: 0.00089034131 | AM70: 0.00089034131 | AN70: 0.00089034131 | AO70: 0.00089034131 | AP70: 0.00089034131 | AQ70: 0.00089034131 | AR70: 0.00089034131 | AS70: 0.0019180476 | AT70: 0.0019180476 | AU70: 0.00093404446 | AV70: 0.00093404446 | AW70: 0.00093404446 | AX70: 0.00093404446 | AY70: 0.00093404446 | AZ70: 0.00093404446 | BA70: 0.00093404446 | BB70: 0.00093404446 | BC70: 0.00093404446 | BD70: 0.004227329 | BE70: 0.0014837509 | BF70: 0.0014837509 | BG70: 0.0014837509 | BH70: 0.00034033965 | BI70: 0.0023395676 | BJ70: 0.0023395676 | BK70: 0.0023395676 | BL70: 0.0023395676 | BM70: 0.0023395676 | BN70: 0.0014417428 | BO70: 0.0010315324 | BP70: 0.0010970294 | BQ70: 0.0009062974 | BR70: 0.0018686471 | BS70: 0.0018686471 | BT70: 0.0018686471 | BU70: 0.0018686471 | BV70: 0.0084015368 | BW70: 0.0084015368 | BX70: 0.0084015368 | BY70: 0.0084015368 | BZ70: 0.0084015368 | CA70: 0.0084015368 | CB70: 0.0012734803 | CC70: 0.0012734803 | CD70: 0.0012734803 | CE70: 0.0028676707 | CF70: 0.0028676707 | CG70: 0.0028676707 | CH70: 0.0028676707 | CI70: 0.0017754964 | CJ70: 0.0017754964 | CK70: 0.0017754964 | CL70: 0.0021239373 | CM70: 0.003262408 | CN70: 0.00053556992 | CO70: 0.00053556992 | CP70: 0.00053556992 | CQ70: 0.00053556992 | CR70: 0.00053556992 | CS70: 0.00053556992 | CT70: 0.00053556992 | CU70: 0.00053556992 | CV70: 0.00053556992 | CW70: 0.00053556992 | CX70: 0.00053556992 | CY70: 0.00053556992
C71: hum. health | D71: p = biomethane | E71: DALY/m^3 | F71: 8.3349526e-07 | G71: 8.3349526e-07 | H71: 8.3349526e-07 | I71: 4.7514859e-07 | J71: 4.7514859e-07 | K71: 4.7514859e-07 | L71: 3.9672916e-07 | M71: 3.9672916e-07 | N71: 3.9672916e-07 | O71: 6.8568623e-07 | P71: 5.4413849e-07 | Q71: 5.4413849e-07 | R71: 5.4413849e-07 | S71: 5.4413849e-07 | T71: 5.4413849e-07 | U71: 5.4413849e-07 | V71: 5.4413849e-07 | W71: 5.4413849e-07 | X71: 5.4413849e-07 | Y71: 5.4413849e-07 | Z71: 5.4413849e-07 | AA71: 5.4413849e-07 | AB71: 5.4413849e-07 | AC71: 5.4413849e-07 | AD71: 5.4413849e-07 | AE71: 5.4413849e-07 | AF71: 1.599866e-07 | AG71: 3.9672916e-07 | AH71: 1.0247181e-06 | AI71: 1.0247181e-06 | AJ71: 1.0247181e-06 | AK71: 1.0247181e-06 | AL71: 4.591543e-07 | AM71: 4.591543e-07 | AN71: 4.591543e-07 | AO71: 4.591543e-07 | AP71: 4.591543e-07 | AQ71: 4.591543e-07 | AR71: 4.591543e-07 | AS71: 7.7570779e-07 | AT71: 7.7570779e-07 | AU71: 4.0797273e-07 | AV71: 4.0797273e-07 | AW71: 4.0797273e-07 | AX71: 4.0797273e-07 | AY71: 4.0797273e-07 | AZ71: 4.0797273e-07 | BA71: 4.0797273e-07 | BB71: 4.0797273e-07 | BC71: 4.0797273e-07 | BD71: 3.9672916e-07 | BE71: 1.0303677e-06 | BF71: 1.0303677e-06 | BG71: 1.0303677e-06 | BH71: 1.2507936e-07 | BI71: 6.3020863e-07 | BJ71: 6.3020863e-07 | BK71: 6.3020863e-07 | BL71: 6.3020863e-07 | BM71: 6.3020863e-07 | BN71: 3.9672916e-07 | BO71: 3.9672916e-07 | BP71: 3.9672916e-07 | BQ71: 3.9672916e-07 | BR71: 3.1818149e-07 | BS71: 3.1818149e-07 | BT71: 3.1818149e-07 | BU71: 3.1818149e-07 | BV71: 7.5174541e-07 | BW71: 7.5174541e-07 | BX71: 7.5174541e-07 | BY71: 7.5174541e-07 | BZ71: 7.5174541e-07 | CA71: 7.5174541e-07 | CB71: 3.9672916e-07 | CC71: 3.9672916e-07 | CD71: 3.9672916e-07 | CE71: 3.9672916e-07 | CF71: 3.9672916e-07 | CG71: 3.9672916e-07 | CH71: 3.9672916e-07 | CI71: 2.1115729e-07 | CJ71: 2.1115729e-07 | CK71: 2.1115729e-07 | CL71: 3.9672916e-07 | CM71: 9.581457e-07 | CN71: 1.6739674e-07 | CO71: 1.6739674e-07 | CP71: 1.6739674e-07 | CQ71: 1.6739674e-07 | CR71: 1.6739674e-07 | CS71: 1.6739674e-07 | CT71: 1.6739674e-07 | CU71: 1.6739674e-07 | CV71: 1.6739674e-07 | CW71: 1.6739674e-07 | CX71: 1.6739674e-07 | CY71: 1.6739674e-07
C72: ecos. qual. | E72: Species.Yr/m^3 | F72: 2.0011954e-09 | G72: 2.0011954e-09 | H72: 2.0011954e-09 | I72: 1.1467336e-09 | J72: 1.1467336e-09 | K72: 1.1467336e-09 | L72: 9.5369398e-10 | M72: 9.5369398e-10 | N72: 9.5369398e-10 | O72: 1.6507233e-09 | P72: 1.286916e-09 | Q72: 1.286916e-09 | R72: 1.286916e-09 | S72: 1.286916e-09 | T72: 1.286916e-09 | U72: 1.286916e-09 | V72: 1.286916e-09 | W72: 1.286916e-09 | X72: 1.286916e-09 | Y72: 1.286916e-09 | Z72: 1.286916e-09 | AA72: 1.286916e-09 | AB72: 1.286916e-09 | AC72: 1.286916e-09 | AD72: 1.286916e-09 | AE72: 1.286916e-09 | AF72: 3.8965824e-10 | AG72: 9.5369398e-10 | AH72: 2.4849627e-09 | AI72: 2.4849627e-09 | AJ72: 2.4849627e-09 | AK72: 2.4849627e-09 | AL72: 1.1147025e-09 | AM72: 1.1147025e-09 | AN72: 1.1147025e-09 | AO72: 1.1147025e-09 | AP72: 1.1147025e-09 | AQ72: 1.1147025e-09 | AR72: 1.1147025e-09 | AS72: 1.8114363e-09 | AT72: 1.8114363e-09 | AU72: 9.9574111e-10 | AV72: 9.9574111e-10 | AW72: 9.9574111e-10 | AX72: 9.9574111e-10 | AY72: 9.9574111e-10 | AZ72: 9.9574111e-10 | BA72: 9.9574111e-10 | BB72: 9.9574111e-10 | BC72: 9.9574111e-10 | BD72: 9.5369398e-10 | BE72: 2.4749524e-09 | BF72: 2.4749524e-09 | BG72: 2.4749524e-09 | BH72: 2.8535601e-10 | BI72: 1.5257907e-09 | BJ72: 1.5257907e-09 | BK72: 1.5257907e-09 | BL72: 1.5257907e-09 | BM72: 1.5257907e-09 | BN72: 9.5369398e-10 | BO72: 9.5369398e-10 | BP72: 9.5369398e-10 | BQ72: 9.5369398e-10 | BR72: 7.682131e-10 | BS72: 7.682131e-10 | BT72: 7.682131e-10 | BU72: 7.682131e-10 | BV72: 1.7741488e-09 | BW72: 1.7741488e-09 | BX72: 1.7741488e-09 | BY72: 1.7741488e-09 | BZ72: 1.7741488e-09 | CA72: 1.7741488e-09 | CB72: 9.5369398e-10 | CC72: 9.5369398e-10 | CD72: 9.5369398e-10 | CE72: 9.5369398e-10 | CF72: 9.5369398e-10 | CG72: 9.5369398e-10 | CH72: 9.5369398e-10 | CI72: 5.3288985e-10 | CJ72: 5.3288985e-10 | CK72: 5.3288985e-10 | CL72: 9.5369398e-10 | CM72: 2.3028194e-09 | CN72: 4.0875755e-10 | CO72: 4.0875755e-10 | CP72: 4.0875755e-10 | CQ72: 4.0875755e-10 | CR72: 4.0875755e-10 | CS72: 4.0875755e-10 | CT72: 4.0875755e-10 | CU72: 4.0875755e-10 | CV72: 4.0875755e-10 | CW72: 4.0875755e-10 | CX72: 4.0875755e-10 | CY72: 4.0875755e-10
C73: res. scarcity | E73: USD2013/m^3 | F73: 0.26338432 | G73: 0.26338432 | H73: 0.26338432 | I73: 0.23147345 | J73: 0.23147345 | K73: 0.23147345 | L73: 0.23467231 | M73: 0.23467231 | N73: 0.23467231 | O73: 0.24205266 | P73: 0.24713038 | Q73: 0.24713038 | R73: 0.24713038 | S73: 0.24713038 | T73: 0.24713038 | U73: 0.24713038 | V73: 0.24713038 | W73: 0.24713038 | X73: 0.24713038 | Y73: 0.24713038 | Z73: 0.24713038 | AA73: 0.24713038 | AB73: 0.24713038 | AC73: 0.24713038 | AD73: 0.24713038 | AE73: 0.24713038 | AF73: 0.22851341 | AG73: 0.23467231 | AH73: 0.26183611 | AI73: 0.26183611 | AJ73: 0.26183611 | AK73: 0.26183611 | AL73: 0.25379353 | AM73: 0.25379353 | AN73: 0.25379353 | AO73: 0.25379353 | AP73: 0.25379353 | AQ73: 0.25379353 | AR73: 0.25379353 | AS73: 0.24301649 | AT73: 0.24301649 | AU73: 0.22421846 | AV73: 0.22421846 | AW73: 0.22421846 | AX73: 0.22421846 | AY73: 0.22421846 | AZ73: 0.22421846 | BA73: 0.22421846 | BB73: 0.22421846 | BC73: 0.22421846 | BD73: 0.23467231 | BE73: 0.27195399 | BF73: 0.27195399 | BG73: 0.27195399 | BH73: 0.23512884 | BI73: 0.23329062 | BJ73: 0.23329062 | BK73: 0.23329062 | BL73: 0.23329062 | BM73: 0.23329062 | BN73: 0.23467231 | BO73: 0.23467231 | BP73: 0.23467231 | BQ73: 0.23467231 | BR73: 0.23889847 | BS73: 0.23889847 | BT73: 0.23889847 | BU73: 0.23889847 | BV73: 0.22885697 | BW73: 0.22885697 | BX73: 0.22885697 | BY73: 0.22885697 | BZ73: 0.22885697 | CA73: 0.22885697 | CB73: 0.23467231 | CC73: 0.23467231 | CD73: 0.23467231 | CE73: 0.23467231 | CF73: 0.23467231 | CG73: 0.23467231 | CH73: 0.23467231 | CI73: 0.23457546 | CJ73: 0.23457546 | CK73: 0.23457546 | CL73: 0.23467231 | CM73: 0.25583046 | CN73: 0.2191205 | CO73: 0.2191205 | CP73: 0.2191205 | CQ73: 0.2191205 | CR73: 0.2191205 | CS73: 0.2191205 | CT73: 0.2191205 | CU73: 0.2191205 | CV73: 0.2191205 | CW73: 0.2191205 | CX73: 0.2191205 | CY73: 0.2191205
C74: midpoint 1 | E74: kg CO2 eq/m^3 | F74: 0.54220681 | G74: 0.54220681 | H74: 0.54220681 | I74: 0.31213356 | J74: 0.31213356 | K74: 0.31213356 | L74: 0.25964057 | M74: 0.25964057 | N74: 0.25964057 | O74: 0.4482291 | P74: 0.34098973 | Q74: 0.34098973 | R74: 0.34098973 | S74: 0.34098973 | T74: 0.34098973 | U74: 0.34098973 | V74: 0.34098973 | W74: 0.34098973 | X74: 0.34098973 | Y74: 0.34098973 | Z74: 0.34098973 | AA74: 0.34098973 | AB74: 0.34098973 | AC74: 0.34098973 | AD74: 0.34098973 | AE74: 0.34098973 | AF74: 0.10527275 | AG74: 0.25964057 | AH74: 0.67925923 | AI74: 0.67925923 | AJ74: 0.67925923 | AK74: 0.67925923 | AL74: 0.33845507 | AM74: 0.33845507 | AN74: 0.33845507 | AO74: 0.33845507 | AP74: 0.33845507 | AQ74: 0.33845507 | AR74: 0.33845507 | AS74: 0.47924646 | AT74: 0.47924646 | AU74: 0.27352178 | AV74: 0.27352178 | AW74: 0.27352178 | AX74: 0.27352178 | AY74: 0.27352178 | AZ74: 0.27352178 | BA74: 0.27352178 | BB74: 0.27352178 | BC74: 0.27352178 | BD74: 0.25964057 | BE74: 0.67209668 | BF74: 0.67209668 | BG74: 0.67209668 | BH74: 0.075207814 | BI74: 0.42389244 | BJ74: 0.42389244 | BK74: 0.42389244 | BL74: 0.42389244 | BM74: 0.42389244 | BN74: 0.25964057 | BO74: 0.25964057 | BP74: 0.25964057 | BQ74: 0.25964057 | BR74: 0.20953057 | BS74: 0.20953057 | BT74: 0.20953057 | BU74: 0.20953057 | BV74: 0.47382059 | BW74: 0.47382059 | BX74: 0.47382059 | BY74: 0.47382059 | BZ74: 0.47382059 | CA74: 0.47382059 | CB74: 0.25964057 | CC74: 0.25964057 | CD74: 0.25964057 | CE74: 0.25964057 | CF74: 0.25964057 | CG74: 0.25964057 | CH74: 0.25964057 | CI74: 0.14697996 | CJ74: 0.14697996 | CK74: 0.14697996 | CL74: 0.25964057 | CM74: 0.62587672 | CN74: 0.11323786 | CO74: 0.11323786 | CP74: 0.11323786 | CQ74: 0.11323786 | CR74: 0.11323786 | CS74: 0.11323786 | CT74: 0.11323786 | CU74: 0.11323786 | CV74: 0.11323786 | CW74: 0.11323786 | CX74: 0.11323786 | CY74: 0.11323786
C75: midpoint 2 | E75: kg CFC11 eq/m^3 | F75: 6.380559e-07 | G75: 6.380559e-07 | H75: 6.380559e-07 | I75: 3.9489122e-07 | J75: 3.9489122e-07 | K75: 3.9489122e-07 | L75: 3.3112858e-07 | M75: 3.3112858e-07 | N75: 3.3112858e-07 | O75: 5.4257898e-07 | P75: 4.3753779e-07 | Q75: 4.3753779e-07 | R75: 4.3753779e-07 | S75: 4.3753779e-07 | T75: 4.3753779e-07 | U75: 4.3753779e-07 | V75: 4.3753779e-07 | W75: 4.3753779e-07 | X75: 4.3753779e-07 | Y75: 4.3753779e-07 | Z75: 4.3753779e-07 | AA75: 4.3753779e-07 | AB75: 4.3753779e-07 | AC75: 4.3753779e-07 | AD75: 4.3753779e-07 | AE75: 4.3753779e-07 | AF75: 1.296497e-07 | AG75: 3.3112858e-07 | AH75: 8.7190636e-07 | AI75: 8.7190636e-07 | AJ75: 8.7190636e-07 | AK75: 8.7190636e-07 | AL75: 3.6313955e-07 | AM75: 3.6313955e-07 | AN75: 3.6313955e-07 | AO75: 3.6313955e-07 | AP75: 3.6313955e-07 | AQ75: 3.6313955e-07 | AR75: 3.6313955e-07 | AS75: 4.7477416e-07 | AT75: 4.7477416e-07 | AU75: 3.9617571e-07 | AV75: 3.9617571e-07 | AW75: 3.9617571e-07 | AX75: 3.9617571e-07 | AY75: 3.9617571e-07 | AZ75: 3.9617571e-07 | BA75: 3.9617571e-07 | BB75: 3.9617571e-07 | BC75: 3.9617571e-07 | BD75: 3.3112858e-07 | BE75: 7.8576453e-07 | BF75: 7.8576453e-07 | BG75: 7.8576453e-07 | BH75: 1.6609932e-07 | BI75: 5.1581421e-07 | BJ75: 5.1581421e-07 | BK75: 5.1581421e-07 | BL75: 5.1581421e-07 | BM75: 5.1581421e-07 | BN75: 3.3112858e-07 | BO75: 3.3112858e-07 | BP75: 3.3112858e-07 | BQ75: 3.3112858e-07 | BR75: 2.5883476e-07 | BS75: 2.5883476e-07 | BT75: 2.5883476e-07 | BU75: 2.5883476e-07 | BV75: 5.087125e-07 | BW75: 5.087125e-07 | BX75: 5.087125e-07 | BY75: 5.087125e-07 | BZ75: 5.087125e-07 | CA75: 5.087125e-07 | CB75: 3.3112858e-07 | CC75: 3.3112858e-07 | CD75: 3.3112858e-07 | CE75: 3.3112858e-07 | CF75: 3.3112858e-07 | CG75: 3.3112858e-07 | CH75: 3.3112858e-07 | CI75: 2.9528788e-07 | CJ75: 2.9528788e-07 | CK75: 2.9528788e-07 | CL75: 3.3112858e-07 | CM75: 7.1822186e-07 | CN75: 1.758105e-07 | CO75: 1.758105e-07 | CP75: 1.758105e-07 | CQ75: 1.758105e-07 | CR75: 1.758105e-07 | CS75: 1.758105e-07 | CT75: 1.758105e-07 | CU75: 1.758105e-07 | CV75: 1.758105e-07 | CW75: 1.758105e-07 | CX75: 1.758105e-07 | CY75: 1.758105e-07
C76: midpoint 3 | E76: kBq Co-60 eq/m^3 | F76: 0.0023426941 | G76: 0.0023426941 | H76: 0.0023426941 | I76: 0.0033132911 | J76: 0.0033132911 | K76: 0.0033132911 | L76: 0.0027783307 | M76: 0.0027783307 | N76: 0.0027783307 | O76: 0.0023524112 | P76: 0.0018880945 | Q76: 0.0018880945 | R76: 0.0018880945 | S76: 0.0018880945 | T76: 0.0018880945 | U76: 0.0018880945 | V76: 0.0018880945 | W76: 0.0018880945 | X76: 0.0018880945 | Y76: 0.0018880945 | Z76: 0.0018880945 | AA76: 0.0018880945 | AB76: 0.0018880945 | AC76: 0.0018880945 | AD76: 0.0018880945 | AE76: 0.0018880945 | AF76: 0.00073797613 | AG76: 0.0027783307 | AH76: 0.0026164913 | AI76: 0.0026164913 | AJ76: 0.0026164913 | AK76: 0.0026164913 | AL76: 0.0057248301 | AM76: 0.0057248301 | AN76: 0.0057248301 | AO76: 0.0057248301 | AP76: 0.0057248301 | AQ76: 0.0057248301 | AR76: 0.0057248301 | AS76: 0.0027421363 | AT76: 0.0027421363 | AU76: 0.0024007116 | AV76: 0.0024007116 | AW76: 0.0024007116 | AX76: 0.0024007116 | AY76: 0.0024007116 | AZ76: 0.0024007116 | BA76: 0.0024007116 | BB76: 0.0024007116 | BC76: 0.0024007116 | BD76: 0.0027783307 | BE76: 0.0034794412 | BF76: 0.0034794412 | BG76: 0.0034794412 | BH76: 0.015240939 | BI76: 0.0027507554 | BJ76: 0.0027507554 | BK76: 0.0027507554 | BL76: 0.0027507554 | BM76: 0.0027507554 | BN76: 0.0027783307 | BO76: 0.0027783307 | BP76: 0.0027783307 | BQ76: 0.0027783307 | BR76: 0.001970419 | BS76: 0.001970419 | BT76: 0.001970419 | BU76: 0.001970419 | BV76: 0.0021063201 | BW76: 0.0021063201 | BX76: 0.0021063201 | BY76: 0.0021063201 | BZ76: 0.0021063201 | CA76: 0.0021063201 | CB76: 0.0027783307 | CC76: 0.0027783307 | CD76: 0.0027783307 | CE76: 0.0027783307 | CF76: 0.0027783307 | CG76: 0.0027783307 | CH76: 0.0027783307 | CI76: 0.0012614751 | CJ76: 0.0012614751 | CK76: 0.0012614751 | CL76: 0.0027783307 | CM76: 0.0031704806 | CN76: 0.0064804832 | CO76: 0.0064804832 | CP76: 0.0064804832 | CQ76: 0.0064804832 | CR76: 0.0064804832 | CS76: 0.0064804832 | CT76: 0.0064804832 | CU76: 0.0064804832 | CV76: 0.0064804832 | CW76: 0.0064804832 | CX76: 0.0064804832 | CY76: 0.0064804832
C77: midpoint 4 | E77: kg NOx eq/m^3 | F77: 0.0010299697 | G77: 0.0010299697 | H77: 0.0010299697 | I77: 0.00064079991 | J77: 0.00064079991 | K77: 0.00064079991 | L77: 0.00056721963 | M77: 0.00056721963 | N77: 0.00056721963 | O77: 0.00087927418 | P77: 0.00071877683 | Q77: 0.00071877683 | R77: 0.00071877683 | S77: 0.00071877683 | T77: 0.00071877683 | U77: 0.00071877683 | V77: 0.00071877683 | W77: 0.00071877683 | X77: 0.00071877683 | Y77: 0.00071877683 | Z77: 0.00071877683 | AA77: 0.00071877683 | AB77: 0.00071877683 | AC77: 0.00071877683 | AD77: 0.00071877683 | AE77: 0.00071877683 | AF77: 0.00033741813 | AG77: 0.00056721963 | AH77: 0.001270648 | AI77: 0.001270648 | AJ77: 0.001270648 | AK77: 0.001270648 | AL77: 0.00065576245 | AM77: 0.00065576245 | AN77: 0.00065576245 | AO77: 0.00065576245 | AP77: 0.00065576245 | AQ77: 0.00065576245 | AR77: 0.00065576245 | AS77: 0.00085057375 | AT77: 0.00085057375 | AU77: 0.00061151938 | AV77: 0.00061151938 | AW77: 0.00061151938 | AX77: 0.00061151938 | AY77: 0.00061151938 | AZ77: 0.00061151938 | BA77: 0.00061151938 | BB77: 0.00061151938 | BC77: 0.00061151938 | BD77: 0.00056721963 | BE77: 0.0012292299 | BF77: 0.0012292299 | BG77: 0.0012292299 | BH77: 0.00024417842 | BI77: 0.00080225854 | BJ77: 0.00080225854 | BK77: 0.00080225854 | BL77: 0.00080225854 | BM77: 0.00080225854 | BN77: 0.00056721963 | BO77: 0.00056721963 | BP77: 0.00056721963 | BQ77: 0.00056721963 | BR77: 0.00045443459 | BS77: 0.00045443459 | BT77: 0.00045443459 | BU77: 0.00045443459 | BV77: 0.00086714257 | BW77: 0.00086714257 | BX77: 0.00086714257 | BY77: 0.00086714257 | BZ77: 0.00086714257 | CA77: 0.00086714257 | CB77: 0.00056721963 | CC77: 0.00056721963 | CD77: 0.00056721963 | CE77: 0.00056721963 | CF77: 0.00056721963 | CG77: 0.00056721963 | CH77: 0.00056721963 | CI77: 0.00047344819 | CJ77: 0.00047344819 | CK77: 0.00047344819 | CL77: 0.00056721963 | CM77: 0.0011337021 | CN77: 0.00030983326 | CO77: 0.00030983326 | CP77: 0.00030983326 | CQ77: 0.00030983326 | CR77: 0.00030983326 | CS77: 0.00030983326 | CT77: 0.00030983326 | CU77: 0.00030983326 | CV77: 0.00030983326 | CW77: 0.00030983326 | CX77: 0.00030983326 | CY77: 0.00030983326
C78: midpoint 5 | E78: kg PM2.5 eq/m^3 | F78: 0.00047593071 | G78: 0.00047593071 | H78: 0.00047593071 | I78: 0.00026060879 | J78: 0.00026060879 | K78: 0.00026060879 | L78: 0.00021475354 | M78: 0.00021475354 | N78: 0.00021475354 | O78: 0.00038279413 | P78: 0.00032151571 | Q78: 0.00032151571 | R78: 0.00032151571 | S78: 0.00032151571 | T78: 0.00032151571 | U78: 0.00032151571 | V78: 0.00032151571 | W78: 0.00032151571 | X78: 0.00032151571 | Y78: 0.00032151571 | Z78: 0.00032151571 | AA78: 0.00032151571 | AB78: 0.00032151571 | AC78: 0.00032151571 | AD78: 0.00032151571 | AE78: 0.00032151571 | AF78: 7.5894936e-05 | AG78: 0.00021475354 | AH78: 0.00056861702 | AI78: 0.00056861702 | AJ78: 0.00056861702 | AK78: 0.00056861702 | AL78: 0.00018965277 | AM78: 0.00018965277 | AN78: 0.00018965277 | AO78: 0.00018965277 | AP78: 0.00018965277 | AQ78: 0.00018965277 | AR78: 0.00018965277 | AS78: 0.00048814526 | AT78: 0.00048814526 | AU78: 0.00020722765 | AV78: 0.00020722765 | AW78: 0.00020722765 | AX78: 0.00020722765 | AY78: 0.00020722765 | AZ78: 0.00020722765 | BA78: 0.00020722765 | BB78: 0.00020722765 | BC78: 0.00020722765 | BD78: 0.00021475354 | BE78: 0.00058719784 | BF78: 0.00058719784 | BG78: 0.00058719784 | BH78: 6.436759e-05 | BI78: 0.00033497797 | BJ78: 0.00033497797 | BK78: 0.00033497797 | BL78: 0.00033497797 | BM78: 0.00033497797 | BN78: 0.00021475354 | BO78: 0.00021475354 | BP78: 0.00021475354 | BQ78: 0.00021475354 | BR78: 0.00016791208 | BS78: 0.00016791208 | BT78: 0.00016791208 | BU78: 0.00016791208 | BV78: 0.00045153293 | BW78: 0.00045153293 | BX78: 0.00045153293 | BY78: 0.00045153293 | BZ78: 0.00045153293 | CA78: 0.00045153293 | CB78: 0.00021475354 | CC78: 0.00021475354 | CD78: 0.00021475354 | CE78: 0.00021475354 | CF78: 0.00021475354 | CG78: 0.00021475354 | CH78: 0.00021475354 | CI78: 9.1132392e-05 | CJ78: 9.1132392e-05 | CK78: 9.1132392e-05 | CL78: 0.00021475354 | CM78: 0.00054813366 | CN78: 7.578285e-05 | CO78: 7.578285e-05 | CP78: 7.578285e-05 | CQ78: 7.578285e-05 | CR78: 7.578285e-05 | CS78: 7.578285e-05 | CT78: 7.578285e-05 | CU78: 7.578285e-05 | CV78: 7.578285e-05 | CW78: 7.578285e-05 | CX78: 7.578285e-05 | CY78: 7.578285e-05
C79: midpoint 6 | E79: kg NOx eq/m^3 | F79: 0.0011119629 | G79: 0.0011119629 | H79: 0.0011119629 | I79: 0.00068436544 | J79: 0.00068436544 | K79: 0.00068436544 | L79: 0.00060385196 | M79: 0.00060385196 | N79: 0.00060385196 | O79: 0.00094422809 | P79: 0.00077712811 | Q79: 0.00077712811 | R79: 0.00077712811 | S79: 0.00077712811 | T79: 0.00077712811 | U79: 0.00077712811 | V79: 0.00077712811 | W79: 0.00077712811 | X79: 0.00077712811 | Y79: 0.00077712811 | Z79: 0.00077712811 | AA79: 0.00077712811 | AB79: 0.00077712811 | AC79: 0.00077712811 | AD79: 0.00077712811 | AE79: 0.00077712811 | AF79: 0.00035072208 | AG79: 0.00060385196 | AH79: 0.0013660109 | AI79: 0.0013660109 | AJ79: 0.0013660109 | AK79: 0.0013660109 | AL79: 0.00068365778 | AM79: 0.00068365778 | AN79: 0.00068365778 | AO79: 0.00068365778 | AP79: 0.00068365778 | AQ79: 0.00068365778 | AR79: 0.00068365778 | AS79: 0.00093908367 | AT79: 0.00093908367 | AU79: 0.00064492929 | AV79: 0.00064492929 | AW79: 0.00064492929 | AX79: 0.00064492929 | AY79: 0.00064492929 | AZ79: 0.00064492929 | BA79: 0.00064492929 | BB79: 0.00064492929 | BC79: 0.00064492929 | BD79: 0.00060385196 | BE79: 0.001329904 | BF79: 0.001329904 | BG79: 0.001329904 | BH79: 0.00024968369 | BI79: 0.00085837135 | BJ79: 0.00085837135 | BK79: 0.00085837135 | BL79: 0.00085837135 | BM79: 0.00085837135 | BN79: 0.00060385196 | BO79: 0.00060385196 | BP79: 0.00060385196 | BQ79: 0.00060385196 | BR79: 0.00048165879 | BS79: 0.00048165879 | BT79: 0.00048165879 | BU79: 0.00048165879 | BV79: 0.00094647566 | BW79: 0.00094647566 | BX79: 0.00094647566 | BY79: 0.00094647566 | BZ79: 0.00094647566 | CA79: 0.00094647566 | CB79: 0.00060385196 | CC79: 0.00060385196 | CD79: 0.00060385196 | CE79: 0.00060385196 | CF79: 0.00060385196 | CG79: 0.00060385196 | CH79: 0.00060385196 | CI79: 0.00048689535 | CJ79: 0.00048689535 | CK79: 0.00048689535 | CL79: 0.00060385196 | CM79: 0.0012283087 | CN79: 0.00032090505 | CO79: 0.00032090505 | CP79: 0.00032090505 | CQ79: 0.00032090505 | CR79: 0.00032090505 | CS79: 0.00032090505 | CT79: 0.00032090505 | CU79: 0.00032090505 | CV79: 0.00032090505 | CW79: 0.00032090505 | CX79: 0.00032090505 | CY79: 0.00032090505
C80: midpoint 7 | E80: kg SO2 eq/m^3 | F80: 0.001484185 | G80: 0.001484185 | H80: 0.001484185 | I80: 0.00078989248 | J80: 0.00078989248 | K80: 0.00078989248 | L80: 0.00063441354 | M80: 0.00063441354 | N80: 0.00063441354 | O80: 0.001179458 | P80: 0.00099157929 | Q80: 0.00099157929 | R80: 0.00099157929 | S80: 0.00099157929 | T80: 0.00099157929 | U80: 0.00099157929 | V80: 0.00099157929 | W80: 0.00099157929 | X80: 0.00099157929 | Y80: 0.00099157929 | Z80: 0.00099157929 | AA80: 0.00099157929 | AB80: 0.00099157929 | AC80: 0.00099157929 | AD80: 0.00099157929 | AE80: 0.00099157929 | AF80: 0.00018209043 | AG80: 0.00063441354 | AH80: 0.0017767521 | AI80: 0.0017767521 | AJ80: 0.0017767521 | AK80: 0.0017767521 | AL80: 0.00046671678 | AM80: 0.00046671678 | AN80: 0.00046671678 | AO80: 0.00046671678 | AP80: 0.00046671678 | AQ80: 0.00046671678 | AR80: 0.00046671678 | AS80: 0.0015464171 | AT80: 0.0015464171 | AU80: 0.00060511025 | AV80: 0.00060511025 | AW80: 0.00060511025 | AX80: 0.00060511025 | AY80: 0.00060511025 | AZ80: 0.00060511025 | BA80: 0.00060511025 | BB80: 0.00060511025 | BC80: 0.00060511025 | BD80: 0.00063441354 | BE80: 0.0018416793 | BF80: 0.0018416793 | BG80: 0.0018416793 | BH80: 0.00015246579 | BI80: 0.0010122636 | BJ80: 0.0010122636 | BK80: 0.0010122636 | BL80: 0.0010122636 | BM80: 0.0010122636 | BN80: 0.00063441354 | BO80: 0.00063441354 | BP80: 0.00063441354 | BQ80: 0.00063441354 | BR80: 0.00048899262 | BS80: 0.00048899262 | BT80: 0.00048899262 | BU80: 0.00048899262 | BV80: 0.0014161995 | BW80: 0.0014161995 | BX80: 0.0014161995 | BY80: 0.0014161995 | BZ80: 0.0014161995 | CA80: 0.0014161995 | CB80: 0.00063441354 | CC80: 0.00063441354 | CD80: 0.00063441354 | CE80: 0.00063441354 | CF80: 0.00063441354 | CG80: 0.00063441354 | CH80: 0.00063441354 | CI80: 0.00022312477 | CJ80: 0.00022312477 | CK80: 0.00022312477 | CL80: 0.00063441354 | CM80: 0.0017236085 | CN80: 0.00018818951 | CO80: 0.00018818951 | CP80: 0.00018818951 | CQ80: 0.00018818951 | CR80: 0.00018818951 | CS80: 0.00018818951 | CT80: 0.00018818951 | CU80: 0.00018818951 | CV80: 0.00018818951 | CW80: 0.00018818951 | CX80: 0.00018818951 | CY80: 0.00018818951
C81: midpoint 8 | E81: kg P eq/m^3 | F81: 1.5885693e-05 | G81: 1.5885693e-05 | H81: 1.5885693e-05 | I81: 1.0125323e-05 | J81: 1.0125323e-05 | K81: 1.0125323e-05 | L81: 1.0384974e-05 | M81: 1.0384974e-05 | N81: 1.0384974e-05 | O81: 1.5464301e-05 | P81: 1.3755332e-05 | Q81: 1.3755332e-05 | R81: 1.3755332e-05 | S81: 1.3755332e-05 | T81: 1.3755332e-05 | U81: 1.3755332e-05 | V81: 1.3755332e-05 | W81: 1.3755332e-05 | X81: 1.3755332e-05 | Y81: 1.3755332e-05 | Z81: 1.3755332e-05 | AA81: 1.3755332e-05 | AB81: 1.3755332e-05 | AC81: 1.3755332e-05 | AD81: 1.3755332e-05 | AE81: 1.3755332e-05 | AF81: 5.432743e-06 | AG81: 1.0384974e-05 | AH81: 2.2518727e-05 | AI81: 2.2518727e-05 | AJ81: 2.2518727e-05 | AK81: 2.2518727e-05 | AL81: 2.2503681e-05 | AM81: 2.2503681e-05 | AN81: 2.2503681e-05 | AO81: 2.2503681e-05 | AP81: 2.2503681e-05 | AQ81: 2.2503681e-05 | AR81: 2.2503681e-05 | AS81: 1.3622326e-05 | AT81: 1.3622326e-05 | AU81: 1.0101837e-05 | AV81: 1.0101837e-05 | AW81: 1.0101837e-05 | AX81: 1.0101837e-05 | AY81: 1.0101837e-05 | AZ81: 1.0101837e-05 | BA81: 1.0101837e-05 | BB81: 1.0101837e-05 | BC81: 1.0101837e-05 | BD81: 1.0384974e-05 | BE81: 1.985618e-05 | BF81: 1.985618e-05 | BG81: 1.985618e-05 | BH81: 5.2257455e-06 | BI81: 1.5367652e-05 | BJ81: 1.5367652e-05 | BK81: 1.5367652e-05 | BL81: 1.5367652e-05 | BM81: 1.5367652e-05 | BN81: 1.0384974e-05 | BO81: 1.0384974e-05 | BP81: 1.0384974e-05 | BQ81: 1.0384974e-05 | BR81: 9.4796247e-06 | BS81: 9.4796247e-06 | BT81: 9.4796247e-06 | BU81: 9.4796247e-06 | BV81: 1.6614348e-05 | BW81: 1.6614348e-05 | BX81: 1.6614348e-05 | BY81: 1.6614348e-05 | BZ81: 1.6614348e-05 | CA81: 1.6614348e-05 | CB81: 1.0384974e-05 | CC81: 1.0384974e-05 | CD81: 1.0384974e-05 | CE81: 1.0384974e-05 | CF81: 1.0384974e-05 | CG81: 1.0384974e-05 | CH81: 1.0384974e-05 | CI81: 5.8462845e-06 | CJ81: 5.8462845e-06 | CK81: 5.8462845e-06 | CL81: 1.0384974e-05 | CM81: 1.7673046e-05 | CN81: 5.8548107e-06 | CO81: 5.8548107e-06 | CP81: 5.8548107e-06 | CQ81: 5.8548107e-06 | CR81: 5.8548107e-06 | CS81: 5.8548107e-06 | CT81: 5.8548107e-06 | CU81: 5.8548107e-06 | CV81: 5.8548107e-06 | CW81: 5.8548107e-06 | CX81: 5.8548107e-06 | CY81: 5.8548107e-06
C82: midpoint 9 | E82: kg N eq/m^3 | F82: 1.1091852e-06 | G82: 1.1091852e-06 | H82: 1.1091852e-06 | I82: 7.2320118e-07 | J82: 7.2320118e-07 | K82: 7.2320118e-07 | L82: 7.087433e-07 | M82: 7.087433e-07 | N82: 7.087433e-07 | O82: 1.069447e-06 | P82: 9.455446e-07 | Q82: 9.455446e-07 | R82: 9.455446e-07 | S82: 9.455446e-07 | T82: 9.455446e-07 | U82: 9.455446e-07 | V82: 9.455446e-07 | W82: 9.455446e-07 | X82: 9.455446e-07 | Y82: 9.455446e-07 | Z82: 9.455446e-07 | AA82: 9.455446e-07 | AB82: 9.455446e-07 | AC82: 9.455446e-07 | AD82: 9.455446e-07 | AE82: 9.455446e-07 | AF82: 3.3136915e-07 | AG82: 7.087433e-07 | AH82: 1.5680365e-06 | AI82: 1.5680365e-06 | AJ82: 1.5680365e-06 | AK82: 1.5680365e-06 | AL82: 1.479255e-06 | AM82: 1.479255e-06 | AN82: 1.479255e-06 | AO82: 1.479255e-06 | AP82: 1.479255e-06 | AQ82: 1.479255e-06 | AR82: 1.479255e-06 | AS82: 9.6653018e-07 | AT82: 9.6653018e-07 | AU82: 7.1860939e-07 | AV82: 7.1860939e-07 | AW82: 7.1860939e-07 | AX82: 7.1860939e-07 | AY82: 7.1860939e-07 | AZ82: 7.1860939e-07 | BA82: 7.1860939e-07 | BB82: 7.1860939e-07 | BC82: 7.1860939e-07 | BD82: 7.087433e-07 | BE82: 1.4339669e-06 | BF82: 1.4339669e-06 | BG82: 1.4339669e-06 | BH82: 4.5806389e-07 | BI82: 1.0726354e-06 | BJ82: 1.0726354e-06 | BK82: 1.0726354e-06 | BL82: 1.0726354e-06 | BM82: 1.0726354e-06 | BN82: 7.087433e-07 | BO82: 7.087433e-07 | BP82: 7.087433e-07 | BQ82: 7.087433e-07 | BR82: 6.4068722e-07 | BS82: 6.4068722e-07 | BT82: 6.4068722e-07 | BU82: 6.4068722e-07 | BV82: 1.153327e-06 | BW82: 1.153327e-06 | BX82: 1.153327e-06 | BY82: 1.153327e-06 | BZ82: 1.153327e-06 | CA82: 1.153327e-06 | CB82: 7.087433e-07 | CC82: 7.087433e-07 | CD82: 7.087433e-07 | CE82: 7.087433e-07 | CF82: 7.087433e-07 | CG82: 7.087433e-07 | CH82: 7.087433e-07 | CI82: 3.5145693e-07 | CJ82: 3.5145693e-07 | CK82: 3.5145693e-07 | CL82: 7.087433e-07 | CM82: 1.26762e-06 | CN82: 4.1810623e-07 | CO82: 4.1810623e-07 | CP82: 4.1810623e-07 | CQ82: 4.1810623e-07 | CR82: 4.1810623e-07 | CS82: 4.1810623e-07 | CT82: 4.1810623e-07 | CU82: 4.1810623e-07 | CV82: 4.1810623e-07 | CW82: 4.1810623e-07 | CX82: 4.1810623e-07 | CY82: 4.1810623e-07
C83: midpoint 10 | E83: kg 1,4-DCB eq/m^3 | F83: 0.09509719 | G83: 0.09509719 | H83: 0.09509719 | I83: 0.066891961 | J83: 0.066891961 | K83: 0.066891961 | L83: 0.066820481 | M83: 0.066820481 | N83: 0.066820481 | O83: 0.091036816 | P83: 0.080863575 | Q83: 0.080863575 | R83: 0.080863575 | S83: 0.080863575 | T83: 0.080863575 | U83: 0.080863575 | V83: 0.080863575 | W83: 0.080863575 | X83: 0.080863575 | Y83: 0.080863575 | Z83: 0.080863575 | AA83: 0.080863575 | AB83: 0.080863575 | AC83: 0.080863575 | AD83: 0.080863575 | AE83: 0.080863575 | AF83: 0.050400099 | AG83: 0.066820481 | AH83: 0.10301649 | AI83: 0.10301649 | AJ83: 0.10301649 | AK83: 0.10301649 | AL83: 0.10589249 | AM83: 0.10589249 | AN83: 0.10589249 | AO83: 0.10589249 | AP83: 0.10589249 | AQ83: 0.10589249 | AR83: 0.10589249 | AS83: 0.071118398 | AT83: 0.071118398 | AU83: 0.081053148 | AV83: 0.081053148 | AW83: 0.081053148 | AX83: 0.081053148 | AY83: 0.081053148 | AZ83: 0.081053148 | BA83: 0.081053148 | BB83: 0.081053148 | BC83: 0.081053148 | BD83: 0.066820481 | BE83: 0.11560897 | BF83: 0.11560897 | BG83: 0.11560897 | BH83: 0.043531968 | BI83: 0.084029653 | BJ83: 0.084029653 | BK83: 0.084029653 | BL83: 0.084029653 | BM83: 0.084029653 | BN83: 0.066820481 | BO83: 0.066820481 | BP83: 0.066820481 | BQ83: 0.066820481 | BR83: 0.056631036 | BS83: 0.056631036 | BT83: 0.056631036 | BU83: 0.056631036 | BV83: 0.088442504 | BW83: 0.088442504 | BX83: 0.088442504 | BY83: 0.088442504 | BZ83: 0.088442504 | CA83: 0.088442504 | CB83: 0.066820481 | CC83: 0.066820481 | CD83: 0.066820481 | CE83: 0.066820481 | CF83: 0.066820481 | CG83: 0.066820481 | CH83: 0.066820481 | CI83: 0.054976797 | CJ83: 0.054976797 | CK83: 0.054976797 | CL83: 0.066820481 | CM83: 0.097498258 | CN83: 0.04630741 | CO83: 0.04630741 | CP83: 0.04630741 | CQ83: 0.04630741 | CR83: 0.04630741 | CS83: 0.04630741 | CT83: 0.04630741 | CU83: 0.04630741 | CV83: 0.04630741 | CW83: 0.04630741 | CX83: 0.04630741 | CY83: 0.04630741
... C91: midpoint 18 | E91: m3/m^3 | F91: 0.00042455008 | G91: 0.00042455008 | H91: 0.00042455008 | I91: 0.00033219597 | J91: 0.00033219597 | K91: 0.00033219597 | L91: 0.00017474183 | M91: 0.00017474183 | N91: 0.00017474183 | O91: 0.00043832344 | P91: 0.00038744571 | Q91: 0.00038744571 | R91: 0.00038744571 | S91: 0.00038744571 | T91: 0.00038744571 | U91: 0.00038744571 | V91: 0.00038744571 | W91: 0.00038744571 | X91: 0.00038744571 | Y91: 0.00038744571 | Z91: 0.00038744571 | AA91: 0.00038744571 | AB91: 0.00038744571 | AC91: 0.00038744571 | AD91: 0.00038744571 | AE91: 0.00038744571 | AF91: 0.00041489751 | AG91: 0.00017474183 | AH91: 0.00040428823 | AI91: 0.00040428823 | AJ91: 0.00040428823 | AK91: 0.00040428823 | AL91: -0.0033252193 | AM91: -0.0033252193 | AN91: -0.0033252193 | AO91: -0.0033252193 | AP91: -0.0033252193 | AQ91: -0.0033252193 | AR91: -0.0033252193 | AS91: 0.00029177272 | AT91: 0.00029177272 | AU91: 0.00039931622 | AV91: 0.00039931622 | AW91: 0.00039931622 | AX91: 0.00039931622 | AY91: 0.00039931622 | AZ91: 0.00039931622 | BA91: 0.00039931622 | BB91: 0.00039931622 | BC91: 0.00039931622 | BD91: 0.00017474183 | BE91: 0.00044781528 | BF91: 0.00044781528 | BG91: 0.00044781528 | BH91: 0.00021206947 | BI91: -0.00037907847 | BJ91: -0.00037907847 | BK91: -0.00037907847 | BL91: -0.00037907847 | BM91: -0.00037907847 | BN91: 0.00017474183 | BO91: 0.00017474183 | BP91: 0.00017474183 | BQ91: 0.00017474183 | BR91: 0.00029812053 | BS91: 0.00029812053 | BT91: 0.00029812053 | BU91: 0.00029812053 | BV91: 0.00040180445 | BW91: 0.00040180445 | BX91: 0.00040180445 | BY91: 0.00040180445 | BZ91: 0.00040180445 | CA91: 0.00040180445 | CB91: 0.00017474183 | CC91: 0.00017474183 | CD91: 0.00017474183 | CE91: 0.00017474183 | CF91: 0.00017474183 | CG91: 0.00017474183 | CH91: 0.00017474183 | CI91: 0.00043260716 | CJ91: 0.00043260716 | CK91: 0.00043260716 | CL91: 0.00017474183 | CM91: 0.00039411977 | CN91: 0.00023151064 | CO91: 0.00023151064 | CP91: 0.00023151064 | CQ91: 0.00023151064 | CR91: 0.00023151064 | CS91: 0.00023151064 | CT91: 0.00023151064 | CU91: 0.00023151064 | CV91: 0.00023151064 | CW91: 0.00023151064 | CX91: 0.00023151064 | CY91: 0.00023151064
C93: hum. health | E93: DALY/t EtOH | F93: 0.0017730497
C94: ecos. qual. | E94: Species.Yr/t EtOH | F94: 5.349865e-06
C95: res. scarcity | E95: USD2013/t EtOH | F95: 0
C96: midpoint 1 | E96: kg CO2 eq/t EtOH | F96: 1910.6139
C97: midpoint 2 | E97: kg CFC11 eq/t EtOH | F97: 0
C98: midpoint 3 | E98: kBq Co-60 eq/t EtOH | F98: 0
C99: midpoint 4 | E99: kg NOx eq/t EtOH | F99: 0
C100: midpoint 5 | E100: kg PM2.5 eq/t EtOH | F100: 0
C101: midpoint 6 | E101: kg NOx eq/t EtOH | F101: 0
C102: midpoint 7 | E102: kg SO2 eq/t EtOH | F102: 0
C103: midpoint 8 | E103: kg P eq/t EtOH | F103: 0
C104: midpoint 9 | E104: kg N eq/t EtOH | F104: 0
... C135: midpoint 18 | E135: m3/t EtOH | F135: 0
F137: c = 25000 | G137: c = 50000 | H137: c = 75000 | I137: c = 100000 | J137: c = 125000 | K137: c = 150000 | L137: c = 175000 | M137: c = 200000 | N137: c = 225000 | O137: c = 250000 | P137: c = 275000 | Q137: c = 300000 | R137: c = 350000 | S137: c = 400000 | T137: c = 450000 | U137: c = 500000 | V137: c = 550000 | W137: c = 600000 | X137: c = 650000 | Y137: c = 700000 | Z137: c = 750000 | AA137: c = 800000 | AB137: c = 850000 | AC137: c = 900000 | AD137: c = 950000 | AE137: c = 1000000 | AF137: c = 1100000 | AG137: c = 1200000 | AH137: c = 1300000 | AI137: c = 1400000 | AJ137: c = 1500000 | AK137: c = 1750000 | AL137: c = 2000000 | AM137: c = 2250000 | AN137: c = 2500000 | AO137: c = 2750000 | AP137: c = 3000000
C138: hum. health | E138: DALY/per capacity | F138: 0.97157725 | G138: 1.6916142 | H138: 2.3397763 | I138: 2.9452715 | J138: 3.5208972 | K138: 4.0737872 | L138: 4.6084594 | M138: 5.1280155 | N138: 5.6347071 | O138: 6.130238 | P138: 6.6159389 | Q138: 7.0928755 | R138: 8.0237939 | S138: 8.9283935 | T138: 9.8105949 | U138: 10.673364 | V138: 11.519019 | W138: 12.349413 | X138: 13.166066 | Y138: 13.970237 | Z138: 14.762991 | AA138: 15.545236 | AB138: 16.317757 | AC138: 17.081238 | AD138: 17.836277 | AE138: 18.583407 | AF138: 20.055776 | AG138: 21.501578 | AH138: 22.923452 | AI138: 24.323595 | AJ138: 25.703859 | AK138: 29.077413 | AL138: 32.35559 | AM138: 35.552598 | AN138: 38.679187 | AO138: 41.743752 | AP138: 44.753019
C139: ecos. qual. | E139: Species.Yr/per capacity | F139: 0.0019428864 | G139: 0.0033827617 | H139: 0.004678907 | I139: 0.0058897303 | J139: 0.0070408228 | K139: 0.0081464503 | L139: 0.0092156473 | M139: 0.010254616 | N139: 0.011267859 | O139: 0.012258785 | P139: 0.013230052 | Q139: 0.014183794 | R139: 0.016045374 | S139: 0.017854323 | T139: 0.019618483 | U139: 0.021343784 | V139: 0.023034859 | W139: 0.024695419 | X139: 0.026328498 | Y139: 0.027936619 | Z139: 0.029521908 | AA139: 0.031086183 | AB139: 0.032631012 | AC139: 0.034157762 | AD139: 0.035667633 | AE139: 0.037161686 | AF139: 0.040106019 | AG139: 0.042997223 | AH139: 0.045840578 | AI139: 0.048640478 | AJ139: 0.051400627 | AK139: 0.058146803 | AL139: 0.064702253 | AM139: 0.071095387 | AN139: 0.077347702 | AO139: 0.083475987 | AP139: 0.089493689
C140: res. scarcity | E140: USD2013/per capacity | F140: 13851.244 | G140: 24116.416 | H140: 33356.907 | I140: 41989.119 | J140: 50195.499 | K140: 58077.748 | L140: 65700.277 | M140: 73107.302 | N140: 80330.927 | O140: 87395.439 | P140: 94319.81 | Q140: 101119.23 | R140: 114390.83 | S140: 127287.21 | T140: 139864.27 | U140: 152164.3 | V140: 164220.33 | W140: 176058.81 | X140: 187701.37 | Y140: 199166 | Z140: 210467.85 | AA140: 221619.9 | AB140: 232633.31 | AC140: 243517.83 | AD140: 254282.02 | AE140: 264933.43 | AF140: 285924.2 | AG140: 306536.19 | AH140: 326807.07 | AI140: 346768.14 | AJ140: 366445.82 | AK140: 414540.72 | AL140: 461275.89 | AM140: 506853.88 | AN140: 551427.94 | AO140: 595117.77 | AP140: 638019.23
C141: midpoint 1 | E141: kg CO2 eq/per capacity | F141: 259680.27 | G141: 452129.6 | H141: 625368.43 | I141: 787203.36 | J141: 941054.88 | K141: 1088829.7 | L141: 1231735.3 | M141: 1370600.7 | N141: 1506027.7 | O141: 1638471.7 | P141: 1768288.4 | Q141: 1895762.6 | R141: 2144575.7 | S141: 2386354.4 | T141: 2622146.5 | U141: 2852744.9 | V141: 3078768.9 | W141: 3300714.3 | X141: 3518986.7 | Y141: 3733923.1 | Z141: 3945808 | AA141: 4154884.2 | AB141: 4361361.4 | AC141: 4565422.2 | AD141: 4767226.9 | AE141: 4966917.4 | AF141: 5360448 | AG141: 5746877.5 | AH141: 6126911.7 | AI141: 6501137.7 | AJ141: 6870050.8 | AK141: 7771724.2 | AL141: 8647905.5 | AM141: 9502392.3 | AN141: 10338058 | AO141: 11157145 | AP141: 11961453
C142: midpoint 2 | E142: kg CFC11 eq/per capacity | F142: 0.077985169 | G142: 0.13578006 | H142: 0.18780581 | I142: 0.23640682 | J142: 0.28261032 | K142: 0.3269889 | L142: 0.36990521 | M142: 0.41160819 | N142: 0.45227858 | O142: 0.49205315 | P142: 0.53103869 | Q142: 0.56932075 | R142: 0.64404238 | S142: 0.71665148 | T142: 0.78746275 | U142: 0.85671429 | V142: 0.92459206 | W142: 0.991245 | X142: 1.0567949 | Y142: 1.1213429 | Z142: 1.1849745 | AA142: 1.2477627 | AB142: 1.3097703 | AC142: 1.3710523 | AD142: 1.4316567 | AE142: 1.4916262 | AF142: 1.6098083 | AG142: 1.7258578 | AH142: 1.8399867 | AI142: 1.9523714 | AJ142: 2.0631605 | AK142: 2.3339441 | AL142: 2.5970721 | AM142: 2.8536849 | AN142: 3.1046455 | AO142: 3.3506276 | AP142: 3.5921711
C143: midpoint 3 | E143: kBq Co-60 eq/per capacity | F143: 12040.645 | G143: 20963.98 | H143: 28996.578 | I143: 36500.409 | J143: 43634.072 | K143: 50485.974 | L143: 57112.105 | M143: 63550.903 | N143: 69830.274 | O143: 75971.331 | P143: 81990.566 | Q143: 87901.186 | R143: 99437.951 | S143: 110648.55 | T143: 121581.57 | U143: 132273.77 | V143: 142753.87 | W143: 153044.85 | X143: 163165.53 | Y143: 173131.53 | Z143: 182956.04 | AA143: 192650.31 | AB143: 202224.08 | AC143: 211685.81 | AD143: 221042.92 | AE143: 230302.01 | AF143: 248548.92 | AG143: 266466.57 | AH143: 284087.69 | AI143: 301439.5 | AJ143: 318544.96 | AK143: 360353.02 | AL143: 400979.09 | AM143: 440599.24 | AN143: 479346.69 | AO143: 517325.5 | AP143: 554618.99
C144: midpoint 4 | E144: kg NOx eq/per capacity | F144: 665.68964 | G144: 1159.033 | H144: 1603.1302 | I144: 2017.9936 | J144: 2412.3916 | K144: 2791.2118 | L144: 3157.55 | M144: 3513.531 | N144: 3860.6978 | O144: 4200.2177 | P144: 4533.0024 | Q144: 4859.7821 | R144: 5497.6138 | S144: 6117.4128 | T144: 6721.8653 | U144: 7313.0037 | V144: 7892.4155 | W144: 8461.3721 | X144: 9020.9126 | Y144: 9571.9016 | Z144: 10115.068 | AA144: 10651.034 | AB144: 11180.338 | AC144: 11703.447 | AD144: 12220.773 | AE144: 12732.679 | AF144: 13741.494 | AG144: 14732.104 | AH144: 15706.321 | AI144: 16665.649 | AJ144: 17611.356 | AK144: 19922.793 | AL144: 22168.882 | AM144: 24359.356 | AN144: 26501.582 | AO144: 28601.311 | AP144: 30663.152
C145: midpoint 5 | E145: kg PM2.5 eq/per capacity | F145: 568.58414 | G145: 989.96248 | H145: 1369.2784 | I145: 1723.6248 | J145: 2060.4911 | K145: 2384.0521 | L145: 2696.9517 | M145: 3001.0051 | N145: 3297.5299 | O145: 3587.5234 | P145: 3871.7641 | Q145: 4150.8758 | R145: 4695.6657 | S145: 5225.0533 | T145: 5741.3331 | U145: 6246.241 | V145: 6741.1328 | W145: 7227.0945 | X145: 7705.0137 | Y145: 8175.6288 | Z145: 8639.5623 | AA145: 9097.3462 | AB145: 9549.4393 | AC145: 9996.2415 | AD145: 10438.104 | AE145: 10875.337 | AF145: 11736.994 | AG145: 12583.102 | AH145: 13415.208 | AI145: 14234.596 | AJ145: 15042.352 | AK145: 17016.615 | AL145: 18935.062 | AM145: 20806.007 | AN145: 22635.742 | AO145: 24429.18 | AP145: 26190.256
C146: midpoint 6 | E146: kg NOx eq/per capacity | F146: 682.40322 | G146: 1188.133 | H146: 1643.3803 | I146: 2068.6597 | J146: 2472.9599 | K146: 2861.2912 | L146: 3236.8271 | M146: 3601.7458 | N146: 3957.6289 | O146: 4305.6732 | P146: 4646.8132 | Q146: 4981.7974 | R146: 5635.6433 | S146: 6271.0036 | T146: 6890.6322 | U146: 7496.6125 | V146: 8090.5717 | W146: 8673.8131 | X146: 9247.4021 | Y146: 9812.2248 | Z146: 10369.029 | AA146: 10918.451 | AB146: 11461.044 | AC146: 11997.287 | AD146: 12527.602 | AE146: 13052.36 | AF146: 14086.503 | AG146: 15101.986 | AH146: 16100.662 | AI146: 17084.076 | AJ146: 18053.527 | AK146: 20422.998 | AL146: 22725.479 | AM146: 24970.95 | AN146: 27166.961 | AO146: 29319.409 | AP146: 31433.017
C147: midpoint 7 | E147: kg SO2 eq/per capacity | F147: 1285.5102 | G147: 2238.2033 | H147: 3095.7974 | I147: 3896.9382 | J147: 4658.5582 | K147: 5390.0963 | L147: 6097.5302 | M147: 6784.9635 | N147: 7455.3757 | O147: 8111.021 | P147: 8753.66 | Q147: 9384.7028 | R147: 10616.417 | S147: 11813.308 | T147: 12980.563 | U147: 14122.108 | V147: 15241.007 | W147: 16339.717 | X147: 17420.243 | Y147: 18484.255 | Z147: 19533.161 | AA147: 20568.163 | AB147: 21590.299 | AC147: 22600.473 | AD147: 23599.478 | AE147: 24588.018 | AF147: 26536.135 | AG147: 28449.099 | AH147: 30330.404 | AI147: 32182.957 | AJ147: 34009.209 | AK147: 38472.814 | AL147: 42810.226 | AM147: 47040.241 | AN147: 51177.083 | AO147: 55231.861 | AP147: 59213.472
C148: midpoint 8 | E148: kg P eq/per capacity | F148: 175.02738 | G148: 304.74038 | H148: 421.50527 | I148: 530.58381 | J148: 634.28144 | K148: 733.8833 | L148: 830.20326 | M148: 923.80007 | N148: 1015.0794 | O148: 1104.3481 | P148: 1191.846 | Q148: 1277.765 | R148: 1445.4678 | S148: 1608.4293 | T148: 1767.3559 | U148: 1922.7818 | V148: 2075.1244 | W148: 2224.7181 | X148: 2371.8361 | Y148: 2516.7057 | Z148: 2659.5184 | AA148: 2800.4381 | AB148: 2939.6061 | AC148: 3077.1453 | AD148: 3213.1639 | AE148: 3347.7575 | AF148: 3613.0015 | AG148: 3873.4593 | AH148: 4129.6066 | AI148: 4381.8391 | AJ148: 4630.4906 | AK148: 5238.2284 | AL148: 5828.7844 | AM148: 6404.718 | AN148: 6967.9657 | AO148: 7520.04 | AP148: 8062.1523
C149: midpoint 9 | E149: kg N eq/per capacity | F149: 9.7323351 | G149: 16.94498 | H149: 23.43765 | I149: 29.502923 | J149: 35.268993 | K149: 40.807318 | L149: 46.163156 | M149: 51.367573 | N149: 56.443127 | O149: 61.406883 | P149: 66.272172 | Q149: 71.049668 | R149: 80.374722 | S149: 89.436139 | T149: 98.273191 | U149: 106.91559 | V149: 115.38655 | W149: 123.70466 | X149: 131.8851 | Y149: 139.94052 | Z149: 147.88157 | AA149: 155.71736 | AB149: 163.45574 | AC149: 171.10356 | AD149: 178.66683 | AE149: 186.15086 | AF149: 200.89966 | AG149: 215.38232 | AH149: 229.6253 | AI149: 243.6506 | AJ149: 257.47677 | AK149: 291.26982 | AL149: 324.10747 | AM149: 356.13205 | AN149: 387.45124 | AO149: 418.14914 | AP149: 448.2931
... C158: midpoint 18 | E158: m3/per capacity | F158: 2538.0543 | G158: 4419.0091 | H158: 6112.2049 | I158: 7693.9418 | J158: 9197.6506 | K158: 10641.967 | L158: 12038.693 | M158: 13395.931 | N158: 14719.563 | O158: 16014.04 | P158: 17282.838 | Q158: 18528.741 | R158: 20960.582 | S158: 23323.67 | T158: 25628.247 | U158: 27882.063 | V158: 30091.168 | W158: 32260.411 | X158: 34393.754 | Y158: 36494.493 | Z158: 38565.406 | AA158: 40608.868 | AB158: 42626.928 | AC158: 44621.37 | AD158: 46593.762 | AE158: 48545.491 | AF158: 52391.767 | AG158: 56168.638 | AH158: 59883.004 | AI158: 63540.602 | AJ158: 67146.272 | AK158: 75959.017 | AL158: 84522.609 | AM158: 92874.163 | AN158: 101041.76 | AO158: 109047.33 | AP158: 116908.45
C160: hum. health | E160: DALY/t EtOH | F160: 0.00056686862
C161: ecos. qual. | E161: Species.Yr/t EtOH | F161: 1.5586898e-06
C162: res. scarcity | E162: USD2013/t EtOH | F162: 7.2695097
C163: midpoint 1 | E163: kg CO2 eq/t EtOH | F163: 215.48288
C164: midpoint 2 | E164: kg CFC11 eq/t EtOH | F164: 0.0047880257
C165: midpoint 3 | E165: kBq Co-60 eq/t EtOH | F165: 7.7470331
C166: midpoint 4 | E166: kg NOx eq/t EtOH | F166: 0.93131642
C167: midpoint 5 | E167: kg PM2.5 eq/t EtOH | F167: 0.36513801
C168: midpoint 6 | E168: kg NOx eq/t EtOH | F168: 0.93745072
C169: midpoint 7 | E169: kg SO2 eq/t EtOH | F169: 1.262847
C170: midpoint 8 | E170: kg P eq/t EtOH | F170: 0.026928612
C171: midpoint 9 | E171: kg N eq/t EtOH | F171: 0.091745128
... C180: midpoint 18 | E180: m3/t EtOH | F180: 9.9489531
F182: wheat straw | G182: maize stover | H182: barley straw | I182: rapeseed straw
C183: hum. health | E183: DALY/t straw | F183: 7.069684e-05 | G183: 9.4516148e-05 | H183: 7.3168003e-05 | I183: 0.00014673945
C184: ecos. qual. | E184: Species.Yr/t straw | F184: 1.7078901e-07 | G184: 2.4184766e-07 | H184: 1.7576095e-07 | I184: 3.5809549e-07
C185: res. scarcity | E185: USD2013/t straw | F185: 1.8995465 | G185: 2.5348135 | H185: 2.0129964 | I185: 3.8844615
C186: midpoint 1 | E186: kg CO2 eq/t straw | F186: 28.034411 | G186: 41.934248 | H186: 28.973003 | I186: 59.025182
C187: midpoint 2 | E187: kg CFC11 eq/t straw | F187: 0.00036664217 | G187: 0.00064902842 | H187: 0.00036732627 | I187: 0.00080384938
C188: midpoint 3 | E188: kBq Co-60 eq/t straw | F188: 1.6074318 | G188: 2.1375137 | H188: 1.6524756 | I188: 3.3479823
C189: midpoint 4 | E189: kg NOx eq/t straw | F189: 0.063930957 | G189: 0.0890476 | H189: 0.066656706 | I189: 0.13272789
C190: midpoint 5 | E190: kg PM2.5 eq/t straw | F190: 0.050853731 | G190: 0.062224545 | H190: 0.052282405 | I190: 0.10496165
C191: midpoint 6 | E191: kg NOx eq/t straw | F191: 0.064887046 | G191: 0.090333579 | H191: 0.067672247 | I191: 0.13468196
C192: midpoint 7 | E192: kg SO2 eq/t straw | F192: 0.15102624 | G192: 0.20212243 | H192: 0.15447991 | I192: 0.31573784
C193: midpoint 8 | E193: kg P eq/t straw | F193: 0.011876134 | G193: 0.013113061 | H193: 0.01237597 | I193: 0.024059052
C194: midpoint 9 | E194: kg N eq/t straw | F194: 0.0055434813 | G194: 0.0081371228 | H194: 0.0055737125 | I194: 0.011833851
... C203: midpoint 18 | E203: m3/t straw | F203: 0.69340444 | G203: 0.92706203 | H203: 0.71309395 | I203: 1.4447983
F205: tractor | G205: truck | H205: rail
...

Sheet Data 4
B1: Economic data and parameters
B2: Parameter | C2: Dimension | D2: Index | E2: Unit | F2: Values
E3: t refers to metric tons
F5: AT1 | G5: AT2 | H5: AT3 | I5: BE1 | J5: BE2 | K5: BE3 | L5: BG3 | M5: BG4 | N5: CY0 | O5: CZ0 | P5: DE1 | Q5: DE2 | R5: DE3 | S5: DE4 | T5: DE5 | U5: DE6 | V5: DE7 | W5: DE8 | X5: DE9 | Y5: DEA | Z5: DEB | AA5: DEC | AB5: DED | AC5: DEE | AD5: DEF | AE5: DEG | AF5: DK0 | AG5: EE0 | AH5: EL5 | AI5: EL6 | AJ5: EL3 | AK5: EL4 | AL5: ES1 | AM5: ES2 | AN5: ES3 | AO5: ES4 | AP5: ES5 | AQ5: ES6 | AR5: ES7 | AS5: FI1 | AT5: FI2 | AU5: FR1 | AV5: FR2 | AW5: FR3 | AX5: FR4 | AY5: FR5 | AZ5: FR6 | BA5: FR7 | BB5: FR8 | BC5: FR9 | BD5: HR0 | BE5: HU1 | BF5: HU2 | BG5: HU3 | BH5: IE0 | BI5: ITC | BJ5: ITF | BK5: ITG | BL5: ITH | BM5: ITI | BN5: LT0 | BO5: LU0 | BP5: LV0 | BQ5: MT0 | BR5: NL1 | BS5: NL2 | BT5: NL3 | BU5: NL4 | BV5: PL1 | BW5: PL2 | BX5: PL3 | BY5: PL4 | BZ5: PL5 | CA5: PL6 | CB5: PT1 | CC5: PT2 | CD5: PT3 | CE5: RO1 | CF5: RO2 | CG5: RO3 | CH5: RO4 | CI5: SE1 | CJ5: SE2 | CK5: SE3 | CL5: SI0 | CM5: SK0 | CN5: UKC | CO5: UKD | CP5: UKE | CQ5: UKF | CR5: UKG | CS5: UKH | CT5: UKI | CU5: UKJ | CV5: UKK | CW5: UKL | CX5: UKM | CY5: UKN
C6: tax1 = current excise tax | E6: €/t | F6: 455.51465 | G6: 455.51465 | H6: 455.51465 | I6: 454.73795 | J6: 454.73795 | K6: 454.73795 | L6: 448.40657 | M6: 448.40657 | N6: 472.76161 | O6: 437.16736 | P6: 456.56077 | Q6: 456.56077 | R6: 456.56077 | S6: 456.56077 | T6: 456.56077 | U6: 456.56077 | V6: 456.56077 | W6: 456.56077 | X6: 456.56077 | Y6: 456.56077 | Z6: 456.56077 | AA6: 456.56077 | AB6: 456.56077 | AC6: 456.56077 | AD6: 456.56077 | AE6: 456.56077 | AF6: 541.23446 | AG6: 452.11727 | AH6: 471.08284 | AI6: 471.08284 | AJ6: 471.08284 | AK6: 471.08284 | AL6: 497.08005 | AM6: 497.08005 | AN6: 497.08005 | AO6: 497.08005 | AP6: 497.08005 | AQ6: 497.08005 | AR6: 497.08005 | AS6: 455.01145 | AT6: 455.01145 | AU6: 466.30487 | AV6: 466.30487 | AW6: 466.30487 | AX6: 466.30487 | AY6: 466.30487 | AZ6: 466.30487 | BA6: 466.30487 | BB6: 466.30487 | BC6: 466.30487 | BD6: 461.01361 | BE6: 456.24423 | BF6: 456.24423 | BG6: 456.24423 | BH6: 452.40934 | BI6: 475.98521 | BJ6: 475.98521 | BK6: 475.98521 | BL6: 475.98521 | BM6: 475.98521 | BN6: 464.0572 | BO6: 475.52548 | BP6: 460.90649 | BQ6: 484.87264 | BR6: 461.40089 | BS6: 461.40089 | BT6: 461.40089 | BU6: 461.40089 | BV6: 456.58288 | BW6: 456.58288 | BX6: 456.58288 | BY6: 456.58288 | BZ6: 456.58288 | CA6: 456.58288 | CB6: 484.34281 | CC6: 484.34281 | CD6: 484.34281 | CE6: 464.17613 | CF6: 464.17613 | CG6: 464.17613 | CH6: 464.17613 | CI6: 470.2662 | CJ6: 470.2662 | CK6: 470.2662 | CL6: 428.10529 | CM6: 477.27767 | CN6: 430.97982 | CO6: 430.97982 | CP6: 430.97982 | CQ6: 430.97982 | CR6: 430.97982 | CS6: 430.97982 | CT6: 430.97982 | CU6: 430.97982 | CV6: 430.97982 | CW6: 430.97982 | CX6: 430.97982 | CY6: 430.97982
C7: tax2 = half excise tax abatement | E7: €/t | F7: 455.51465 | G7: 455.51465 | H7: 455.51465 | I7: 454.73795 | J7: 454.73795 | K7: 454.73795 | L7: 448.40657 | M7: 448.40657 | N7: 472.76161 | O7: 437.16736 | P7: 456.56077 | Q7: 456.56077 | R7: 456.56077 | S7: 456.56077 | T7: 456.56077 | U7: 456.56077 | V7: 456.56077 | W7: 456.56077 | X7: 456.56077 | Y7: 456.56077 | Z7: 456.56077 | AA7: 456.56077 | AB7: 456.56077 | AC7: 456.56077 | AD7: 456.56077 | AE7: 456.56077 | AF7: 541.23446 | AG7: 452.11727 | AH7: 471.08284 | AI7: 471.08284 | AJ7: 471.08284 | AK7: 471.08284 | AL7: 497.08005 | AM7: 497.08005 | AN7: 497.08005 | AO7: 497.08005 | AP7: 497.08005 | AQ7: 497.08005 | AR7: 497.08005 | AS7: 455.01145 | AT7: 455.01145 | AU7: 466.30487 | AV7: 466.30487 | AW7: 466.30487 | AX7: 466.30487 | AY7: 466.30487 | AZ7: 466.30487 | BA7: 466.30487 | BB7: 466.30487 | BC7: 466.30487 | BD7: 461.01361 | BE7: 456.24423 | BF7: 456.24423 | BG7: 456.24423 | BH7: 452.40934 | BI7: 475.98521 | BJ7: 475.98521 | BK7: 475.98521 | BL7: 475.98521 | BM7: 475.98521 | BN7: 464.0572 | BO7: 475.52548 | BP7: 460.90649 | BQ7: 484.87264 | BR7: 461.40089 | BS7: 461.40089 | BT7: 461.40089 | BU7: 461.40089 | BV7: 456.58288 | BW7: 456.58288 | BX7: 456.58288 | BY7: 456.58288 | BZ7: 456.58288 | CA7: 456.58288 | CB7: 484.34281 | CC7: 484.34281 | CD7: 484.34281 | CE7: 464.17613 | CF7: 464.17613 | CG7: 464.17613 | CH7: 464.17613 | CI7: 470.2662 | CJ7: 470.2662 | CK7: 470.2662 | CL7: 428.10529 | CM7: 477.27767 | CN7: 430.97982 | CO7: 430.97982 | CP7: 430.97982 | CQ7: 430.97982 | CR7: 430.97982 | CS7: 430.97982 | CT7: 430.97982 | CU7: 430.97982 | CV7: 430.97982 | CW7: 430.97982 | CX7: 430.97982 | CY7: 430.97982
C8: tax3 = full excise tax abatement | E8: €/t | F8: 455.51465 | G8: 455.51465 | H8: 455.51465 | I8: 454.73795 | J8: 454.73795 | K8: 454.73795 | L8: 448.40657 | M8: 448.40657 | N8: 472.76161 | O8: 437.16736 | P8: 456.56077 | Q8: 456.56077 | R8: 456.56077 | S8: 456.56077 | T8: 456.56077 | U8: 456.56077 | V8: 456.56077 | W8: 456.56077 | X8: 456.56077 | Y8: 456.56077 | Z8: 456.56077 | AA8: 456.56077 | AB8: 456.56077 | AC8: 456.56077 | AD8: 456.56077 | AE8: 456.56077 | AF8: 541.23446 | AG8: 452.11727 | AH8: 471.08284 | AI8: 471.08284 | AJ8: 471.08284 | AK8: 471.08284 | AL8: 497.08005 | AM8: 497.08005 | AN8: 497.08005 | AO8: 497.08005 | AP8: 497.08005 | AQ8: 497.08005 | AR8: 497.08005 | AS8: 455.01145 | AT8: 455.01145 | AU8: 466.30487 | AV8: 466.30487 | AW8: 466.30487 | AX8: 466.30487 | AY8: 466.30487 | AZ8: 466.30487 | BA8: 466.30487 | BB8: 466.30487 | BC8: 466.30487 | BD8: 461.01361 | BE8: 456.24423 | BF8: 456.24423 | BG8: 456.24423 | BH8: 452.40934 | BI8: 475.98521 | BJ8: 475.98521 | BK8: 475.98521 | BL8: 475.98521 | BM8: 475.98521 | BN8: 464.0572 | BO8: 475.52548 | BP8: 460.90649 | BQ8: 484.87264 | BR8: 461.40089 | BS8: 461.40089 | BT8: 461.40089 | BU8: 461.40089 | BV8: 456.58288 | BW8: 456.58288 | BX8: 456.58288 | BY8: 456.58288 | BZ8: 456.58288 | CA8: 456.58288 | CB8: 484.34281 | CC8: 484.34281 | CD8: 484.34281 | CE8: 464.17613 | CF8: 464.17613 | CG8: 464.17613 | CH8: 464.17613 | CI8: 470.2662 | CJ8: 470.2662 | CK8: 470.2662 | CL8: 428.10529 | CM8: 477.27767 | CN8: 430.97982 | CO8: 430.97982 | CP8: 430.97982 | CQ8: 430.97982 | CR8: 430.97982 | CS8: 430.97982 | CT8: 430.97982 | CU8: 430.97982 | CV8: 430.97982 | CW8: 430.97982 | CX8: 430.97982 | CY8: 430.97982
C9: tax4 = 50 €/t carbon tax | E9: €/t | F9: 455.51465 | G9: 455.51465 | H9: 455.51465 | I9: 454.73795 | J9: 454.73795 | K9: 454.73795 | L9: 448.40657 | M9: 448.40657 | N9: 472.76161 | O9: 437.16736 | P9: 456.56077 | Q9: 456.56077 | R9: 456.56077 | S9: 456.56077 | T9: 456.56077 | U9: 456.56077 | V9: 456.56077 | W9: 456.56077 | X9: 456.56077 | Y9: 456.56077 | Z9: 456.56077 | AA9: 456.56077 | AB9: 456.56077 | AC9: 456.56077 | AD9: 456.56077 | AE9: 456.56077 | AF9: 541.23446 | AG9: 452.11727 | AH9: 471.08284 | AI9: 471.08284 | AJ9: 471.08284 | AK9: 471.08284 | AL9: 497.08005 | AM9: 497.08005 | AN9: 497.08005 | AO9: 497.08005 | AP9: 497.08005 | AQ9: 497.08005 | AR9: 497.08005 | AS9: 455.01145 | AT9: 455.01145 | AU9: 466.30487 | AV9: 466.30487 | AW9: 466.30487 | AX9: 466.30487 | AY9: 466.30487 | AZ9: 466.30487 | BA9: 466.30487 | BB9: 466.30487 | BC9: 466.30487 | BD9: 461.01361 | BE9: 456.24423 | BF9: 456.24423 | BG9: 456.24423 | BH9: 452.40934 | BI9: 475.98521 | BJ9: 475.98521 | BK9: 475.98521 | BL9: 475.98521 | BM9: 475.98521 | BN9: 464.0572 | BO9: 475.52548 | BP9: 460.90649 | BQ9: 484.87264 | BR9: 461.40089 | BS9: 461.40089 | BT9: 461.40089 | BU9: 461.40089 | BV9: 456.58288 | BW9: 456.58288 | BX9: 456.58288 | BY9: 456.58288 | BZ9: 456.58288 | CA9: 456.58288 | CB9: 484.34281 | CC9: 484.34281 | CD9: 484.34281 | CE9: 464.17613 | CF9: 464.17613 | CG9: 464.17613 | CH9: 464.17613 | CI9: 470.2662 | CJ9: 470.2662 | CK9: 470.2662 | CL9: 428.10529 | CM9: 477.27767 | CN9: 430.97982 | CO9: 430.97982 | CP9: 430.97982 | CQ9: 430.97982 | CR9: 430.97982 | CS9: 430.97982 | CT9: 430.97982 | CU9: 430.97982 | CV9: 430.97982 | CW9: 430.97982 | CX9: 430.97982 | CY9: 430.97982
C10: tax5 = 375 €/t carbon tax | E10: €/t | F10: 455.51465 | G10: 455.51465 | H10: 455.51465 | I10: 454.73795 | J10: 454.73795 | K10: 454.73795 | L10: 448.40657 | M10: 448.40657 | N10: 472.76161 | O10: 437.16736 | P10: 456.56077 | Q10: 456.56077 | R10: 456.56077 | S10: 456.56077 | T10: 456.56077 | U10: 456.56077 | V10: 456.56077 | W10: 456.56077 | X10: 456.56077 | Y10: 456.56077 | Z10: 456.56077 | AA10: 456.56077 | AB10: 456.56077 | AC10: 456.56077 | AD10: 456.56077 | AE10: 456.56077 | AF10: 541.23446 | AG10: 452.11727 | AH10: 471.08284 | AI10: 471.08284 | AJ10: 471.08284 | AK10: 471.08284 | AL10: 497.08005 | AM10: 497.08005 | AN10: 497.08005 | AO10: 497.08005 | AP10: 497.08005 | AQ10: 497.08005 | AR10: 497.08005 | AS10: 455.01145 | AT10: 455.01145 | AU10: 466.30487 | AV10: 466.30487 | AW10: 466.30487 | AX10: 466.30487 | AY10: 466.30487 | AZ10: 466.30487 | BA10: 466.30487 | BB10: 466.30487 | BC10: 466.30487 | BD10: 461.01361 | BE10: 456.24423 | BF10: 456.24423 | BG10: 456.24423 | BH10: 452.40934 | BI10: 475.98521 | BJ10: 475.98521 | BK10: 475.98521 | BL10: 475.98521 | BM10: 475.98521 | BN10: 464.0572 | BO10: 475.52548 | BP10: 460.90649 | BQ10: 484.87264 | BR10: 461.40089 | BS10: 461.40089 | BT10: 461.40089 | BU10: 461.40089 | BV10: 456.58288 | BW10: 456.58288 | BX10: 456.58288 | BY10: 456.58288 | BZ10: 456.58288 | CA10: 456.58288 | CB10: 484.34281 | CC10: 484.34281 | CD10: 484.34281 | CE10: 464.17613 | CF10: 464.17613 | CG10: 464.17613 | CH10: 464.17613 | CI10: 470.2662 | CJ10: 470.2662 | CK10: 470.2662 | CL10: 428.10529 | CM10: 477.27767 | CN10: 430.97982 | CO10: 430.97982 | CP10: 430.97982 | CQ10: 430.97982 | CR10: 430.97982 | CS10: 430.97982 | CT10: 430.97982 | CU10: 430.97982 | CV10: 430.97982 | CW10: 430.97982 | CX10: 430.97982 | CY10: 430.97982
C12: tax1 = current excise tax | E12: €/t | F12: 881.16618 | G12: 881.16618 | H12: 881.16618 | I12: 454.73795 | J12: 454.73795 | K12: 454.73795 | L12: 448.40657 | M12: 448.40657 | N12: 472.76161 | O12: 437.16736 | P12: 456.56077 | Q12: 456.56077 | R12: 456.56077 | S12: 456.56077 | T12: 456.56077 | U12: 456.56077 | V12: 456.56077 | W12: 456.56077 | X12: 456.56077 | Y12: 456.56077 | Z12: 456.56077 | AA12: 456.56077 | AB12: 456.56077 | AC12: 456.56077 | AD12: 456.56077 | AE12: 456.56077 | AF12: 541.23446 | AG12: 452.11727 | AH12: 471.08284 | AI12: 471.08284 | AJ12: 471.08284 | AK12: 471.08284 | AL12: 497.08005 | AM12: 497.08005 | AN12: 497.08005 | AO12: 497.08005 | AP12: 497.08005 | AQ12: 497.08005 | AR12: 497.08005 | AS12: 692.09521 | AT12: 692.09521 | AU12: 466.30487 | AV12: 466.30487 | AW12: 466.30487 | AX12: 466.30487 | AY12: 466.30487 | AZ12: 466.30487 | BA12: 466.30487 | BB12: 466.30487 | BC12: 466.30487 | BD12: 892.51698 | BE12: 456.24423 | BF12: 456.24423 | BG12: 456.24423 | BH12: 452.40934 | BI12: 475.98521 | BJ12: 475.98521 | BK12: 475.98521 | BL12: 475.98521 | BM12: 475.98521 | BN12: 464.0572 | BO12: 475.52548 | BP12: 460.90649 | BQ12: 484.87264 | BR12: 461.40089 | BS12: 461.40089 | BT12: 461.40089 | BU12: 461.40089 | BV12: 456.58288 | BW12: 456.58288 | BX12: 456.58288 | BY12: 456.58288 | BZ12: 456.58288 | CA12: 456.58288 | CB12: 484.34281 | CC12: 484.34281 | CD12: 484.34281 | CE12: 464.17613 | CF12: 464.17613 | CG12: 464.17613 | CH12: 464.17613 | CI12: 1011.7559 | CJ12: 1011.7559 | CK12: 1011.7559 | CL12: 823.41571 | CM12: 477.27767 | CN12: 430.97982 | CO12: 430.97982 | CP12: 430.97982 | CQ12: 430.97982 | CR12: 430.97982 | CS12: 430.97982 | CT12: 430.97982 | CU12: 430.97982 | CV12: 430.97982 | CW12: 430.97982 | CX12: 430.97982 | CY12: 430.97982
C13: tax2 = half excise tax abatement | E13: €/t | F13: 881.16618 | G13: 881.16618 | H13: 881.16618 | I13: 702.75641 | J13: 702.75641 | K13: 702.75641 | L13: 598.42717 | M13: 598.42717 | N13: 650.04754 | O13: 644.69132 | P13: 727.03546 | Q13: 727.03546 | R13: 727.03546 | S13: 727.03546 | T13: 727.03546 | U13: 727.03546 | V13: 727.03546 | W13: 727.03546 | X13: 727.03546 | Y13: 727.03546 | Z13: 727.03546 | AA13: 727.03546 | AB13: 727.03546 | AC13: 727.03546 | AD13: 727.03546 | AE13: 727.03546 | AF13: 799.8606 | AG13: 684.77922 | AH13: 760.36057 | AI13: 760.36057 | AJ13: 760.36057 | AK13: 760.36057 | AL13: 692.42104 | AM13: 692.42104 | AN13: 692.42104 | AO13: 692.42104 | AP13: 692.42104 | AQ13: 692.42104 | AR13: 692.42104 | AS13: 745.32232 | AT13: 745.32232 | AU13: 751.94597 | AV13: 751.94597 | AW13: 751.94597 | AX13: 751.94597 | AY13: 751.94597 | AZ13: 751.94597 | BA13: 751.94597 | BB13: 751.94597 | BC13: 751.94597 | BD13: 892.51698 | BE13: 608.52105 | BF13: 608.52105 | BG13: 608.52105 | BH13: 695.2828 | BI13: 776.99936 | BJ13: 776.99936 | BK13: 776.99936 | BL13: 776.99936 | BM13: 776.99936 | BN13: 643.58709 | BO13: 670.61851 | BP13: 657.61535 | BQ13: 711.90607 | BR13: 786.93339 | BS13: 786.93339 | BT13: 786.93339 | BU13: 786.93339 | BV13: 618.81379 | BW13: 618.81379 | BX13: 618.81379 | BY13: 618.81379 | BZ13: 618.81379 | CA13: 618.81379 | CB13: 701.97885 | CC13: 701.97885 | CD13: 701.97885 | CE13: 642.16351 | CF13: 642.16351 | CG13: 642.16351 | CH13: 642.16351 | CI13: 1011.7559 | CJ13: 1011.7559 | CK13: 1011.7559 | CL13: 823.41571 | CM13: 689.69018 | CN13: 697.44543 | CO13: 697.44543 | CP13: 697.44543 | CQ13: 697.44543 | CR13: 697.44543 | CS13: 697.44543 | CT13: 697.44543 | CU13: 697.44543 | CV13: 697.44543 | CW13: 697.44543 | CX13: 697.44543 | CY13: 697.44543
C14: tax3 = full excise tax abatement | E14: €/t | F14: 881.16618 | G14: 881.16618 | H14: 881.16618 | I14: 950.77488 | J14: 950.77488 | K14: 950.77488 | L14: 748.44776 | M14: 748.44776 | N14: 827.33347 | O14: 852.21528 | P14: 997.51014 | Q14: 997.51014 | R14: 997.51014 | S14: 997.51014 | T14: 997.51014 | U14: 997.51014 | V14: 997.51014 | W14: 997.51014 | X14: 997.51014 | Y14: 997.51014 | Z14: 997.51014 | AA14: 997.51014 | AB14: 997.51014 | AC14: 997.51014 | AD14: 997.51014 | AE14: 997.51014 | AF14: 1058.4867 | AG14: 917.44117 | AH14: 1049.6383 | AI14: 1049.6383 | AJ14: 1049.6383 | AK14: 1049.6383 | AL14: 887.76203 | AM14: 887.76203 | AN14: 887.76203 | AO14: 887.76203 | AP14: 887.76203 | AQ14: 887.76203 | AR14: 887.76203 | AS14: 1035.6332 | AT14: 1035.6332 | AU14: 1037.5871 | AV14: 1037.5871 | AW14: 1037.5871 | AX14: 1037.5871 | AY14: 1037.5871 | AZ14: 1037.5871 | BA14: 1037.5871 | BB14: 1037.5871 | BC14: 1037.5871 | BD14: 892.51698 | BE14: 760.79787 | BF14: 760.79787 | BG14: 760.79787 | BH14: 938.15625 | BI14: 1078.0135 | BJ14: 1078.0135 | BK14: 1078.0135 | BL14: 1078.0135 | BM14: 1078.0135 | BN14: 823.11699 | BO14: 865.71155 | BP14: 854.32421 | BQ14: 938.9395 | BR14: 1112.4659 | BS14: 1112.4659 | BT14: 1112.4659 | BU14: 1112.4659 | BV14: 781.0447 | BW14: 781.0447 | BX14: 781.0447 | BY14: 781.0447 | BZ14: 781.0447 | CA14: 781.0447 | CB14: 919.61489 | CC14: 919.61489 | CD14: 919.61489 | CE14: 820.1509 | CF14: 820.1509 | CG14: 820.1509 | CH14: 820.1509 | CI14: 1011.7559 | CJ14: 1011.7559 | CK14: 1011.7559 | CL14: 823.41571 | CM14: 902.10269 | CN14: 963.91104 | CO14: 963.91104 | CP14: 963.91104 | CQ14: 963.91104 | CR14: 963.91104 | CS14: 963.91104 | CT14: 963.91104 | CU14: 963.91104 | CV14: 963.91104 | CW14: 963.91104 | CX14: 963.91104 | CY14: 963.91104
C15: tax4 = 50 €/t carbon tax | E15: €/t | F15: 979.10735 | G15: 979.10735 | H15: 979.10735 | I15: 552.67912 | J15: 552.67912 | K15: 552.67912 | L15: 546.34775 | M15: 546.34775 | N15: 570.70279 | O15: 535.10853 | P15: 554.50195 | Q15: 554.50195 | R15: 554.50195 | S15: 554.50195 | T15: 554.50195 | U15: 554.50195 | V15: 554.50195 | W15: 554.50195 | X15: 554.50195 | Y15: 554.50195 | Z15: 554.50195 | AA15: 554.50195 | AB15: 554.50195 | AC15: 554.50195 | AD15: 554.50195 | AE15: 554.50195 | AF15: 639.17564 | AG15: 550.05845 | AH15: 569.02401 | AI15: 569.02401 | AJ15: 569.02401 | AK15: 569.02401 | AL15: 595.02123 | AM15: 595.02123 | AN15: 595.02123 | AO15: 595.02123 | AP15: 595.02123 | AQ15: 595.02123 | AR15: 595.02123 | AS15: 790.03639 | AT15: 790.03639 | AU15: 564.24605 | AV15: 564.24605 | AW15: 564.24605 | AX15: 564.24605 | AY15: 564.24605 | AZ15: 564.24605 | BA15: 564.24605 | BB15: 564.24605 | BC15: 564.24605 | BD15: 990.45816 | BE15: 554.18541 | BF15: 554.18541 | BG15: 554.18541 | BH15: 550.35052 | BI15: 573.92639 | BJ15: 573.92639 | BK15: 573.92639 | BL15: 573.92639 | BM15: 573.92639 | BN15: 561.99837 | BO15: 573.46665 | BP15: 558.84766 | BQ15: 582.81381 | BR15: 559.34206 | BS15: 559.34206 | BT15: 559.34206 | BU15: 559.34206 | BV15: 554.52406 | BW15: 554.52406 | BX15: 554.52406 | BY15: 554.52406 | BZ15: 554.52406 | CA15: 554.52406 | CB15: 582.28399 | CC15: 582.28399 | CD15: 582.28399 | CE15: 562.11731 | CF15: 562.11731 | CG15: 562.11731 | CH15: 562.11731 | CI15: 1305.0702 | CJ15: 1305.0702 | CK15: 1305.0702 | CL15: 921.35689 | CM15: 575.21885 | CN15: 528.92099 | CO15: 528.92099 | CP15: 528.92099 | CQ15: 528.92099 | CR15: 528.92099 | CS15: 528.92099 | CT15: 528.92099 | CU15: 528.92099 | CV15: 528.92099 | CW15: 528.92099 | CX15: 528.92099 | CY15: 528.92099
C16: tax5 = 375 €/t carbon tax | E16: €/t | F16: 1615.725 | G16: 1615.725 | H16: 1615.725 | I16: 1189.2968 | J16: 1189.2968 | K16: 1189.2968 | L16: 1182.9654 | M16: 1182.9654 | N16: 1207.3204 | O16: 1171.7262 | P16: 1191.1196 | Q16: 1191.1196 | R16: 1191.1196 | S16: 1191.1196 | T16: 1191.1196 | U16: 1191.1196 | V16: 1191.1196 | W16: 1191.1196 | X16: 1191.1196 | Y16: 1191.1196 | Z16: 1191.1196 | AA16: 1191.1196 | AB16: 1191.1196 | AC16: 1191.1196 | AD16: 1191.1196 | AE16: 1191.1196 | AF16: 1275.7933 | AG16: 1186.6761 | AH16: 1205.6417 | AI16: 1205.6417 | AJ16: 1205.6417 | AK16: 1205.6417 | AL16: 1231.6389 | AM16: 1231.6389 | AN16: 1231.6389 | AO16: 1231.6389 | AP16: 1231.6389 | AQ16: 1231.6389 | AR16: 1231.6389 | AS16: 1426.654 | AT16: 1426.654 | AU16: 1200.8637 | AV16: 1200.8637 | AW16: 1200.8637 | AX16: 1200.8637 | AY16: 1200.8637 | AZ16: 1200.8637 | BA16: 1200.8637 | BB16: 1200.8637 | BC16: 1200.8637 | BD16: 1627.0758 | BE16: 1190.8031 | BF16: 1190.8031 | BG16: 1190.8031 | BH16: 1186.9682 | BI16: 1210.544 | BJ16: 1210.544 | BK16: 1210.544 | BL16: 1210.544 | BM16: 1210.544 | BN16: 1198.616 | BO16: 1210.0843 | BP16: 1195.4653 | BQ16: 1219.4315 | BR16: 1195.9597 | BS16: 1195.9597 | BT16: 1195.9597 | BU16: 1195.9597 | BV16: 1191.1417 | BW16: 1191.1417 | BX16: 1191.1417 | BY16: 1191.1417 | BZ16: 1191.1417 | CA16: 1191.1417 | CB16: 1218.9016 | CC16: 1218.9016 | CD16: 1218.9016 | CE16: 1198.735 | CF16: 1198.735 | CG16: 1198.735 | CH16: 1198.735 | CI16: 1746.3148 | CJ16: 1746.3148 | CK16: 1746.3148 | CL16: 1557.9745 | CM16: 1211.8365 | CN16: 1165.5386 | CO16: 1165.5386 | CP16: 1165.5386 | CQ16: 1165.5386 | CR16: 1165.5386 | CS16: 1165.5386 | CT16: 1165.5386 | CU16: 1165.5386 | CV16: 1165.5386 | CW16: 1165.5386 | CX16: 1165.5386 | CY16: 1165.5386
C18: Surplus energy | E18: €/MJ | F18: 0.019763889 | G18: 0.019763889 | H18: 0.019763889 | I18: 0.022138889 | J18: 0.022138889 | K18: 0.022138889 | L18: 0.022708333 | M18: 0.022708333 | N18: 0.040888889 | O18: 0.019888889 | P18: 0.021541667 | Q18: 0.021541667 | R18: 0.021541667 | S18: 0.021541667 | T18: 0.021541667 | U18: 0.021541667 | V18: 0.021541667 | W18: 0.021541667 | X18: 0.021541667 | Y18: 0.021541667 | Z18: 0.021541667 | AA18: 0.021541667 | AB18: 0.021541667 | AC18: 0.021541667 | AD18: 0.021541667 | AE18: 0.021541667 | AF18: 0.017277778 | AG18: 0.021125 | AH18: 0.021986111 | AI18: 0.021986111 | AJ18: 0.021986111 | AK18: 0.021986111 | AL18: 0.028513889 | AM18: 0.028513889 | AN18: 0.028513889 | AO18: 0.028513889 | AP18: 0.028513889 | AQ18: 0.028513889 | AR18: 0.028513889 | AS18: 0.017319444 | AT18: 0.017319444 | AU18: 0.019541667 | AV18: 0.019541667 | AW18: 0.019541667 | AX18: 0.019541667 | AY18: 0.019541667 | AZ18: 0.019541667 | BA18: 0.019541667 | BB18: 0.019541667 | BC18: 0.019541667 | BD18: 0.023819444 | BE18: 0.020486111 | BF18: 0.020486111 | BG18: 0.020486111 | BH18: 0.033486111 | BI18: 0.024680556 | BJ18: 0.024680556 | BK18: 0.024680556 | BL18: 0.024680556 | BM18: 0.024680556 | BN18: 0.020319444 | BO18: 0.020833333 | BP18: 0.022833333 | BQ18: 0.037111111 | BR18: 0.017138889 | BS18: 0.017138889 | BT18: 0.017138889 | BU18: 0.017138889 | BV18: 0.018013889 | BW18: 0.018013889 | BX18: 0.018013889 | BY18: 0.018013889 | BZ18: 0.018013889 | CA18: 0.018013889 | CB18: 0.022152778 | CC18: 0.022152778 | CD18: 0.022152778 | CE18: 0.020055556 | CF18: 0.020055556 | CG18: 0.020055556 | CH18: 0.020055556 | CI18: 0.018486111 | CJ18: 0.018486111 | CK18: 0.018486111 | CL18: 0.019263889 | CM18: 0.022347222 | CN18: 0.027458333 | CO18: 0.027458333 | CP18: 0.027458333 | CQ18: 0.027458333 | CR18: 0.027458333 | CS18: 0.027458333 | CT18: 0.027458333 | CU18: 0.027458333 | CV18: 0.027458333 | CW18: 0.027458333 | CX18: 0.027458333 | CY18: 0.027458333
C19: Biomethane | E19: €/m^3 | F19: 0.13138125 | G19: 0.13138125 | H19: 0.13138125 | I19: 0.108225 | J19: 0.108225 | K19: 0.108225 | L19: 0.12796875 | M19: 0.12796875 | N19: 0 | O19: 0.12114375 | P19: 0.13455 | Q19: 0.13455 | R19: 0.13455 | S19: 0.13455 | T19: 0.13455 | U19: 0.13455 | V19: 0.13455 | W19: 0.13455 | X19: 0.13455 | Y19: 0.13455 | Z19: 0.13455 | AA19: 0.13455 | AB19: 0.13455 | AC19: 0.13455 | AD19: 0.13455 | AE19: 0.13455 | AF19: 0.1369875 | AG19: 0.13040625 | AH19: 0.13918125 | AI19: 0.13918125 | AJ19: 0.13918125 | AK19: 0.13918125 | AL19: 0.1408875 | AM19: 0.1408875 | AN19: 0.1408875 | AO19: 0.1408875 | AP19: 0.1408875 | AQ19: 0.1408875 | AR19: 0.1408875 | AS19: 0.19231875 | AT19: 0.19231875 | AU19: 0.145275 | AV19: 0.145275 | AW19: 0.145275 | AX19: 0.145275 | AY19: 0.145275 | AZ19: 0.145275 | BA19: 0.145275 | BB19: 0.145275 | BC19: 0.145275 | BD19: 0.12894375 | BE19: 0.1209 | BF19: 0.1209 | BG19: 0.1209 | BH19: 0.1603875 | BI19: 0.131625 | BJ19: 0.131625 | BK19: 0.131625 | BL19: 0.131625 | BM19: 0.131625 | BN19: 0.15331875 | BO19: 0.15673125 | BP19: 0.1457625 | BQ19: 0 | BR19: 0.11041875 | BS19: 0.11041875 | BT19: 0.11041875 | BU19: 0.11041875 | BV19: 0.14649375 | BW19: 0.14649375 | BX19: 0.14649375 | BY19: 0.14649375 | BZ19: 0.14649375 | CA19: 0.14649375 | CB19: 0.1350375 | CC19: 0.1350375 | CD19: 0.1350375 | CE19: 0.131625 | CF19: 0.131625 | CG19: 0.131625 | CH19: 0.131625 | CI19: 0.19426875 | CJ19: 0.19426875 | CK19: 0.19426875 | CL19: 0.1389375 | CM19: 0.13918125 | CN19: 0.1248 | CO19: 0.1248 | CP19: 0.1248 | CQ19: 0.1248 | CR19: 0.1248 | CS19: 0.1248 | CT19: 0.1248 | CU19: 0.1248 | CV19: 0.1248 | CW19: 0.1248 | CX19: 0.1248 | CY19: 0.1248
F21: c = 25000 | G21: c = 50000 | H21: c = 75000 | I21: c = 100000 | J21: c = 125000 | K21: c = 150000 | L21: c = 175000 | M21: c = 200000 | N21: c = 225000 | O21: c = 250000 | P21: c = 275000 | Q21: c = 300000 | R21: c = 350000 | S21: c = 400000 | T21: c = 450000 | U21: c = 500000 | V21: c = 550000 | W21: c = 600000 | X21: c = 650000 | Y21: c = 700000 | Z21: c = 750000 | AA21: c = 800000 | AB21: c = 850000 | AC21: c = 900000 | AD21: c = 950000 | AE21: c = 1000000 | AF21: c = 1100000 | AG21: c = 1200000 | AH21: c = 1300000 | AI21: c = 1400000 | AJ21: c = 1500000 | AK21: c = 1750000 | AL21: c = 2000000 | AM21: c = 2250000 | AN21: c = 2500000 | AO21: c = 2750000 | AP21: c = 3000000
E22: € | F22: 5743491.8 | G22: 10000000 | H22: 13831619 | I22: 17411011 | J22: 20813830 | K22: 24082247 | L22: 27242969 | M22: 30314331 | N22: 33309646 | O22: 36238983 | P22: 39110210 | Q22: 41929627 | R22: 47432764 | S22: 52780316 | T22: 57995461 | U22: 63095734 | V22: 68094831 | W22: 73003721 | X22: 77831371 | Y22: 82585239 | Z22: 87271614 | AA22: 91895868 | AB22: 96462639 | AC22: 1.0097596e+08 | AD22: 1.0543939e+08 | AE22: 1.0985605e+08 | AF22: 1.1855999e+08 | AG22: 1.2710686e+08 | AH22: 1.3551229e+08 | AI22: 1.4378925e+08 | AJ22: 1.5194871e+08 | AK22: 1.7189151e+08 | AL22: 1.912705e+08 | AM22: 2.1016965e+08 | AN22: 2.2865253e+08 | AO22: 2.4676874e+08 | AP22: 2.6455806e+08
E24: € | F24: 3446095.1 | G24: 6000000 | H24: 8298971.2 | I24: 10446607 | J24: 12488298 | K24: 14449348 | L24: 16345781 | M24: 18188599 | N24: 19985787 | O24: 21743390 | P24: 23466126 | Q24: 25157776 | R24: 28459658 | S24: 31668190 | T24: 34797277 | U24: 37857441 | V24: 40856899 | W24: 43802233 | X24: 46698823 | Y24: 49551143 | Z24: 52362968 | AA24: 55137521 | AB24: 57877583 | AC24: 60585578 | AD24: 63263633 | AE24: 65913633 | AF24: 71135992 | AG24: 76264117 | AH24: 81307373 | AI24: 86273551 | AJ24: 91169223 | AK24: 1.0313491e+08 | AL24: 1.147623e+08 | AM24: 1.2610179e+08 | AN24: 1.3719152e+08 | AO24: 1.4806125e+08 | AP24: 1.5873484e+08
E26: € | F26: 2196885.6 | G26: 3825000 | H26: 5290594.1 | I26: 6659711.8 | J26: 7961290 | K26: 9211459.4 | L26: 10420436 | M26: 11595232 | N26: 12740939 | O26: 13861411 | P26: 14959655 | Q26: 16038082 | R26: 18143032 | S26: 20188471 | T26: 22183264 | U26: 24134118 | V26: 26046273 | W26: 27923923 | X26: 29770499 | Y26: 31588854 | Z26: 33381392 | AA26: 35150170 | AB26: 36896959 | AC26: 38623306 | AD26: 40330566 | AE26: 42019941 | AF26: 45349195 | AG26: 48618374 | AH26: 51833450 | AI26: 54999389 | AJ26: 58120380 | AK26: 65748504 | AL26: 73160966 | AM26: 80389893 | AN26: 87459591 | AO26: 94389045 | AP26: 1.0119346e+08
E28: €/t | F28: 99
C30: wheat straw | E30: €/t | F30: 75.36 | G30: 75.36 | H30: 75.36 | I30: 79.01 | J30: 79.01 | K30: 79.01 | L30: 62.28 | M30: 62.28 | N30: 67 | O30: 65.46 | P30: 74.85 | Q30: 74.85 | R30: 74.85 | S30: 74.85 | T30: 74.85 | U30: 74.85 | V30: 74.85 | W30: 74.85 | X30: 74.85 | Y30: 74.85 | Z30: 74.85 | AA30: 74.85 | AB30: 74.85 | AC30: 74.85 | AD30: 74.85 | AE30: 74.85 | AF30: 83 | AG30: 65.28 | AH30: 69.07 | AI30: 69.07 | AJ30: 69.07 | AK30: 69.07 | AL30: 70.66 | AM30: 70.66 | AN30: 70.66 | AO30: 70.66 | AP30: 70.66 | AQ30: 70.66 | AR30: 70.66 | AS30: 78.12 | AT30: 78.12 | AU30: 76.68 | AV30: 76.68 | AW30: 76.68 | AX30: 76.68 | AY30: 76.68 | AZ30: 76.68 | BA30: 76.68 | BB30: 76.68 | BC30: 76.68 | BD30: 67.5 | BE30: 67.82 | BF30: 67.82 | BG30: 67.82 | BH30: 76.14 | BI30: 74.3 | BJ30: 74.3 | BK30: 74.3 | BL30: 74.3 | BM30: 74.3 | BN30: 64.13 | BO30: 75.23 | BP30: 64.25 | BQ30: 65.25 | BR30: 76.71 | BS30: 76.71 | BT30: 76.71 | BU30: 76.71 | BV30: 65.81 | BW30: 65.81 | BX30: 65.81 | BY30: 65.81 | BZ30: 65.81 | CA30: 65.81 | CB30: 68.27 | CC30: 68.27 | CD30: 68.27 | CE30: 62.24 | CF30: 62.24 | CG30: 62.24 | CH30: 62.24 | CI30: 81.13 | CJ30: 81.13 | CK30: 81.13 | CL30: 68.81 | CM30: 65.04 | CN30: 72.6 | CO30: 72.6 | CP30: 72.6 | CQ30: 72.6 | CR30: 72.6 | CS30: 72.6 | CT30: 72.6 | CU30: 72.6 | CV30: 72.6 | CW30: 72.6 | CX30: 72.6 | CY30: 72.6
C31: maize stover | E31: €/t | F31: 87.66 | G31: 87.66 | H31: 87.66 | I31: 91.29 | J31: 91.29 | K31: 91.29 | L31: 74.46 | M31: 74.46 | N31: 79.08 | O31: 77.86 | P31: 87.05 | Q31: 87.05 | R31: 87.05 | S31: 87.05 | T31: 87.05 | U31: 87.05 | V31: 87.05 | W31: 87.05 | X31: 87.05 | Y31: 87.05 | Z31: 87.05 | AA31: 87.05 | AB31: 87.05 | AC31: 87.05 | AD31: 87.05 | AE31: 87.05 | AF31: 95.81 | AG31: 77.58 | AH31: 81.65 | AI31: 81.65 | AJ31: 81.65 | AK31: 81.65 | AL31: 82.95 | AM31: 82.95 | AN31: 82.95 | AO31: 82.95 | AP31: 82.95 | AQ31: 82.95 | AR31: 82.95 | AS31: 90.83 | AT31: 90.83 | AU31: 88.98 | AV31: 88.98 | AW31: 88.98 | AX31: 88.98 | AY31: 88.98 | AZ31: 88.98 | BA31: 88.98 | BB31: 88.98 | BC31: 88.98 | BD31: 80.19 | BE31: 80.71 | BF31: 80.71 | BG31: 80.71 | BH31: 88.74 | BI31: 86.8 | BJ31: 86.8 | BK31: 86.8 | BL31: 86.8 | BM31: 86.8 | BN31: 76.53 | BO31: 87.22 | BP31: 76.53 | BQ31: 77.35 | BR31: 89.12 | BS31: 89.12 | BT31: 89.12 | BU31: 89.12 | BV31: 78.41 | BW31: 78.41 | BX31: 78.41 | BY31: 78.41 | BZ31: 78.41 | CA31: 78.41 | CB31: 80.75 | CC31: 80.75 | CD31: 80.75 | CE31: 74.43 | CF31: 74.43 | CG31: 74.43 | CH31: 74.43 | CI31: 93.81 | CJ31: 93.81 | CK31: 93.81 | CL31: 81.31 | CM31: 77.22 | CN31: 84.78 | CO31: 84.78 | CP31: 84.78 | CQ31: 84.78 | CR31: 84.78 | CS31: 84.78 | CT31: 84.78 | CU31: 84.78 | CV31: 84.78 | CW31: 84.78 | CX31: 84.78 | CY31: 84.78
C32: barley straw | E32: €/t | F32: 77.76 | G32: 77.76 | H32: 77.76 | I32: 81.55 | J32: 81.55 | K32: 81.55 | L32: 64.68 | M32: 64.68 | N32: 69.38 | O32: 67.88 | P32: 77.35 | Q32: 77.35 | R32: 77.35 | S32: 77.35 | T32: 77.35 | U32: 77.35 | V32: 77.35 | W32: 77.35 | X32: 77.35 | Y32: 77.35 | Z32: 77.35 | AA32: 77.35 | AB32: 77.35 | AC32: 77.35 | AD32: 77.35 | AE32: 77.35 | AF32: 85.5 | AG32: 67.68 | AH32: 71.55 | AI32: 71.55 | AJ32: 71.55 | AK32: 71.55 | AL32: 73.08 | AM32: 73.08 | AN32: 73.08 | AO32: 73.08 | AP32: 73.08 | AQ32: 73.08 | AR32: 73.08 | AS32: 80.6 | AT32: 80.6 | AU32: 79.2 | AV32: 79.2 | AW32: 79.2 | AX32: 79.2 | AY32: 79.2 | AZ32: 79.2 | BA32: 79.2 | BB32: 79.2 | BC32: 79.2 | BD32: 70.13 | BE32: 70.36 | BF32: 70.36 | BG32: 70.36 | BH32: 78.72 | BI32: 76.74 | BJ32: 76.74 | BK32: 76.74 | BL32: 76.74 | BM32: 76.74 | BN32: 66.55 | BO32: 77.45 | BP32: 66.67 | BQ32: 67.61 | BR32: 79.26 | BS32: 79.26 | BT32: 79.26 | BU32: 79.26 | BV32: 68.27 | BW32: 68.27 | BX32: 68.27 | BY32: 68.27 | BZ32: 68.27 | CA32: 68.27 | CB32: 70.73 | CC32: 70.73 | CD32: 70.73 | CE32: 64.62 | CF32: 64.62 | CG32: 64.62 | CH32: 64.62 | CI32: 83.63 | CJ32: 83.63 | CK32: 83.63 | CL32: 71.37 | CM32: 67.44 | CN32: 75 | CO32: 75 | CP32: 75 | CQ32: 75 | CR32: 75 | CS32: 75 | CT32: 75 | CU32: 75 | CV32: 75 | CW32: 75 | CX32: 75 | CY32: 75
C33: rapeseed straw | E33: €/t | F33: 94.32 | G33: 94.32 | H33: 94.32 | I33: 98.13 | J33: 98.13 | K33: 98.13 | L33: 81.24 | M33: 81.24 | N33: 85.8 | O33: 84.58 | P33: 93.65 | Q33: 93.65 | R33: 93.65 | S33: 93.65 | T33: 93.65 | U33: 93.65 | V33: 93.65 | W33: 93.65 | X33: 93.65 | Y33: 93.65 | Z33: 93.65 | AA33: 93.65 | AB33: 93.65 | AC33: 93.65 | AD33: 93.65 | AE33: 93.65 | AF33: 102.75 | AG33: 84.24 | AH33: 88.54 | AI33: 88.54 | AJ33: 88.54 | AK33: 88.54 | AL33: 89.78 | AM33: 89.78 | AN33: 89.78 | AO33: 89.78 | AP33: 89.78 | AQ33: 89.78 | AR33: 89.78 | AS33: 97.71 | AT33: 97.71 | AU33: 95.64 | AV33: 95.64 | AW33: 95.64 | AX33: 95.64 | AY33: 95.64 | AZ33: 95.64 | BA33: 95.64 | BB33: 95.64 | BC33: 95.64 | BD33: 87.25 | BE33: 87.88 | BF33: 87.88 | BG33: 87.88 | BH33: 95.57 | BI33: 93.57 | BJ33: 93.57 | BK33: 93.57 | BL33: 93.57 | BM33: 93.57 | BN33: 83.25 | BO33: 93.72 | BP33: 83.37 | BQ33: 83.9 | BR33: 95.83 | BS33: 95.83 | BT33: 95.83 | BU33: 95.83 | BV33: 85.24 | BW33: 85.24 | BX33: 85.24 | BY33: 85.24 | BZ33: 85.24 | CA33: 85.24 | CB33: 87.7 | CC33: 87.7 | CD33: 87.7 | CE33: 81.04 | CF33: 81.04 | CG33: 81.04 | CH33: 81.04 | CI33: 100.75 | CJ33: 100.75 | CK33: 100.75 | CL33: 88.08 | CM33: 84 | CN33: 91.56 | CO33: 91.56 | CP33: 91.56 | CQ33: 91.56 | CR33: 91.56 | CS33: 91.56 | CT33: 91.56 | CU33: 91.56 | CV33: 91.56 | CW33: 91.56 | CX33: 91.56 | CY33: 91.56
F35: Tax Scn 1 | G35: Tax Scn 2 | H35: Tax Scn 3 | I35: Tax Scn 4 | J35: Tax Scn 5
C36: tractor | E36: €/tkm | F36: 0.57090615 | G36: 0.57090615 | H36: 0.57090615 | I36: 0.5786181 | J36: 0.62874574
C37: truck | E37: €/tkm | F37: 0.17127185 | G37: 0.17127185 | H37: 0.17127185 | I37: 0.17866035 | J37: 0.22668563
C38: train | E38: €/tkm | F38: 0.15985372 | G38: 0.15985372 | H38: 0.15985372 | I38: 0.16112385 | J38: 0.16937967
C39: tractor | E39: €/tkm | F39: - | G39: - | H39: - | I39: - | J39: -
C40: truck | E40: €/tkm | F40: 0.1484356 | G40: 0.1484356 | H40: 0.1484356 | I40: 0.1523154 | J40: 0.17753413
C41: train | E41: €/tkm | F41: 0.037679806 | G41: 0.037679806 | H41: 0.037679806 | I41: 0.038949933 | J41: 0.047205756
C43: tractor | E43: €/t | F43: 2.968712
C44: truck | E44: €/t | F44: 21.694434
C45: train | E45: €/t | F45: 31.970744
C46: tractor | E46: €/t | F46: -
C47: truck | E47: €/t | F47: 6.8508738
C48: train | E48: €/t | F48: 7.42178
F50: 1.6609375 | G50: 1.6609375 | H50: 1.6609375 | I50: 1.5421875 | J50: 1.5421875 | K50: 1.5421875 | L50: 1.046875 | M50: 1.046875 | N50: 1.265625 | O50: 1.2421875 | P50: 1.8375 | Q50: 1.8375 | R50: 1.8375 | S50: 1.8375 | T50: 1.8375 | U50: 1.8375 | V50: 1.8375 | W50: 1.8375 | X50: 1.8375 | Y50: 1.8375 | Z50: 1.8375 | AA50: 1.8375 | AB50: 1.8375 | AC50: 1.8375 | AD50: 1.8375 | AE50: 1.8375 | AF50: 1.8796875 | AG50: 1.30625 | AH50: 1.2515625 | AI50: 1.2515625 | AJ50: 1.2515625 | AK50: 1.2515625 | AL50: 1.340625 | AM50: 1.340625 | AN50: 1.340625 | AO50: 1.340625 | AP50: 1.340625 | AQ50: 1.340625 | AR50: 1.340625 | AS50: 2.059375 | AT50: 2.059375 | AU50: 1.721875 | AV50: 1.721875 | AW50: 1.721875 | AX50: 1.721875 | AY50: 1.721875 | AZ50: 1.721875 | BA50: 1.721875 | BB50: 1.721875 | BC50: 1.721875 | BD50: 1.0609375 | BE50: 1.1109375 | BF50: 1.1109375 | BG50: 1.1109375 | BH50: 1.5828125 | BI50: 1.3328125 | BJ50: 1.3328125 | BK50: 1.3328125 | BL50: 1.3328125 | BM50: 1.3328125 | BN50: 1.2296875 | BO50: 1.6734375 | BP50: 1.221875 | BQ50: 1.4609375 | BR50: 1.715625 | BS50: 1.715625 | BT50: 1.715625 | BU50: 1.715625 | BV50: 1.184375 | BW50: 1.184375 | BX50: 1.184375 | BY50: 1.184375 | BZ50: 1.184375 | CA50: 1.184375 | CB50: 1.2453125 | CC50: 1.2453125 | CD50: 1.2453125 | CE50: 1 | CF50: 1 | CG50: 1 | CH50: 1 | CI50: 1.9125 | CJ50: 1.9125 | CK50: 1.9125 | CL50: 1.2125 | CM50: 1.2671875 | CN50: 1.5203125 | CO50: 1.5203125 | CP50: 1.5203125 | CQ50: 1.5203125 | CR50: 1.5203125 | CS50: 1.5203125 | CT50: 1.5203125 | CU50: 1.5203125 | CV50: 1.5203125 | CW50: 1.5203125 | CX50: 1.5203125 | CY50: 1.5203125
F51: 1.3672727 | G51: 1.3672727 | H51: 1.3672727 | I51: 1.5672727 | J51: 1.5672727 | K51: 1.5672727 | L51: 0.18545455 | M51: 0.18545455 | N51: 0.49090909 | O51: 0.46545455 | P51: 1.4690909 | Q51: 1.4690909 | R51: 1.4690909 | S51: 1.4690909 | T51: 1.4690909 | U51: 1.4690909 | V51: 1.4690909 | W51: 1.4690909 | X51: 1.4690909 | Y51: 1.4690909 | Z51: 1.4690909 | AA51: 1.4690909 | AB51: 1.4690909 | AC51: 1.4690909 | AD51: 1.4690909 | AE51: 1.4690909 | AF51: 1.6581818 | AG51: 0.44 | AH51: 0.6 | AI51: 0.6 | AJ51: 0.6 | AK51: 0.6 | AL51: 0.85454545 | AM51: 0.85454545 | AN51: 0.85454545 | AO51: 0.85454545 | AP51: 0.85454545 | AQ51: 0.85454545 | AR51: 0.85454545 | AS51: 1.3381818 | AT51: 1.3381818 | AU51: 1.3927273 | AV51: 1.3927273 | AW51: 1.3927273 | AX51: 1.3927273 | AY51: 1.3927273 | AZ51: 1.3927273 | BA51: 1.3927273 | BB51: 1.3927273 | BC51: 1.3927273 | BD51: 0.36727273 | BE51: 0.36 | BF51: 0.36 | BG51: 0.36 | BH51: 1.1927273 | BI51: 1.0145455 | BJ51: 1.0145455 | BK51: 1.0145455 | BL51: 1.0145455 | BM51: 1.0145455 | BN51: 0.32 | BO51: 1.28 | BP51: 0.33454545 | BQ51: 0.50181818 | BR51: 1.3927273 | BS51: 1.3927273 | BT51: 1.3927273 | BU51: 1.3927273 | BV51: 0.36 | BW51: 0.36 | BX51: 0.36 | BY51: 0.36 | BZ51: 0.36 | CA51: 0.36 | CB51: 0.42909091 | CC51: 0.42909091 | CD51: 0.42909091 | CE51: 0.22909091 | CF51: 0.22909091 | CG51: 0.22909091 | CH51: 0.22909091 | CI51: 1.4909091 | CJ51: 1.4909091 | CK51: 1.4909091 | CL51: 0.67272727 | CM51: 0.44363636 | CN51: 0.98545455 | CO51: 0.98545455 | CP51: 0.98545455 | CQ51: 0.98545455 | CR51: 0.98545455 | CS51: 0.98545455 | CT51: 0.98545455 | CU51: 0.98545455 | CV51: 0.98545455 | CW51: 0.98545455 | CX51: 0.98545455 | CY51: 0.98545455
F52: 1.0112994 | G52: 1.0112994 | H52: 1.0112994 | I52: 0.99623352 | J52: 0.99623352 | K52: 0.99623352 | L52: 0.63182674 | M52: 0.63182674 | N52: 0.82015066 | O52: 0.71280603 | P52: 1 | Q52: 1 | R52: 1 | S52: 1 | T52: 1 | U52: 1 | V52: 1 | W52: 1 | X52: 1 | Y52: 1 | Z52: 1 | AA52: 1 | AB52: 1 | AC52: 1 | AD52: 1 | AE52: 1 | AF52: 1.2052731 | AG52: 0.77212806 | AH52: 0.84463277 | AI52: 0.84463277 | AJ52: 0.84463277 | AK52: 0.84463277 | AL52: 0.82391714 | AM52: 0.82391714 | AN52: 0.82391714 | AO52: 0.82391714 | AP52: 0.82391714 | AQ52: 0.82391714 | AR52: 0.82391714 | AS52: 1.0536723 | AT52: 1.0536723 | AU52: 1.0094162 | AV52: 1.0094162 | AW52: 1.0094162 | AX52: 1.0094162 | AY52: 1.0094162 | AZ52: 1.0094162 | BA52: 1.0094162 | BB52: 1.0094162 | BC52: 1.0094162 | BD52: 0.79661017 | BE52: 0.74293785 | BF52: 0.74293785 | BG52: 0.74293785 | BH52: 0.98681733 | BI52: 0.95291902 | BJ52: 0.95291902 | BK52: 0.95291902 | BL52: 0.95291902 | BM52: 0.95291902 | BN52: 0.7259887 | BO52: 0.87288136 | BP52: 0.72410546 | BQ52: 0.79001883 | BR52: 1.0875706 | BS52: 1.0875706 | BT52: 1.0875706 | BU52: 1.0875706 | BV52: 0.66101695 | BW52: 0.66101695 | BX52: 0.66101695 | BY52: 0.66101695 | BZ52: 0.66101695 | CA52: 0.66101695 | CB52: 0.86911488 | CC52: 0.86911488 | CD52: 0.86911488 | CE52: 0.62900188 | CF52: 0.62900188 | CG52: 0.62900188 | CH52: 0.62900188 | CI52: 1.0527307 | CJ52: 1.0527307 | CK52: 1.0527307 | CL52: 0.82956685 | CM52: 0.74670433 | CN52: 0.98305085 | CO52: 0.98305085 | CP52: 0.98305085 | CQ52: 0.98305085 | CR52: 0.98305085 | CS52: 0.98305085 | CT52: 0.98305085 | CU52: 0.98305085 | CV52: 0.98305085 | CW52: 0.98305085 | CX52: 0.98305085 | CY52: 0.98305085
B54: Legend
B55: Parameter | C55: Description
C56: competitive revenues of 2G EtOH in region r∈R for substitution of 1G EtOH
C57: competitive revenues of 2G EtOH in region r∈R for substitution of fossil petrol
C58: revenues of by-products p∈P in region r∈R when substituting references
C59: annual costs (depreciated) of installing a biorefinery with capacity level c∈C
C60: annual costs for personnel of a biorefinery with capacity level c∈C
C61: annual fix costs of operating a biorefinery with capacity level c∈C
C62: variable costs of refining bioethanol at a biorefinery
C63: costs of feedstock f∈F at farms in region r∈R
C64: fixed costs of transporting feedstock with transport mode t∈T
C65: variable costs of transporting feedstock with transport mode t∈T
C66: fixed costs of transporting bioethanol with transport mode t∈T
C67: variable costs of transporting bioethanol with transport mode t∈T
... C70: transport cost factor in region r∈R
B71: Please find a detailed description of all data and parameter values as well as the references in Supporting Information S1.

Sheet Results 1
BE1: Relative importance of midpoint objective values when set in relation with endpoint objective values (calculated using ReCiPe 2016 midpoint to endpoint factors)
B2: Objective function | C2: Tax scenario | D2: Feedstock scenario | E2: Econ. (T1) | F2: Econ. (T2) | G2: Econ. (T3) | H2: Econ. (T4) | I2: Econ. (T5) | J2: E1 | K2: E2 | L2: E3 | M2: M1 | N2: M2 | O2: M3 | P2: M4 | Q2: M5 | R2: M6 | S2: M7 | T2: M8 | U2: M9 | V2: M10 | W2: M11 | X2: M12 | Y2: M13 | Z2: M14 | AA2: M15 | AB2: M16 | AC2: M17 | AD2: M18 | AE2: BRs | AF2: countries | AG2: capacities | AH2: capacity utilization | AI2: from regions | AJ2: from countries | AK2: to region | AL2: to countries | AM2: freight feedstock | AN2: freight product | AO2: Total feedstock | AP2: Collected % | AQ2: share out of region | AR2: Demand S1 | AS2: Demand S2 | AT2: Energy substituted S1 (GJ) | AU2: Energy substituted S2 (GJ) | AV2: Volumes substituted S1 (t) | AW2: Volumes substituted S2 (t) | AX2: Fulfillment S1 | AY2: Fulfillment S2 | AZ2: Volume EtOH [t] | BA2: Volume byp1 [kWh] | BB2: Volume byp2 [m^3] | BC2: Unit costs [€/t] | BE2: M1 | BF2: M1 | BG2: M2 | BH2: M3 | BI2: M4 | BJ2: M5 | BK2: M6 | BL2: M7 | BM2: M8 | BN2: M9 | BO2: M10 | BP2: M11 | BQ2: M12 | BR2: M13 | BS2: M14 | BT2: M15 | BU2: M16 | BV2: M17 | BW2: M18 | BX2: M18 | BY2: abs E1 | BZ2: abs E2 | CA2: abs E3
J3: Human health | K3: Ecosystems | L3: Resources | M3: Global warming | N3: Stratospheric ozone depletion | O3: Ionizing radiation | P3: Ozone formation, Human health | Q3: Fine particulate matter formation | R3: Ozone formation, Terrestrial ecosystems | S3: Terrestrial acidification | T3: Freshwater eutrophication | U3: Marine eutrophication | V3: Terrestrial ecotoxicity | W3: Freshwater ecotoxicity | X3: Marine ecotoxicity | Y3: Human carcinogenic toxicity | Z3: Human non-carcinogenic toxicity | AA3: Land use | AB3: Mineral resource scarcity | AC3: Fossil resource scarcity | AD3: Water consumption | BE3: E1 | BF3: E2 | BG3: E1 | BH3: E1 | BI3: E1 | BJ3: E1 | BK3: E2 | BL3: E2 | BM3: E2 | BN3: E2 | BO3: E2 | BP3: E2 | BQ3: E2 | BR3: E1 | BS3: E1 | BT3: E2 | BU3: E3 | BV3: E3 | BW3: E1 | BX3: E2 | BY3: E1 | BZ3: E2 | CA3: E3
B4: Econ. | C4: 1 | D4: 2018 | E4: 1.2993522e+08 | F4: 1.2993522e+08 | G4: 1.2993522e+08 | H4: 9.3654937e+08 | I4: 2.149972e+09 | J4: 3995.874 | K4: 10.133888 | L4: 8.39857e+08 | M4: 4.8084552e+09 | N4: -17744.723 | O4: 28600627 | P4: -4580364.6 | Q4: 287677.14 | R4: -5490915.3 | S4: 1641841.6 | T4: -361415.91 | U4: -335807.53 | V4: -1.1823151e+10 | W4: -33395000 | X4: -48713088 | Y4: -31957770 | Z4: -2.0698829e+09 | AA4: -2.5121767e+08 | AB4: -8830921.2 | AC4: 1.8117475e+09 | AD4: -31924384 | AE4: 7 | AF4: 5 | AG4: 2750000 | AH4: 1 | AI4: 8 | AJ4: 5 | AK4: 2 | AL4: 1 | AM4: 1.0149406e+09 | AN4: 2.8403064e+09 | AO4: 119327013 | AP4: 0.10424006 | AQ4: 0.0096623792 | AR4: 4964625.7 | AS4: 1.2128926e+08 | AT4: 0 | AU4: 73414557 | AV4: 0 | AW4: 2750000 | AX4: 0 | AY4: 0.022673071 | AZ4: 2750000 | BA4: 10024822 | BB4: 411042.5 | BC4: 964.59913 | BE4: =IFERROR(INDEX($M:$AD,ROW(),MATCH(BE$2,$M$2:$AD$2,0))*INDEX($M$57:$AD$59,MATCH(BE$3,$L$57:$L$59,0),MATCH(BE$2,$M$2:$AD$2,0))/INDEX($BY:$CA,ROW(),MATCH(BE$3,$BY$3:$CA$3,0)),0) -> 0.84099165 | BF4: =IFERROR(INDEX($M:$AD,ROW(),MATCH(BF$2,$M$2:$AD$2,0))*INDEX($M$57:$AD$59,MATCH(BF$3,$L$57:$L$59,0),MATCH(BF$2,$M$2:$AD$2,0))/INDEX($BY:$CA,ROW(),MATCH(BF$3,$BY$3:$CA$3,0)),0) -> 0.7847327 | BG4: =IFERROR(INDEX($M:$AD,ROW(),MATCH(BG$2,$M$2:$AD$2,0))*INDEX($M$57:$AD$59,MATCH(BG$3,$L$57:$L$59,0),MATCH(BG$2,$M$2:$AD$2,0))/INDEX($BY:$CA,ROW(),MATCH(BG$3,$BY$3:$CA$3,0)),0) -> -0.001775832 | BH4: =IFERROR(INDEX($M:$AD,ROW(),MATCH(BH$2,$M$2:$AD$2,0))*INDEX($M$57:$AD$59,MATCH(BH$3,$L$57:$L$59,0),MATCH(BH$2,$M$2:$AD$2,0))/INDEX($BY:$CA,ROW(),MATCH(BH$3,$BY$3:$CA$3,0)),0) -> 4.581763e-05 | BI4: =IFERROR(INDEX($M:$AD,ROW(),MATCH(BI$2,$M$2:$AD$2,0))*INDEX($M$57:$AD$59,MATCH(BI$3,$L$57:$L$59,0),MATCH(BI$2,$M$2:$AD$2,0))/INDEX($BY:$CA,ROW(),MATCH(BI$3,$BY$3:$CA$3,0)),0) -> -0.0007855604 | BJ4: =IFERROR(INDEX($M:$AD,ROW(),MATCH(BJ$2,$M$2:$AD$2,0))*INDEX($M$57:$AD$59,MATCH(BJ$3,$L$57:$L$59,0),MATCH(BJ$2,$M$2:$AD$2,0))/INDEX($BY:$CA,ROW(),MATCH(BJ$3,$BY$3:$CA$3,0)),0) -> 0.034103121 | BK4: =IFERROR(INDEX($M:$AD,ROW(),MATCH(BK$2,$M$2:$AD$2,0))*INDEX($M$57:$AD$59,MATCH(BK$3,$L$57:$L$59,0),MATCH(BK$2,$M$2:$AD$2,0))/INDEX($BY:$CA,ROW(),MATCH(BK$3,$BY$3:$CA$3,0)),0) -> -0.041283902 | BL4: =IFERROR(INDEX($M:$AD,ROW(),MATCH(BL$2,$M$2:$AD$2,0))*INDEX($M$57:$AD$59,MATCH(BL$3,$L$57:$L$59,0),MATCH(BL$2,$M$2:$AD$2,0))/INDEX($BY:$CA,ROW(),MATCH(BL$3,$BY$3:$CA$3,0)),0) -> 0.020286793 | ... BX4: =IFERROR(INDEX($M:$AD,ROW(),MATCH(BX$2,$M$2:$AD$2,0))*INDEX($M$57:$AD$59,MATCH(BX$3,$L$57:$L$59,0),MATCH(BX$2,$M$2:$AD$2,0))/INDEX($BY:$CA,ROW(),MATCH(BX$3,$BY$3:$CA$3,0)),0) -> -1.1238433e-06 | BY4: =SUMPRODUCT($M$57:$AD$57,ABS($M4:$AD4)) -> 5305.9343 | BZ4: =SUMPRODUCT($M$58:$AD$58,ABS($M4:$AD4)) -> 17.157489 | CA4: =SUMPRODUCT($M$59:$AD$59,ABS($M4:$AD4)) -> 8.2922576e+08
B5: Econ. | C5: 2 | D5: 2018 | E5: 1.2993522e+08 | F5: 1.2993522e+08 | G5: 1.2993522e+08 | H5: 9.3654937e+08 | I5: 2.149972e+09 | J5: 3995.874 | K5: 10.133888 | L5: 8.39857e+08 | M5: 4.8084552e+09 | N5: -17744.723 | O5: 28600627 | P5: -4580364.6 | Q5: 287677.14 | R5: -5490915.3 | S5: 1641841.6 | T5: -361415.91 | U5: -335807.53 | V5: -1.1823151e+10 | W5: -33395000 | X5: -48713088 | Y5: -31957770 | Z5: -2.0698829e+09 | AA5: -2.5121767e+08 | AB5: -8830921.2 | AC5: 1.8117475e+09 | AD5: -31924384 | AE5: 7 | AF5: 5 | AG5: 2750000 | AH5: 1 | AI5: 8 | AJ5: 5 | AK5: 2 | AL5: 1 | AM5: 1.0149406e+09 | AN5: 2.8403064e+09 | AO5: 119327013 | AP5: 0.10424006 | AQ5: 0.0096623792 | AR5: 4964625.7 | AS5: 1.2128926e+08 | AT5: 0 | AU5: 73414557 | AV5: 0 | AW5: 2750000 | AX5: 0 | AY5: 0.022673071 | AZ5: 2750000 | BA5: 10024822 | BB5: 411042.5 | BC5: 964.59913 | BE5: =IFERROR(INDEX($M:$AD,ROW(),MATCH(BE$2,$M$2:$AD$2,0))*INDEX($M$57:$AD$59,MATCH(BE$3,$L$57:$L$59,0),MATCH(BE$2,$M$2:$AD$2,0))/INDEX($BY:$CA,ROW(),MATCH(BE$3,$BY$3:$CA$3,0)),0) -> 0.84099165 | BF5: =IFERROR(INDEX($M:$AD,ROW(),MATCH(BF$2,$M$2:$AD$2,0))*INDEX($M$57:$AD$59,MATCH(BF$3,$L$57:$L$59,0),MATCH(BF$2,$M$2:$AD$2,0))/INDEX($BY:$CA,ROW(),MATCH(BF$3,$BY$3:$CA$3,0)),0) -> 0.7847327 | BG5: =IFERROR(INDEX($M:$AD,ROW(),MATCH(BG$2,$M$2:$AD$2,0))*INDEX($M$57:$AD$59,MATCH(BG$3,$L$57:$L$59,0),MATCH(BG$2,$M$2:$AD$2,0))/INDEX($BY:$CA,ROW(),MATCH(BG$3,$BY$3:$CA$3,0)),0) -> -0.001775832 | BH5: =IFERROR(INDEX($M:$AD,ROW(),MATCH(BH$2,$M$2:$AD$2,0))*INDEX($M$57:$AD$59,MATCH(BH$3,$L$57:$L$59,0),MATCH(BH$2,$M$2:$AD$2,0))/INDEX($BY:$CA,ROW(),MATCH(BH$3,$BY$3:$CA$3,0)),0) -> 4.581763e-05 | BI5: =IFERROR(INDEX($M:$AD,ROW(),MATCH(BI$2,$M$2:$AD$2,0))*INDEX($M$57:$AD$59,MATCH(BI$3,$L$57:$L$59,0),MATCH(BI$2,$M$2:$AD$2,0))/INDEX($BY:$CA,ROW(),MATCH(BI$3,$BY$3:$CA$3,0)),0) -> -0.0007855604 | BJ5: =IFERROR(INDEX($M:$AD,ROW(),MATCH(BJ$2,$M$2:$AD$2,0))*INDEX($M$57:$AD$59,MATCH(BJ$3,$L$57:$L$59,0),MATCH(BJ$2,$M$2:$AD$2,0))/INDEX($BY:$CA,ROW(),MATCH(BJ$3,$BY$3:$CA$3,0)),0) -> 0.034103121 | BK5: =IFERROR(INDEX($M:$AD,ROW(),MATCH(BK$2,$M$2:$AD$2,0))*INDEX($M$57:$AD$59,MATCH(BK$3,$L$57:$L$59,0),MATCH(BK$2,$M$2:$AD$2,0))/INDEX($BY:$CA,ROW(),MATCH(BK$3,$BY$3:$CA$3,0)),0) -> -0.041283902 | BL5: =IFERROR(INDEX($M:$AD,ROW(),MATCH(BL$2,$M$2:$AD$2,0))*INDEX($M$57:$AD$59,MATCH(BL$3,$L$57:$L$59,0),MATCH(BL$2,$M$2:$AD$2,0))/INDEX($BY:$CA,ROW(),MATCH(BL$3,$BY$3:$CA$3,0)),0) -> 0.020286793 | ... BX5: =IFERROR(INDEX($M:$AD,ROW(),MATCH(BX$2,$M$2:$AD$2,0))*INDEX($M$57:$AD$59,MATCH(BX$3,$L$57:$L$59,0),MATCH(BX$2,$M$2:$AD$2,0))/INDEX($BY:$CA,ROW(),MATCH(BX$3,$BY$3:$CA$3,0)),0) -> -1.1238433e-06 | BY5: =SUMPRODUCT($M$57:$AD$57,ABS($M5:$AD5)) -> 5305.9343 | BZ5: =SUMPRODUCT($M$58:$AD$58,ABS($M5:$AD5)) -> 17.157489 | CA5: =SUMPRODUCT($M$59:$AD$59,ABS($M5:$AD5)) -> 8.2922576e+08
B6: Econ. | C6: 3 | D6: 2018 | E6: -5.8676686e+09 | F6: -2.397387e+09 | G6: 1.1025301e+09 | H6: -4.7682789e+09 | I6: 2.3777542e+09 | J6: 15595.921 | K6: 39.46685 | L6: 3.3773892e+09 | M6: 1.9213455e+10 | N6: -75036.417 | O6: 1.1587579e+08 | P6: -19183063 | Q6: 789106.21 | R6: -22923294 | S6: 5664443.4 | T6: -1553013 | U6: -1398487 | V6: -5.3050135e+10 | W6: -1.4325297e+08 | X6: -2.1049726e+08 | Y6: -1.358578e+08 | Z6: -8.7310635e+09 | AA6: -1.0603785e+09 | AB6: -36406061 | AC6: 7.2715083e+09 | AD6: -1.3442496e+08 | AE6: 24 | AF6: 12 | AG6: 11225000 | AH6: 1 | AI6: 32 | AJ6: 14 | AK6: 10 | AL6: 5 | AM6: 4.7761953e+09 | AN6: 1.0808191e+10 | AO6: 119327013 | AP6: 0.42548897 | AQ6: 0.12907324 | AR6: 4964625.7 | AS6: 1.2128926e+08 | AT6: 0 | AU6: 2.9966487e+08 | AV6: 0 | AW6: 11225000 | AX6: 0 | AY6: 0.092547352 | AZ6: 11225000 | BA6: 40919500 | BB6: 1677800.8 | BC6: 993.96532 | BE6: =IFERROR(INDEX($M:$AD,ROW(),MATCH(BE$2,$M$2:$AD$2,0))*INDEX($M$57:$AD$59,MATCH(BE$3,$L$57:$L$59,0),MATCH(BE$2,$M$2:$AD$2,0))/INDEX($BY:$CA,ROW(),MATCH(BE$3,$BY$3:$CA$3,0)),0) -> 0.8440328 | BF6: =IFERROR(INDEX($M:$AD,ROW(),MATCH(BF$2,$M$2:$AD$2,0))*INDEX($M$57:$AD$59,MATCH(BF$3,$L$57:$L$59,0),MATCH(BF$2,$M$2:$AD$2,0))/INDEX($BY:$CA,ROW(),MATCH(BF$3,$BY$3:$CA$3,0)),0) -> 0.77807 | BG6: =IFERROR(INDEX($M:$AD,ROW(),MATCH(BG$2,$M$2:$AD$2,0))*INDEX($M$57:$AD$59,MATCH(BG$3,$L$57:$L$59,0),MATCH(BG$2,$M$2:$AD$2,0))/INDEX($BY:$CA,ROW(),MATCH(BG$3,$BY$3:$CA$3,0)),0) -> -0.0018861337 | BH6: =IFERROR(INDEX($M:$AD,ROW(),MATCH(BH$2,$M$2:$AD$2,0))*INDEX($M$57:$AD$59,MATCH(BH$3,$L$57:$L$59,0),MATCH(BH$2,$M$2:$AD$2,0))/INDEX($BY:$CA,ROW(),MATCH(BH$3,$BY$3:$CA$3,0)),0) -> 4.6624857e-05 | BI6: =IFERROR(INDEX($M:$AD,ROW(),MATCH(BI$2,$M$2:$AD$2,0))*INDEX($M$57:$AD$59,MATCH(BI$3,$L$57:$L$59,0),MATCH(BI$2,$M$2:$AD$2,0))/INDEX($BY:$CA,ROW(),MATCH(BI$3,$BY$3:$CA$3,0)),0) -> -0.00082635223 | BJ6: =IFERROR(INDEX($M:$AD,ROW(),MATCH(BJ$2,$M$2:$AD$2,0))*INDEX($M$57:$AD$59,MATCH(BJ$3,$L$57:$L$59,0),MATCH(BJ$2,$M$2:$AD$2,0))/INDEX($BY:$CA,ROW(),MATCH(BJ$3,$BY$3:$CA$3,0)),0) -> 0.023495894 | BK6: =IFERROR(INDEX($M:$AD,ROW(),MATCH(BK$2,$M$2:$AD$2,0))*INDEX($M$57:$AD$59,MATCH(BK$3,$L$57:$L$59,0),MATCH(BK$2,$M$2:$AD$2,0))/INDEX($BY:$CA,ROW(),MATCH(BK$3,$BY$3:$CA$3,0)),0) -> -0.042767123 | BL6: =IFERROR(INDEX($M:$AD,ROW(),MATCH(BL$2,$M$2:$AD$2,0))*INDEX($M$57:$AD$59,MATCH(BL$3,$L$57:$L$59,0),MATCH(BL$2,$M$2:$AD$2,0))/INDEX($BY:$CA,ROW(),MATCH(BL$3,$BY$3:$CA$3,0)),0) -> 0.017367464 | ... BX6: =IFERROR(INDEX($M:$AD,ROW(),MATCH(BX$2,$M$2:$AD$2,0))*INDEX($M$57:$AD$59,MATCH(BX$3,$L$57:$L$59,0),MATCH(BX$2,$M$2:$AD$2,0))/INDEX($BY:$CA,ROW(),MATCH(BX$3,$BY$3:$CA$3,0)),0) -> -1.1742489e-06 | BY6: =SUMPRODUCT($M$57:$AD$57,ABS($M6:$AD6)) -> 21124.874 | BZ6: =SUMPRODUCT($M$58:$AD$58,ABS($M6:$AD6)) -> 69.144351 | CA6: =SUMPRODUCT($M$59:$AD$59,ABS($M6:$AD6)) -> 3.3283475e+09
